Workbook
Name CALIFICACIONPROP: SMMLV!$F$2:$F$5
Name CMEM1: PARÁMETROS!$G$5
Name CMEM2: PARÁMETROS!$G$6
Name CMEMM1: PARÁMETROS!$K$5
Name CMEMM2: PARÁMETROS!$K$6
Name CMLM1: PARÁMETROS!$I$5
Name CMLM2: PARÁMETROS!$I$6
Name METPONDERACION: SMMLV!$H$2:$H$6
Name NOMPROC: PARÁMETROS!$B$5
Name PDMI: PARÁMETROS!$M$5
Name PDMII: PARÁMETROS!$M$6
Name VALIDACION: SMMLV!$D$2:$D$3

Sheet PARÁMETROS
A1: Proyecto | B1: Concurso | C1: Presupuesto Oficial | D1: Año | E1: Presupuesto Oficial (SMMLV) | F1: Parámetros | P1: Fecha de cierre según Adendas | Q1: Fecha de cierre según Secop II | R1: Fecha de Adjudicación
F2: Experiencia | L2: Discapacidad | N2: Desempate
F3: Sumatoria Experiencia | H3: Exp. Min, al menos uno de los integrantes de la figura asociativa acreditará mínimo el 51% de la experiencia solicitada. | J3: Exp. Min por contrato
F4: Porcentaje Requerido P.O. | G4: Valor | H4: Porcentaje Requerido P.O. | I4: Valor | J4: Porcentaje Requerido P.O. | K4: Valor | L4: Criterio | M4: Valor | N4: Criterio | O4: Valor
A5: INTERVENTORÍA INTEGRAL QUE INCLUYE, PERO NO SE LIMITA A: LA INTERVENTORÍA TÉCNICA, ECONÓMICA, FINANCIERA, CONTABLE, JURÍDICA, SOCIAL, PREDIAL, AMBIENTAL, DE REDES, ADMINISTRATIVA, DE SEGUROS, RIESGOS, OPERATIVA, MANTENIMIENTO, ADMINISTRATIVA DE AFORO Y RECAUDO, DE GESTIÓN DE CALIDAD, GESTIÓN DE ARCHIVO DOCUMENTAL Y GESTIÓN DE SEGUIMIENTO DEL CONTRATO DE CONCESIÓN BAJO UN ESQUEMA DE ASOCIACIÓN PÚBLICO PRIVADA QUE SE DERIVE DEL PROCESO LICITATORIO No. VJ-VE-APP-IPB-001-2024 CUYO OBJETO CORRESPONDE A LA FINANCIACIÓN, ELABORACIÓN DE ESTUDIOS Y DISEÑOS DEFINITIVOS, GESTIÓN AMBIENTAL, GESTIÓN PREDIAL, GESTIÓN SOCIAL, CONSTRUCCIÓN, REHABILITACIÓN, MEJORAMIENTO, OPERACIÓN Y MANTENIMIENTO DEL CORREDOR “EL ESTANQUILLO - POPAYÁN”, DE ACUERDO CON EL ALCANCE DESCRITO EN LA PARTE ESPECIAL, EL APÉNDICE TÉCNICO 1 Y DEMÁS APÉNDICES DEL CONTRATO | B5: VJ-VEJ-CM-002-2026 | C5: 69477143896 | D5: 2026 | E5: =IF(OR(C5="",D5=""),"",C5/1750905) -> 39680.704 | F5: 1 | G5: =IF(OR(E5="",F5=""),"",E5*F5) -> 39680.704 | H5: 0.51 | I5: =IF(OR(G5="",H5=""),"",G5*H5) -> 20237.159 | J5: 0.1 | K5: 3968.07 | L5: =IF(F5="","",F5*0.4) -> 0.4 | M5: =IF(OR(E5="",L5=""),"",E5*L5) -> 15872.282 | N5: =IF(F5="","",F5*0.25) -> 0.25 | O5: =IF(OR(E5="",N5=""),"",E5*N5) -> 9920.1761 | P5: 46090 | Q5: 46090
E6: =IF(OR(C6="",D6=""),"",C6/VLOOKUP(D6,SMMLV!$A$2:$B$101,2,FALSE)) | G6: =IF(OR(E6="",F6=""),"",E6*F6) | I6: =IF(OR(G6="",H6=""),"",G6*H6) | K6: =IF(OR(E6="",J6=""),"",E6*J6) | L6: =IF(F6="","",F6*0.4) | M6: =IF(OR(E6="",L6=""),"",E6*L6) | N6: =IF(F6="","",F6*0.25) | O6: =IF(OR(E6="",N6=""),"",E6*N6)

Sheet EXPERIENCIA 
B1: IDN1 | C1: IDN2 | D1: INTEGRANTE | E1: VERIFICACIÓN AL MENOS UNO DE LOS INTEGRANTES ACREDITA EL 51% DE EXPERIENCIA (SI / NO / N/A) | F1: ENTIDAD CONTRATANTE | G1: PAÍS DE EJECUCIÓN | H1: No. CONTRATO | I1: OBJETO DEL CONTRATO | J1: ¿CONTRATO VÁLIDO PARA ACREDITAR EXPERIENCIA? (SI/NO) | K1: a) Un (1) contrato debe ser de interventoría de proyectos que incluyen dentro de su objeto o alcance la construcción y/o mejoramiento y/o rehabilitación y/o reconstrucción y/o ampliación de obras de Infraestructura de Transporte Vial. NOTA GENERAL: No serán validos los contratos cuyo alcance y/o actividades sean única y exclusivamente de interventoría de mantenimiento de proyectos de infraestructura de transporte. | L1: b) Un (1) contrato debe ser de interventoría de una concesión de un proyecto de infraestructura de transporte celebrado y ejecutado en Colombia y que incluya por lo menos dentro de su objeto y/o alcance de interventoría técnica y financiera, y/o técnica y social, y/o técnica y ambiental del proyecto, el cual deberá acreditar como mínimo la construcción y/o mejoramiento y/o rehabilitación y/o reconstrucción de obras de infraestructura de transporte. En todo caso, si el respectivo contrato adicionalmente acredita fase de preconstrucción y/o etapa de operación y mantenimiento se tendrá en cuenta el valor total del contrato aportado. NOTA GENERAL: No serán validos los contratos cuyo alcance y/o actividades sean única y exclusivamente de interventoría de mantenimiento de proyectos de infraestructura de transporte. | M1: c) Los contratos restantes por acreditar deberán ser de interventoría de proyectos que incluyen dentro de su objeto o alcance la construcción y/o mejoramiento y/o rehabilitación y/o reconstrucción y/o ampliación de obras de Infraestructura de Transporte: Vial, Puertos, Aeropuertos o infraestructura Férrea de pasajeros o de carga, urbano o interurbano. NOTA GENERAL: No serán validos los contratos cuyo alcance y/o actividades sean única y exclusivamente de interventoría de mantenimiento de proyectos de infraestructura de transporte. | N1: FORM COND 1 | O1: FORM COND 2 | P1: FORM COND 3 | Q1: VIGENCIA DEL CONTRATO: N/A | R1: PORCENTAJE DE PARTICIPACIÓN | S1: Fecha de inicio del contrato | T1: Fecha de terminación del contrato | U1: Año de Finalización / última facturación | V1: SMMLV Finalización / última facturación | W1: Valor del contrato incluido IVA (Proponente no obligado a RUP - N/A si el contrato se encuentra inscrito en el RUP) | X1: MONEDA | Y1: Nº CONSECUTIVO DEL RUP / MATRIZ / EJECUCIÓN | Z1: ¿EL CONTRATO SE ENCUENTRA INSCRITO EN ALGUNOS DE LOS SIGUIENTES CÓDIGOS UNSPSC? | AC1: ACTIVIDADES RUP, FORMATO, MATRIZ | AD1: Valor del contrato en Pesos incluido IVA (Contratos en ejecución / Proponente no obligado a RUP) | AE1: VALOR DEL CONTRATO EN SMMLV | AF1: SMMLV DEL CONTRATO PONDERADO | AG1: SUMATORIA EXPERIENCIA ACREDITADA | AH1: EXPERIENCIA MÍNIMA AL MENOS UNO DE LOS INTEGRANTES ACREDITA EL 51% DE LA EXPERIENCIA SOLICITADA | AI1: EXPERIENCIA MÍNIMA REQUERIDA POR CONTRATO | AJ1: ¿EN CASO DE FIGURA ASOCIATIVA, CADA UNO DE LOS INTEGRANTES CUMPLE CON LO ESTABLECIDO DENTRO DE LA NOTA GENERAL 6 DEL NUMERAL 3.4.1.? | AK1: ¿LOS CONTRATOS APORTADOS CUMPLEN CON LO ESTABLECIDO EN LAS VIÑETAS a) Y b) DEL NUMERAL 3.4.1. | AL1: CALIFICACIÓN HABILITANTE | AM1: NÚMERO TOTAL MAXIMO DE CONTRATOS ADICIONALES POR CRITERIO DIFERENCIAL | AN1: ¿EL CONTRATO FUE OBJETO DE SUBSANE? | AO1: ¿CON LOS CONTRATOS APORTADOS QUE NO FUERON OBJETO DE SUBSANE SE DA CUMPLIMIENTO FRENTE A LA EXPERIENCIA MÍNIMA REQUERIDA | AP1: ¿CONTRATO VÁLIDO PARA EFECTOS DE DETERMINACIÓN DEL PROMEDIO? | AQ1: NÚMERO DE CONTRATOS VÁLIDOS QUE NO FUERON OBJETO DE SUBSANE (APLICA PARA PROPONENTES QUE DIERON CUMPLIMIENTO FRENTE A LA EXPERIENCIA MÍNIMA REQUERIDA) | AR1: SUMATORIA EN SMMLV DE LOS CONTRATOS VÁLIDOS APORTADOS QUE NO FUERON OBJETO DE SUBSANE | AS1: PROMEDIO EN SMMLV DE LOS CONTRATOS VÁLIDOS APORTADOS QUE NO FUERON OBJETO DE SUBSANE | AT1: NOTAS | AU1: OBSERVACIONES GENERALES AL PROPONENTE | AV1: SOLICITUDES | AW1: SUBSANE PRESENTADO | AX1: RESPUESTA DE LA AGENCIA
Z2: Segmento 80 81 81 | AA2: Familia 10 10 10 | AB2: Clase 16 15 22 | CB2: COND 1 | CD2: COND 2 | CL2: COND 3 | CQ2: COND 4
A3: ="A"&B3 -> AP01 | B3: P01 | C3: P01-01 | D3: =+IFERROR(INDEX('DESEMPATE Y DISCAPACIDAD'!$D$3:$D$450,MATCH(C3,'DESEMPATE Y DISCAPACIDAD'!$C$3:$C$450,0)),"") -> TNM INGENIERIA S.A.S. | E3: =IFERROR(IF(D3="","",IF(VLOOKUP(D3,'DESEMPATE Y DISCAPACIDAD'!D$3:$E$450,2,FALSE)=1,"N/A",IF(VLOOKUP(D3,'DESEMPATE Y DISCAPACIDAD'!D$3:$F$450,3,FALSE)="X","SI","NO"))),"") -> NO | F3: ISRAEL RAILWAYS LTD | G3: ISRAEL | H3: - | I3: SUPERVISIÓN Y CONTROL DE CALIDAD EN EL ÁREA DE LAS OBRAS DE INGENIERÍA CIVIL, COMO PARTE DEL PROYECTO "LÍNEA RÁPIDA A1", DE TEL AVIV A JERUSALÉN, INCLUYENDO LA EXCAVACIÓN DE TÚNELES, CONSTRUCCIÓN Y EDIFICACIÓN DE PUENTES. | J3: SI | K3: SI | L3: NO | M3: SI | N3: =IFERROR(IF(OR(J3="",K3=""),"",IF(J3="NO","NO",K3)),"") -> SI | O3: =IFERROR(IF(OR(J3="",L3=""),"",IF(J3="NO","NO",L3)),"") -> NO | P3: =IFERROR(IF(OR(J3="",M3=""),"",IF(J3="NO","NO",M3)),"") -> SI | Q3: =IFERROR(IF(S3="","",IF(S3>=DATE(1900,1,1),"SI","NO")),"") -> SI | R3: 1 | S3: 40179 | T3: 42277 | U3: =IFERROR(IF(T3="","",YEAR(T3)),"") -> 2015 | V3: =IF(U3=2023,1160000,IFERROR(INDEX(SMMLV!$B$2:$B$101,MATCH(U3,SMMLV!$A$2:$A$101,0)),"")) -> 644350 | W3: N/A | X3: COP | Y3: 146 | Z3: SI | AC3: =IFERROR(IF(Y3="","",IF(ISNUMBER(Y3),IF(COUNTIF(Z3,"SI")>0,"SI","NO"),Y3)),"") -> SI | AD3: =IF(W3="","",IF(W3="N/A","N/A",W3)) -> N/A | AE3: 24514.21 | AF3: =IFERROR(IF(OR(J3="",J3="NO"),"",IF(AND(J3="SI",Q3="SI"),IFERROR(AE3*R3,""),"")),"") -> 24514.21 | AG3: =IFERROR(IF(COUNTIF(AF3:AF12,"")=10,"",IF(COUNTIF(E3:E12,"N/A")>0,IF(SUM(CB3:CB12)>=CMEM1,"CUMPLE","NO CUMPLE"),IF(SUM(AF3:AF12)>=CMEM1,"CUMPLE","NO CUMPLE"))),"") -> CUMPLE | AH3: =IF(COUNTIF(AF3:AF12,"")=10,"",IF(SUMIF(C3:C12,C3,AF3:AF12)>=CMLM1,"CUMPLE",IF(SUMIF(C3:C12,C4,AF3:AF12)>=CMLM1,"CUMPLE",IF(SUMIF(C3:C12,C5,AF3:AF12)>=CMLM1,"CUMPLE",IF(SUMIF(C3:C12,C6,AF3:AF12)>=CMLM1,"CUMPLE",IF(SUMIF(C3:C12,C7,AF3:AF12)>=CMLM1,"CUMPLE",IF(SUMIF(C3:C12,C8,AF3:AF12)>=CMLM1,"CUMPLE",IF(SUMIF(C3:C12,C9,AF3:AF12)>=CMLM1,"CUMPLE",IF(SUMIF(C3:C12,C10,AF3:AF12)>=CMLM1,"CUMPLE",IF(SUMIF(C3:C12,C11,AF3:AF12)>=CMLM1,"CUMPLE",IF(SUMIF(C3:C12,C12,AF3:AF12)>=CMLM1,"CUMPLE","NO CUMPLE"))))))))))) -> CUMPLE | AI3: =IFERROR(IF(AF3="","",IF(AF3>=CMEMM1,"CUMPLE","NO CUMPLE")),"") -> CUMPLE | AJ3: =IFERROR(IF(COUNTIF(AF3:AF12,"")=10,"",IF(COUNTIF(E3:E12,"N/A")>0,"N/A",CJ3)),"") -> CUMPLE | AK3: =IFERROR(IF(AND(COUNTIF(N3:N12,"SI")>=1,COUNTIF(O3:O12,"SI")>=1,COUNTIF(P3:P12,"SI")>=1,COUNTIF(J3:J12,"SI")<=10,CO3="CUMPLE"),"CUMPLE","NO CUMPLE"),"") -> CUMPLE | AL3: HÁBIL | AM3: =IFERROR(IF(B3<>"",IF(VLOOKUP(B3,'DESEMPATE Y DISCAPACIDAD'!$A$3:$Q$450,10,FALSE)="","",VLOOKUP(B3,'DESEMPATE Y DISCAPACIDAD'!$A$3:$Q$450,10,FALSE)+6),""),"") -> 8 | AN3: NO | AO3: SI | AP3: SI | AQ3: =IFERROR(IF(COUNTIF(AP3:AP12,"")=10,"",IF(AO3="NO",0,COUNTIF(AP3:AP12,"SI"))),"") -> 5 | AR3: =IFERROR(IF(COUNTIF(AF3:AF12,"")=10,"",IF(AO3="NO",0,IF(COUNTIF(E3:E12,"N/A")>0,SUM(CQ3:CQ12),SUM(CR3:CR12)))),"") -> 72438.022 | AS3: =IFERROR(IF(OR(COUNTIF(AF3:AF12,"")=10,AQ3="",AR3=""),"",IF(AO3="NO",0,AR3/AQ3)),"") -> 14487.604 | AU3: El proponente aporta 5 contratos válidos para acreditar experiencia según lo solicitado en el Anexo de generalidades al Pliego de Condiciones, con lo cual el proponente recibe la calificación en los aspectos técnicos de HÁBIL. | AV3: No aplica solicitud de subsane y/o aclaración | AW3: No aplica solicitud de subsane y/o aclaración | AX3: No aplica solicitud de subsane y/o aclaración | CB3: =IFERROR(IF(COUNTIF(AF3:AF12,"")=10,"",IF(COUNTIF(E3:E12,"N/A")>0,IF(AF3>=CMEMM1,AF3,0),"N/A")),"") -> N/A | CD3: =IFERROR(IF(COUNTIF(AF3:AF12,"")=10,"",IF(AF3="","",IF(AF3>=CMEMM1,1,0))),"") -> 1 | CE3: =B3&"-0"&1 -> P01-01 | CF3: =IFERROR(INDEX('DESEMPATE Y DISCAPACIDAD'!$D$3:$D$450,MATCH(CE3,'DESEMPATE Y DISCAPACIDAD'!$C$3:$C$450,0)),"") -> TNM INGENIERIA S.A.S. | CG3: =IF(OR(CE3="",CF3=""),"",SUMIF(D3:D12,CF3,CD3:CD12)) -> 3 | CH3: =IF(OR(CE3="",CF3="",CG3=""),"",IF(CG3>0,"CUMPLE","NO CUMPLE")) -> CUMPLE | CI3: =IF(CF3="","",IF(ISTEXT(CF3),1,0)) -> 1 | CJ3: =IF(OR(CD3="",CE3="",CF3="",CG3="",CH3="",CI3=""),"",IF(COUNTIF(CH3:CH12,"CUMPLE")=COUNTIF(CI3:CI12,1),"CUMPLE","NO CUMPLE")) -> CUMPLE | CL3: =IF(N3="","",IF(N3="SI",1,0)) -> 1 | CM3: =IF(O3="","",IF(O3="SI",1,0)) -> 0 | CN3: =IF(OR(CL3="",CM3=""),"",IF(AND(CL3=0,CM3=0),"N/A",IF(AND(CL3=1,CM3=0),"COND. A",IF(AND(CL3=0,CM3=1),"COND. B",IF(AND(CL3=1,CM3=1),"COND. A Y B",""))))) -> COND. A | CO3: =IF(COUNTIF(CN3:CN12,"N/A")=10,"NO CUMPLE",IF(COUNTIF(CN3:CN12,"COND. A Y B")>1,"CUMPLE",IF(AND(COUNTIF(CN3:CN12,"COND. A")>0,COUNTIF(CN3:CN12,"COND. B")>0),"CUMPLE",IF(AND(COUNTIF(CN3:CN12,"COND. A Y B")>0,COUNTIF(CN3:CN12,"COND. A")>0),"CUMPLE",IF(AND(COUNTIF(CN3:CN12,"COND. A Y B")>0,COUNTIF(CN3:CN12,"COND. B")>0),"CUMPLE","NO CUMPLE"))))) -> CUMPLE | CQ3: =IF(OR(AN3="",CB3=""),"",IF(AN3="NO",CB3,0)) -> N/A | CR3: =IF(OR(AN3="",AF3=""),"",IF(AN3="NO",AF3,0)) -> 24514.21
C4: P01-01 | D4: =+IFERROR(INDEX('DESEMPATE Y DISCAPACIDAD'!$D$3:$D$450,MATCH(C4,'DESEMPATE Y DISCAPACIDAD'!$C$3:$C$450,0)),"") -> TNM INGENIERIA S.A.S. | E4: =IFERROR(IF(D4="","",IF(VLOOKUP(D4,'DESEMPATE Y DISCAPACIDAD'!D$3:$E$450,2,FALSE)=1,"N/A",IF(VLOOKUP(D4,'DESEMPATE Y DISCAPACIDAD'!D$3:$F$450,3,FALSE)="X","SI","NO"))),"") -> NO | F4: INSTITUTO NACIONAL DE VIAS - INVIAS | G4: COLOMBIA | H4: 1569 de 2009 | I4: INTERVENTORÍA TÉCNICA, LEGAL, FINANCIERA, ADMINISTRATIVA, AMBIENTAL, PREDIAL Y SOCIAL DEL PROYECTO: “ESTUDIOS Y DISEÑOS, GESTIÓN SOCIAL, PREDIAL, AMBIENTAL Y MEJORAMIENTO DEL PROYECTO CORREDOR DEL SUR Y MARGINAL DE LA SELVA" | J4: SI | K4: SI | L4: NO | M4: NO | N4: =IFERROR(IF(OR(J4="",K4=""),"",IF(J4="NO","NO",K4)),"") -> SI | O4: =IFERROR(IF(OR(J4="",L4=""),"",IF(J4="NO","NO",L4)),"") -> NO | P4: =IFERROR(IF(OR(J4="",M4=""),"",IF(J4="NO","NO",M4)),"") -> NO | Q4: =IFERROR(IF(S4="","",IF(S4>=DATE(1900,1,1),"SI","NO")),"") -> SI | R4: 0.6 | S4: 40079 | T4: 42094 | U4: =IFERROR(IF(T4="","",YEAR(T4)),"") -> 2015 | V4: =IF(U4=2023,1160000,IFERROR(INDEX(SMMLV!$B$2:$B$101,MATCH(U4,SMMLV!$A$2:$A$101,0)),"")) -> 644350 | W4: N/A | X4: COP | Y4: 98 | Z4: SI | AC4: =IFERROR(IF(Y4="","",IF(ISNUMBER(Y4),IF(COUNTIF(Z4,"SI")>0,"SI","NO"),Y4)),"") -> SI | AD4: =IF(W4="","",IF(W4="N/A","N/A",W4)) -> N/A | AE4: 21741.25 | AF4: =IFERROR(IF(OR(J4="",J4="NO"),"",IF(AND(J4="SI",Q4="SI"),IFERROR(AE4*R4,""),"")),"") -> 13044.75 | AI4: =IFERROR(IF(AF4="","",IF(AF4>=CMEMM1,"CUMPLE","NO CUMPLE")),"") -> CUMPLE | AN4: NO | AP4: SI | CB4: =IFERROR(IF(COUNTIF(AF3:AF12,"")=10,"",IF(COUNTIF(E3:E12,"N/A")>0,IF(AF4>=CMEMM1,AF4,0),"N/A")),"") -> N/A | CD4: =IFERROR(IF(COUNTIF(AF3:AF12,"")=10,"",IF(AF4="","",IF(AF4>=CMEMM1,1,0))),"") -> 1 | CE4: =B3&"-0"&2 -> P01-02 | CF4: =IFERROR(INDEX('DESEMPATE Y DISCAPACIDAD'!$D$3:$D$450,MATCH(CE4,'DESEMPATE Y DISCAPACIDAD'!$C$3:$C$450,0)),"") -> CEMOSA INGENIERIA Y CONTROL SAS | CG4: =IF(OR(CE4="",CF4=""),"",SUMIF(D3:D12,CF4,CD3:CD12)) -> 1 | CH4: =IF(OR(CE4="",CF4="",CG4=""),"",IF(CG4>0,"CUMPLE","NO CUMPLE")) -> CUMPLE | CI4: =IF(CF4="","",IF(ISTEXT(CF4),1,0)) -> 1 | CL4: =IF(N4="","",IF(N4="SI",1,0)) -> 1 | CM4: =IF(O4="","",IF(O4="SI",1,0)) -> 0 | CN4: =IF(OR(CL4="",CM4=""),"",IF(AND(CL4=0,CM4=0),"N/A",IF(AND(CL4=1,CM4=0),"COND. A",IF(AND(CL4=0,CM4=1),"COND. B",IF(AND(CL4=1,CM4=1),"COND. A Y B",""))))) -> COND. A | CQ4: =IF(OR(AN4="",CB4=""),"",IF(AN4="NO",CB4,0)) -> N/A | CR4: =IF(OR(AN4="",AF4=""),"",IF(AN4="NO",AF4,0)) -> 13044.75
C5: P01-01 | D5: =+IFERROR(INDEX('DESEMPATE Y DISCAPACIDAD'!$D$3:$D$450,MATCH(C5,'DESEMPATE Y DISCAPACIDAD'!$C$3:$C$450,0)),"") -> TNM INGENIERIA S.A.S. | E5: =IFERROR(IF(D5="","",IF(VLOOKUP(D5,'DESEMPATE Y DISCAPACIDAD'!D$3:$E$450,2,FALSE)=1,"N/A",IF(VLOOKUP(D5,'DESEMPATE Y DISCAPACIDAD'!D$3:$F$450,3,FALSE)="X","SI","NO"))),"") -> NO | F5: AGENCIA NACIONAL DE INFRAESTRUCTURA - ANI | G5: COLOMBIA | H5: 094 de 2012 | I5: INTERVENTORÍA INTEGRAL DEL CONTRATO DE CONCESIÓN, QUE INCLUYE PERO NO SE LIMITA A LA INTERVENTORÍA TÉCNICA, FINANCIERA, OPERATIVA, CONTABLE, JURÍDICA, MEDIOAMBIENTAL, SOCIO-PREDIAL, ADMINISTRATIVA, DEL CONTRATO DE CONCESIÓN NO. 275 Y DEMÁS DOCUMENTOS QUE LO MODIFIQUEN, ADICIONEN O COMPLEMENTEN, PARA LA CONCESIÓN DESARROLLO VIAL DEL ORIENTE DE MEDELLÍN, VALLE DEL RIONEGRO Y CONEXIÓN A PUERTO TRIUNFO - DEVIMED | J5: SI | K5: SI | L5: SI | M5: NO | N5: =IFERROR(IF(OR(J5="",K5=""),"",IF(J5="NO","NO",K5)),"") -> SI | O5: =IFERROR(IF(OR(J5="",L5=""),"",IF(J5="NO","NO",L5)),"") -> SI | P5: =IFERROR(IF(OR(J5="",M5=""),"",IF(J5="NO","NO",M5)),"") -> NO | Q5: =IFERROR(IF(S5="","",IF(S5>=DATE(1900,1,1),"SI","NO")),"") -> SI | R5: 0.68 | S5: 41191 | T5: 43077 | U5: =IFERROR(IF(T5="","",YEAR(T5)),"") -> 2017 | V5: =IF(U5=2023,1160000,IFERROR(INDEX(SMMLV!$B$2:$B$101,MATCH(U5,SMMLV!$A$2:$A$101,0)),"")) -> 737717 | W5: N/A | X5: COP | Y5: 155 | Z5: SI | AC5: =IFERROR(IF(Y5="","",IF(ISNUMBER(Y5),IF(COUNTIF(Z5,"SI")>0,"SI","NO"),Y5)),"") -> SI | AD5: =IF(W5="","",IF(W5="N/A","N/A",W5)) -> N/A | AE5: 6530.93 | AF5: =IFERROR(IF(OR(J5="",J5="NO"),"",IF(AND(J5="SI",Q5="SI"),IFERROR(AE5*R5,""),"")),"") -> 4441.0324 | AI5: =IFERROR(IF(AF5="","",IF(AF5>=CMEMM1,"CUMPLE","NO CUMPLE")),"") -> CUMPLE | AN5: NO | AP5: SI | CB5: =IFERROR(IF(COUNTIF(AF3:AF12,"")=10,"",IF(COUNTIF(E3:E12,"N/A")>0,IF(AF5>=CMEMM1,AF5,0),"N/A")),"") -> N/A | CD5: =IFERROR(IF(COUNTIF(AF3:AF12,"")=10,"",IF(AF5="","",IF(AF5>=CMEMM1,1,0))),"") -> 1 | CE5: =B3&"-0"&3 -> P01-03 | CF5: =IFERROR(INDEX('DESEMPATE Y DISCAPACIDAD'!$D$3:$D$450,MATCH(CE5,'DESEMPATE Y DISCAPACIDAD'!$C$3:$C$450,0)),"") -> CEMOSA COLOMBIA | CG5: =IF(OR(CE5="",CF5=""),"",SUMIF(D3:D12,CF5,CD3:CD12)) -> 1 | CH5: =IF(OR(CE5="",CF5="",CG5=""),"",IF(CG5>0,"CUMPLE","NO CUMPLE")) -> CUMPLE | CI5: =IF(CF5="","",IF(ISTEXT(CF5),1,0)) -> 1 | CL5: =IF(N5="","",IF(N5="SI",1,0)) -> 1 | CM5: =IF(O5="","",IF(O5="SI",1,0)) -> 1 | CN5: =IF(OR(CL5="",CM5=""),"",IF(AND(CL5=0,CM5=0),"N/A",IF(AND(CL5=1,CM5=0),"COND. A",IF(AND(CL5=0,CM5=1),"COND. B",IF(AND(CL5=1,CM5=1),"COND. A Y B",""))))) -> COND. A Y B | CQ5: =IF(OR(AN5="",CB5=""),"",IF(AN5="NO",CB5,0)) -> N/A | CR5: =IF(OR(AN5="",AF5=""),"",IF(AN5="NO",AF5,0)) -> 4441.0324
C6: P01-02 | D6: =+IFERROR(INDEX('DESEMPATE Y DISCAPACIDAD'!$D$3:$D$450,MATCH(C6,'DESEMPATE Y DISCAPACIDAD'!$C$3:$C$450,0)),"") -> CEMOSA INGENIERIA Y CONTROL SAS | E6: =IFERROR(IF(D6="","",IF(VLOOKUP(D6,'DESEMPATE Y DISCAPACIDAD'!D$3:$E$450,2,FALSE)=1,"N/A",IF(VLOOKUP(D6,'DESEMPATE Y DISCAPACIDAD'!D$3:$F$450,3,FALSE)="X","SI","NO"))),"") -> NO | F6: MINISTERIO DE FOMENTO. DIRECCION GENERAL DE CARRETERAS | G6: ESPAÑA | H6: - | I6: CONTROL Y VIGILANCIA DE LAS OBRAS “AUTOVÍA DEL MEDITERRÁNEO. CN-340 DE CÁDIZ Y GIBRALTAR A BARCELONA. TRAMO: RONDA ESTE DE MÁLAGA – RINCÓN DE LA VICTORIA.” | J6: SI | K6: SI | L6: NO | M6: NO | N6: =IFERROR(IF(OR(J6="",K6=""),"",IF(J6="NO","NO",K6)),"") -> SI | O6: =IFERROR(IF(OR(J6="",L6=""),"",IF(J6="NO","NO",L6)),"") -> NO | P6: =IFERROR(IF(OR(J6="",M6=""),"",IF(J6="NO","NO",M6)),"") -> NO | Q6: =IFERROR(IF(S6="","",IF(S6>=DATE(1900,1,1),"SI","NO")),"") -> SI | R6: 1 | S6: 37201 | T6: 38173 | U6: =IFERROR(IF(T6="","",YEAR(T6)),"") -> 2004 | V6: =IF(U6=2023,1160000,IFERROR(INDEX(SMMLV!$B$2:$B$101,MATCH(U6,SMMLV!$A$2:$A$101,0)),"")) -> 358000 | W6: N/A | X6: COP | Y6: 35 | Z6: SI | AC6: =IFERROR(IF(Y6="","",IF(ISNUMBER(Y6),IF(COUNTIF(Z6,"SI")>0,"SI","NO"),Y6)),"") -> SI | AD6: =IF(W6="","",IF(W6="N/A","N/A",W6)) -> N/A | AE6: 14369.32 | AF6: =IFERROR(IF(OR(J6="",J6="NO"),"",IF(AND(J6="SI",Q6="SI"),IFERROR(AE6*R6,""),"")),"") -> 14369.32 | AI6: =IFERROR(IF(AF6="","",IF(AF6>=CMEMM1,"CUMPLE","NO CUMPLE")),"") -> CUMPLE | AN6: NO | AP6: SI | CB6: =IFERROR(IF(COUNTIF(AF3:AF12,"")=10,"",IF(COUNTIF(E3:E12,"N/A")>0,IF(AF6>=CMEMM1,AF6,0),"N/A")),"") -> N/A | CD6: =IFERROR(IF(COUNTIF(AF3:AF12,"")=10,"",IF(AF6="","",IF(AF6>=CMEMM1,1,0))),"") -> 1 | CE6: =B3&"-0"&4 -> P01-04 | CF6: =IFERROR(INDEX('DESEMPATE Y DISCAPACIDAD'!$D$3:$D$450,MATCH(CE6,'DESEMPATE Y DISCAPACIDAD'!$C$3:$C$450,0)),"") -> 0 | CG6: =IF(OR(CE6="",CF6=""),"",SUMIF(D3:D12,CF6,CD3:CD12)) -> 0 | CH6: =IF(OR(CE6="",CF6="",CG6=""),"",IF(CG6>0,"CUMPLE","NO CUMPLE")) -> NO CUMPLE | CI6: =IF(CF6="","",IF(ISTEXT(CF6),1,0)) -> 0 | CL6: =IF(N6="","",IF(N6="SI",1,0)) -> 1 | CM6: =IF(O6="","",IF(O6="SI",1,0)) -> 0 | CN6: =IF(OR(CL6="",CM6=""),"",IF(AND(CL6=0,CM6=0),"N/A",IF(AND(CL6=1,CM6=0),"COND. A",IF(AND(CL6=0,CM6=1),"COND. B",IF(AND(CL6=1,CM6=1),"COND. A Y B",""))))) -> COND. A | CQ6: =IF(OR(AN6="",CB6=""),"",IF(AN6="NO",CB6,0)) -> N/A | CR6: =IF(OR(AN6="",AF6=""),"",IF(AN6="NO",AF6,0)) -> 14369.32
C7: P01-03 | D7: =+IFERROR(INDEX('DESEMPATE Y DISCAPACIDAD'!$D$3:$D$450,MATCH(C7,'DESEMPATE Y DISCAPACIDAD'!$C$3:$C$450,0)),"") -> CEMOSA COLOMBIA | E7: =IFERROR(IF(D7="","",IF(VLOOKUP(D7,'DESEMPATE Y DISCAPACIDAD'!D$3:$E$450,2,FALSE)=1,"N/A",IF(VLOOKUP(D7,'DESEMPATE Y DISCAPACIDAD'!D$3:$F$450,3,FALSE)="X","SI","NO"))),"") -> NO | F7: MINISTERIO DE FOMENTO. DIRECCION GENERAL DE CARRETERAS | G7: ESPAÑA | H7: clave: 12-GR-3150 | I7: CONSULTORÍA Y ASISTENCIA PARA EL CONTROL Y VIGILANCIA DE LAS OBRAS: AUTOVÍA DEL MEDITERRÁNEO A-7. TRAMO: ENLACE DE POLOPOS-ENLACE DE ALBUÑOL. EXPEDIENTE: 30.65/05-6; | J7: SI | K7: SI | L7: NO | M7: NO | N7: =IFERROR(IF(OR(J7="",K7=""),"",IF(J7="NO","NO",K7)),"") -> SI | O7: =IFERROR(IF(OR(J7="",L7=""),"",IF(J7="NO","NO",L7)),"") -> NO | P7: =IFERROR(IF(OR(J7="",M7=""),"",IF(J7="NO","NO",M7)),"") -> NO | Q7: =IFERROR(IF(S7="","",IF(S7>=DATE(1900,1,1),"SI","NO")),"") -> SI | R7: 1 | S7: 38672 | T7: 42107 | U7: =IFERROR(IF(T7="","",YEAR(T7)),"") -> 2015 | V7: =IF(U7=2023,1160000,IFERROR(INDEX(SMMLV!$B$2:$B$101,MATCH(U7,SMMLV!$A$2:$A$101,0)),"")) -> 644350 | W7: N/A | X7: COP | Y7: 168 | Z7: SI | AC7: =IFERROR(IF(Y7="","",IF(ISNUMBER(Y7),IF(COUNTIF(Z7,"SI")>0,"SI","NO"),Y7)),"") -> SI | AD7: =IF(W7="","",IF(W7="N/A","N/A",W7)) -> N/A | AE7: 16068.71 | AF7: =IFERROR(IF(OR(J7="",J7="NO"),"",IF(AND(J7="SI",Q7="SI"),IFERROR(AE7*R7,""),"")),"") -> 16068.71 | AI7: =IFERROR(IF(AF7="","",IF(AF7>=CMEMM1,"CUMPLE","NO CUMPLE")),"") -> CUMPLE | AN7: NO | AP7: SI | CB7: =IFERROR(IF(COUNTIF(AF3:AF12,"")=10,"",IF(COUNTIF(E3:E12,"N/A")>0,IF(AF7>=CMEMM1,AF7,0),"N/A")),"") -> N/A | CD7: =IFERROR(IF(COUNTIF(AF3:AF12,"")=10,"",IF(AF7="","",IF(AF7>=CMEMM1,1,0))),"") -> 1 | CE7: =B3&"-0"&5 -> P01-05 | CF7: =IFERROR(INDEX('DESEMPATE Y DISCAPACIDAD'!$D$3:$D$450,MATCH(CE7,'DESEMPATE Y DISCAPACIDAD'!$C$3:$C$450,0)),"") -> 0 | CG7: =IF(OR(CE7="",CF7=""),"",SUMIF(D3:D12,CF7,CD3:CD12)) -> 0 | CH7: =IF(OR(CE7="",CF7="",CG7=""),"",IF(CG7>0,"CUMPLE","NO CUMPLE")) -> NO CUMPLE | CI7: =IF(CF7="","",IF(ISTEXT(CF7),1,0)) -> 0 | CL7: =IF(N7="","",IF(N7="SI",1,0)) -> 1 | CM7: =IF(O7="","",IF(O7="SI",1,0)) -> 0 | CN7: =IF(OR(CL7="",CM7=""),"",IF(AND(CL7=0,CM7=0),"N/A",IF(AND(CL7=1,CM7=0),"COND. A",IF(AND(CL7=0,CM7=1),"COND. B",IF(AND(CL7=1,CM7=1),"COND. A Y B",""))))) -> COND. A | CQ7: =IF(OR(AN7="",CB7=""),"",IF(AN7="NO",CB7,0)) -> N/A | CR7: =IF(OR(AN7="",AF7=""),"",IF(AN7="NO",AF7,0)) -> 16068.71
D8: =+IFERROR(INDEX('DESEMPATE Y DISCAPACIDAD'!$D$3:$D$450,MATCH(C8,'DESEMPATE Y DISCAPACIDAD'!$C$3:$C$450,0)),"") | E8: =IFERROR(IF(D8="","",IF(VLOOKUP(D8,'DESEMPATE Y DISCAPACIDAD'!D$3:$E$450,2,FALSE)=1,"N/A",IF(VLOOKUP(D8,'DESEMPATE Y DISCAPACIDAD'!D$3:$F$450,3,FALSE)="X","SI","NO"))),"") | N8: =IFERROR(IF(OR(J8="",K8=""),"",IF(J8="NO","NO",K8)),"") | O8: =IFERROR(IF(OR(J8="",L8=""),"",IF(J8="NO","NO",L8)),"") | P8: =IFERROR(IF(OR(J8="",M8=""),"",IF(J8="NO","NO",M8)),"") | Q8: =IFERROR(IF(S8="","",IF(S8>=DATE(1900,1,1),"SI","NO")),"") | U8: =IFERROR(IF(T8="","",YEAR(T8)),"") | V8: =IF(U8=2023,1160000,IFERROR(INDEX(SMMLV!$B$2:$B$101,MATCH(U8,SMMLV!$A$2:$A$101,0)),"")) | AC8: =IFERROR(IF(Y8="","",IF(ISNUMBER(Y8),IF(COUNTIF(Z8,"SI")>0,"SI","NO"),Y8)),"") | AD8: =IF(W8="","",IF(W8="N/A","N/A",W8)) | AF8: =IFERROR(IF(OR(J8="",J8="NO"),"",IF(AND(J8="SI",Q8="SI"),IFERROR(AE8*R8,""),"")),"") | AI8: =IFERROR(IF(AF8="","",IF(AF8>=CMEMM1,"CUMPLE","NO CUMPLE")),"") | CB8: =IFERROR(IF(COUNTIF(AF3:AF12,"")=10,"",IF(COUNTIF(E3:E12,"N/A")>0,IF(AF8>=CMEMM1,AF8,0),"N/A")),"") -> N/A | CD8: =IFERROR(IF(COUNTIF(AF3:AF12,"")=10,"",IF(AF8="","",IF(AF8>=CMEMM1,1,0))),"") | CE8: =B3&"-0"&6 -> P01-06 | CF8: =IFERROR(INDEX('DESEMPATE Y DISCAPACIDAD'!$D$3:$D$450,MATCH(CE8,'DESEMPATE Y DISCAPACIDAD'!$C$3:$C$450,0)),"") -> 0 | CG8: =IF(OR(CE8="",CF8=""),"",SUMIF(D3:D12,CF8,CD3:CD12)) -> 0 | CH8: =IF(OR(CE8="",CF8="",CG8=""),"",IF(CG8>0,"CUMPLE","NO CUMPLE")) -> NO CUMPLE | CI8: =IF(CF8="","",IF(ISTEXT(CF8),1,0)) -> 0 | CL8: =IF(N8="","",IF(N8="SI",1,0)) | CM8: =IF(O8="","",IF(O8="SI",1,0)) | CN8: =IF(OR(CL8="",CM8=""),"",IF(AND(CL8=0,CM8=0),"N/A",IF(AND(CL8=1,CM8=0),"COND. A",IF(AND(CL8=0,CM8=1),"COND. B",IF(AND(CL8=1,CM8=1),"COND. A Y B",""))))) | CQ8: =IF(OR(AN8="",CB8=""),"",IF(AN8="NO",CB8,0)) | CR8: =IF(OR(AN8="",AF8=""),"",IF(AN8="NO",AF8,0))
D9: =+IFERROR(INDEX('DESEMPATE Y DISCAPACIDAD'!$D$3:$D$450,MATCH(C9,'DESEMPATE Y DISCAPACIDAD'!$C$3:$C$450,0)),"") | E9: =IFERROR(IF(D9="","",IF(VLOOKUP(D9,'DESEMPATE Y DISCAPACIDAD'!D$3:$E$450,2,FALSE)=1,"N/A",IF(VLOOKUP(D9,'DESEMPATE Y DISCAPACIDAD'!D$3:$F$450,3,FALSE)="X","SI","NO"))),"") | N9: =IFERROR(IF(OR(J9="",K9=""),"",IF(J9="NO","NO",K9)),"") | O9: =IFERROR(IF(OR(J9="",L9=""),"",IF(J9="NO","NO",L9)),"") | P9: =IFERROR(IF(OR(J9="",M9=""),"",IF(J9="NO","NO",M9)),"") | Q9: =IFERROR(IF(S9="","",IF(S9>=DATE(1900,1,1),"SI","NO")),"") | U9: =IFERROR(IF(T9="","",YEAR(T9)),"") | V9: =IF(U9=2023,1160000,IFERROR(INDEX(SMMLV!$B$2:$B$101,MATCH(U9,SMMLV!$A$2:$A$101,0)),"")) | AC9: =IFERROR(IF(Y9="","",IF(ISNUMBER(Y9),IF(COUNTIF(Z9,"SI")>0,"SI","NO"),Y9)),"") | AD9: =IF(W9="","",IF(W9="N/A","N/A",W9)) | AF9: =IFERROR(IF(OR(J9="",J9="NO"),"",IF(AND(J9="SI",Q9="SI"),IFERROR(AE9*R9,""),"")),"") | AI9: =IFERROR(IF(AF9="","",IF(AF9>=CMEMM1,"CUMPLE","NO CUMPLE")),"") | CB9: =IFERROR(IF(COUNTIF(AF3:AF12,"")=10,"",IF(COUNTIF(E3:E12,"N/A")>0,IF(AF9>=CMEMM1,AF9,0),"N/A")),"") -> N/A | CD9: =IFERROR(IF(COUNTIF(AF3:AF12,"")=10,"",IF(AF9="","",IF(AF9>=CMEMM1,1,0))),"") | CE9: =B3&"-0"&7 -> P01-07 | CF9: =IFERROR(INDEX('DESEMPATE Y DISCAPACIDAD'!$D$3:$D$450,MATCH(CE9,'DESEMPATE Y DISCAPACIDAD'!$C$3:$C$450,0)),"") | CG9: =IF(OR(CE9="",CF9=""),"",SUMIF(D3:D12,CF9,CD3:CD12)) | CH9: =IF(OR(CE9="",CF9="",CG9=""),"",IF(CG9>0,"CUMPLE","NO CUMPLE")) | CI9: =IF(CF9="","",IF(ISTEXT(CF9),1,0)) | CL9: =IF(N9="","",IF(N9="SI",1,0)) | CM9: =IF(O9="","",IF(O9="SI",1,0)) | CN9: =IF(OR(CL9="",CM9=""),"",IF(AND(CL9=0,CM9=0),"N/A",IF(AND(CL9=1,CM9=0),"COND. A",IF(AND(CL9=0,CM9=1),"COND. B",IF(AND(CL9=1,CM9=1),"COND. A Y B",""))))) | CQ9: =IF(OR(AN9="",CB9=""),"",IF(AN9="NO",CB9,0)) | CR9: =IF(OR(AN9="",AF9=""),"",IF(AN9="NO",AF9,0))
D10: =+IFERROR(INDEX('DESEMPATE Y DISCAPACIDAD'!$D$3:$D$450,MATCH(C10,'DESEMPATE Y DISCAPACIDAD'!$C$3:$C$450,0)),"") | E10: =IFERROR(IF(D10="","",IF(VLOOKUP(D10,'DESEMPATE Y DISCAPACIDAD'!D$3:$E$450,2,FALSE)=1,"N/A",IF(VLOOKUP(D10,'DESEMPATE Y DISCAPACIDAD'!D$3:$F$450,3,FALSE)="X","SI","NO"))),"") | N10: =IFERROR(IF(OR(J10="",K10=""),"",IF(J10="NO","NO",K10)),"") | O10: =IFERROR(IF(OR(J10="",L10=""),"",IF(J10="NO","NO",L10)),"") | P10: =IFERROR(IF(OR(J10="",M10=""),"",IF(J10="NO","NO",M10)),"") | Q10: =IFERROR(IF(S10="","",IF(S10>=DATE(1900,1,1),"SI","NO")),"") | U10: =IFERROR(IF(T10="","",YEAR(T10)),"") | V10: =IF(U10=2023,1160000,IFERROR(INDEX(SMMLV!$B$2:$B$101,MATCH(U10,SMMLV!$A$2:$A$101,0)),"")) | AC10: =IFERROR(IF(Y10="","",IF(ISNUMBER(Y10),IF(COUNTIF(Z10,"SI")>0,"SI","NO"),Y10)),"") | AD10: =IF(W10="","",IF(W10="N/A","N/A",W10)) | AF10: =IFERROR(IF(OR(J10="",J10="NO"),"",IF(AND(J10="SI",Q10="SI"),IFERROR(AE10*R10,""),"")),"") | AI10: =IFERROR(IF(AF10="","",IF(AF10>=CMEMM1,"CUMPLE","NO CUMPLE")),"") | CB10: =IFERROR(IF(COUNTIF(AF3:AF12,"")=10,"",IF(COUNTIF(E3:E12,"N/A")>0,IF(AF10>=CMEMM1,AF10,0),"N/A")),"") -> N/A | CD10: =IFERROR(IF(COUNTIF(AF3:AF12,"")=10,"",IF(AF10="","",IF(AF10>=CMEMM1,1,0))),"") | CE10: =B3&"-0"&8 -> P01-08 | CF10: =IFERROR(INDEX('DESEMPATE Y DISCAPACIDAD'!$D$3:$D$450,MATCH(CE10,'DESEMPATE Y DISCAPACIDAD'!$C$3:$C$450,0)),"") | CG10: =IF(OR(CE10="",CF10=""),"",SUMIF(D3:D12,CF10,CD3:CD12)) | CH10: =IF(OR(CE10="",CF10="",CG10=""),"",IF(CG10>0,"CUMPLE","NO CUMPLE")) | CI10: =IF(CF10="","",IF(ISTEXT(CF10),1,0)) | CL10: =IF(N10="","",IF(N10="SI",1,0)) | CM10: =IF(O10="","",IF(O10="SI",1,0)) | CN10: =IF(OR(CL10="",CM10=""),"",IF(AND(CL10=0,CM10=0),"N/A",IF(AND(CL10=1,CM10=0),"COND. A",IF(AND(CL10=0,CM10=1),"COND. B",IF(AND(CL10=1,CM10=1),"COND. A Y B",""))))) | CQ10: =IF(OR(AN10="",CB10=""),"",IF(AN10="NO",CB10,0)) | CR10: =IF(OR(AN10="",AF10=""),"",IF(AN10="NO",AF10,0))
D11: =+IFERROR(INDEX('DESEMPATE Y DISCAPACIDAD'!$D$3:$D$450,MATCH(C11,'DESEMPATE Y DISCAPACIDAD'!$C$3:$C$450,0)),"") | E11: =IFERROR(IF(D11="","",IF(VLOOKUP(D11,'DESEMPATE Y DISCAPACIDAD'!D$3:$E$450,2,FALSE)=1,"N/A",IF(VLOOKUP(D11,'DESEMPATE Y DISCAPACIDAD'!D$3:$F$450,3,FALSE)="X","SI","NO"))),"") | N11: =IFERROR(IF(OR(J11="",K11=""),"",IF(J11="NO","NO",K11)),"") | O11: =IFERROR(IF(OR(J11="",L11=""),"",IF(J11="NO","NO",L11)),"") | P11: =IFERROR(IF(OR(J11="",M11=""),"",IF(J11="NO","NO",M11)),"") | Q11: =IFERROR(IF(S11="","",IF(S11>=DATE(1900,1,1),"SI","NO")),"") | U11: =IFERROR(IF(T11="","",YEAR(T11)),"") | V11: =IF(U11=2023,1160000,IFERROR(INDEX(SMMLV!$B$2:$B$101,MATCH(U11,SMMLV!$A$2:$A$101,0)),"")) | AC11: =IFERROR(IF(Y11="","",IF(ISNUMBER(Y11),IF(COUNTIF(Z11,"SI")>0,"SI","NO"),Y11)),"") | AD11: =IF(W11="","",IF(W11="N/A","N/A",W11)) | AF11: =IFERROR(IF(OR(J11="",J11="NO"),"",IF(AND(J11="SI",Q11="SI"),IFERROR(AE11*R11,""),"")),"") | AI11: =IFERROR(IF(AF11="","",IF(AF11>=CMEMM1,"CUMPLE","NO CUMPLE")),"") | CB11: =IFERROR(IF(COUNTIF(AF3:AF12,"")=10,"",IF(COUNTIF(E3:E12,"N/A")>0,IF(AF11>=CMEMM1,AF11,0),"N/A")),"") -> N/A | CD11: =IFERROR(IF(COUNTIF(AF3:AF12,"")=10,"",IF(AF11="","",IF(AF11>=CMEMM1,1,0))),"") | CE11: =B3&"-0"&9 -> P01-09 | CF11: =IFERROR(INDEX('DESEMPATE Y DISCAPACIDAD'!$D$3:$D$450,MATCH(CE11,'DESEMPATE Y DISCAPACIDAD'!$C$3:$C$450,0)),"") | CG11: =IF(OR(CE11="",CF11=""),"",SUMIF(D3:D12,CF11,CD3:CD12)) | CH11: =IF(OR(CE11="",CF11="",CG11=""),"",IF(CG11>0,"CUMPLE","NO CUMPLE")) | CI11: =IF(CF11="","",IF(ISTEXT(CF11),1,0)) | CL11: =IF(N11="","",IF(N11="SI",1,0)) | CM11: =IF(O11="","",IF(O11="SI",1,0)) | CN11: =IF(OR(CL11="",CM11=""),"",IF(AND(CL11=0,CM11=0),"N/A",IF(AND(CL11=1,CM11=0),"COND. A",IF(AND(CL11=0,CM11=1),"COND. B",IF(AND(CL11=1,CM11=1),"COND. A Y B",""))))) | CQ11: =IF(OR(AN11="",CB11=""),"",IF(AN11="NO",CB11,0)) | CR11: =IF(OR(AN11="",AF11=""),"",IF(AN11="NO",AF11,0))
D12: =+IFERROR(INDEX('DESEMPATE Y DISCAPACIDAD'!$D$3:$D$450,MATCH(C12,'DESEMPATE Y DISCAPACIDAD'!$C$3:$C$450,0)),"") | E12: =IFERROR(IF(D12="","",IF(VLOOKUP(D12,'DESEMPATE Y DISCAPACIDAD'!D$3:$E$450,2,FALSE)=1,"N/A",IF(VLOOKUP(D12,'DESEMPATE Y DISCAPACIDAD'!D$3:$F$450,3,FALSE)="X","SI","NO"))),"") | N12: =IFERROR(IF(OR(J12="",K12=""),"",IF(J12="NO","NO",K12)),"") | O12: =IFERROR(IF(OR(J12="",L12=""),"",IF(J12="NO","NO",L12)),"") | P12: =IFERROR(IF(OR(J12="",M12=""),"",IF(J12="NO","NO",M12)),"") | Q12: =IFERROR(IF(S12="","",IF(S12>=DATE(1900,1,1),"SI","NO")),"") | U12: =IFERROR(IF(T12="","",YEAR(T12)),"") | V12: =IF(U12=2023,1160000,IFERROR(INDEX(SMMLV!$B$2:$B$101,MATCH(U12,SMMLV!$A$2:$A$101,0)),"")) | AC12: =IFERROR(IF(Y12="","",IF(ISNUMBER(Y12),IF(COUNTIF(Z12,"SI")>0,"SI","NO"),Y12)),"") | AD12: =IF(W12="","",IF(W12="N/A","N/A",W12)) | AF12: =IFERROR(IF(OR(J12="",J12="NO"),"",IF(AND(J12="SI",Q12="SI"),IFERROR(AE12*R12,""),"")),"") | AI12: =IFERROR(IF(AF12="","",IF(AF12>=CMEMM1,"CUMPLE","NO CUMPLE")),"") | CB12: =IFERROR(IF(COUNTIF(AF3:AF12,"")=10,"",IF(COUNTIF(E3:E12,"N/A")>0,IF(AF12>=CMEMM1,AF12,0),"N/A")),"") -> N/A | CD12: =IFERROR(IF(COUNTIF(AF3:AF12,"")=10,"",IF(AF12="","",IF(AF12>=CMEMM1,1,0))),"") | CE12: =B3&"-"&10 -> P01-10 | CF12: =IFERROR(INDEX('DESEMPATE Y DISCAPACIDAD'!$D$3:$D$450,MATCH(CE12,'DESEMPATE Y DISCAPACIDAD'!$C$3:$C$450,0)),"") | CG12: =IF(OR(CE12="",CF12=""),"",SUMIF(D3:D12,CF12,CD3:CD12)) | CH12: =IF(OR(CE12="",CF12="",CG12=""),"",IF(CG12>0,"CUMPLE","NO CUMPLE")) | CI12: =IF(CF12="","",IF(ISTEXT(CF12),1,0)) | CL12: =IF(N12="","",IF(N12="SI",1,0)) | CM12: =IF(O12="","",IF(O12="SI",1,0)) | CN12: =IF(OR(CL12="",CM12=""),"",IF(AND(CL12=0,CM12=0),"N/A",IF(AND(CL12=1,CM12=0),"COND. A",IF(AND(CL12=0,CM12=1),"COND. B",IF(AND(CL12=1,CM12=1),"COND. A Y B",""))))) | CQ12: =IF(OR(AN12="",CB12=""),"",IF(AN12="NO",CB12,0)) | CR12: =IF(OR(AN12="",AF12=""),"",IF(AN12="NO",AF12,0))
A13: ="A"&B13 -> AP02 | B13: P02 | C13: P02-01 | D13: =+IFERROR(INDEX('DESEMPATE Y DISCAPACIDAD'!$D$3:$D$450,MATCH(C13,'DESEMPATE Y DISCAPACIDAD'!$C$3:$C$450,0)),"") -> INTECSA COLOMBIA INTERNACIONAL S.A.S | E13: =IFERROR(IF(D13="","",IF(VLOOKUP(D13,'DESEMPATE Y DISCAPACIDAD'!D$3:$E$450,2,FALSE)=1,"N/A",IF(VLOOKUP(D13,'DESEMPATE Y DISCAPACIDAD'!D$3:$F$450,3,FALSE)="X","SI","NO"))),"") -> NO | F13: MINISTERIO DE FOMENTO. DIRECCION GENERAL DE CARRETERAS | G13: ESPAÑA | H13: 12-CR-3160 | I13: ASISTENCIA TÉCNICA PARA EL CONTROL Y VIGILANCIA DE LAS OBRAS: AUTOVÍA DE CIUDAD REAL (N-430) A ATALAYA DEL CAÑABATE (A-31). TRAMO: ENLACE DE MIGUELTURRA - ENLACE DE DAIMIEL (ESTE) CON LA N-430. CLAVE: 12-CR-3160 | J13: SI | K13: SI | L13: NO | M13: NO | N13: =IFERROR(IF(OR(J13="",K13=""),"",IF(J13="NO","NO",K13)),"") -> SI | O13: =IFERROR(IF(OR(J13="",L13=""),"",IF(J13="NO","NO",L13)),"") -> NO | P13: =IFERROR(IF(OR(J13="",M13=""),"",IF(J13="NO","NO",M13)),"") -> NO | Q13: =IFERROR(IF(S13="","",IF(S13>=DATE(1900,1,1),"SI","NO")),"") -> SI | R13: 1 | S13: 37242 | T13: 38094 | U13: =IFERROR(IF(T13="","",YEAR(T13)),"") -> 2004 | V13: =IF(U13=2023,1160000,IFERROR(INDEX(SMMLV!$B$2:$B$101,MATCH(U13,SMMLV!$A$2:$A$101,0)),"")) -> 358000 | W13: N/A | X13: COP | Y13: 39 | Z13: SI | AC13: =IFERROR(IF(Y13="","",IF(ISNUMBER(Y13),IF(COUNTIF(Z13,"SI")>0,"SI","NO"),Y13)),"") -> SI | AD13: =IF(W13="","",IF(W13="N/A","N/A",W13)) -> N/A | AE13: 20019.89 | AF13: =IFERROR(IF(OR(J13="",J13="NO"),"",IF(AND(J13="SI",Q13="SI"),IFERROR(AE13*R13,""),"")),"") -> 20019.89 | AG13: =IFERROR(IF(COUNTIF(AF13:AF22,"")=10,"",IF(COUNTIF(E13:E22,"N/A")>0,IF(SUM(CB13:CB22)>=CMEM1,"CUMPLE","NO CUMPLE"),IF(SUM(AF13:AF22)>=CMEM1,"CUMPLE","NO CUMPLE"))),"") -> CUMPLE | AH13: =IF(COUNTIF(AF13:AF22,"")=10,"",IF(SUMIF(C13:C22,C13,AF13:AF22)>=CMLM1,"CUMPLE",IF(SUMIF(C13:C22,C14,AF13:AF22)>=CMLM1,"CUMPLE",IF(SUMIF(C13:C22,C15,AF13:AF22)>=CMLM1,"CUMPLE",IF(SUMIF(C13:C22,C16,AF13:AF22)>=CMLM1,"CUMPLE",IF(SUMIF(C13:C22,C17,AF13:AF22)>=CMLM1,"CUMPLE",IF(SUMIF(C13:C22,C18,AF13:AF22)>=CMLM1,"CUMPLE",IF(SUMIF(C13:C22,C19,AF13:AF22)>=CMLM1,"CUMPLE",IF(SUMIF(C13:C22,C20,AF13:AF22)>=CMLM1,"CUMPLE",IF(SUMIF(C13:C22,C21,AF13:AF22)>=CMLM1,"CUMPLE",IF(SUMIF(C13:C22,C22,AF13:AF22)>=CMLM1,"CUMPLE","NO CUMPLE"))))))))))) -> CUMPLE | AI13: =IFERROR(IF(AF13="","",IF(AF13>=CMEMM1,"CUMPLE","NO CUMPLE")),"") -> CUMPLE | AJ13: =IFERROR(IF(COUNTIF(AF13:AF22,"")=10,"",IF(COUNTIF(E13:E22,"N/A")>0,"N/A",CJ13)),"") -> CUMPLE | AK13: =IFERROR(IF(AND(COUNTIF(N13:N22,"SI")>=1,COUNTIF(O13:O22,"SI")>=1,COUNTIF(P13:P22,"SI")>=1,COUNTIF(J13:J22,"SI")<=10,CO13="CUMPLE"),"CUMPLE","NO CUMPLE"),"") -> CUMPLE | AL13: HÁBIL | AM13: =IFERROR(IF(B13<>"",IF(VLOOKUP(B13,'DESEMPATE Y DISCAPACIDAD'!$A$3:$Q$450,10,FALSE)="","",VLOOKUP(B13,'DESEMPATE Y DISCAPACIDAD'!$A$3:$Q$450,10,FALSE)+6),""),"") -> 8 | AN13: NO | AO13: SI | AP13: SI | AQ13: =IFERROR(IF(COUNTIF(AP13:AP22,"")=10,"",IF(AO13="NO",0,COUNTIF(AP13:AP22,"SI"))),"") -> 4 | AR13: =IFERROR(IF(COUNTIF(AF13:AF22,"")=10,"",IF(AO13="NO",0,IF(COUNTIF(E13:E22,"N/A")>0,SUM(CQ13:CQ22),SUM(CR13:CR22)))),"") -> 66105.117 | AS13: =IFERROR(IF(OR(COUNTIF(AF13:AF22,"")=10,AQ13="",AR13=""),"",IF(AO13="NO",0,AR13/AQ13)),"") -> 16526.279 | AU13: El proponente aporta 4 contratos válidos para acreditar experiencia según lo solicitado en el Anexo de generalidades al Pliego de Condiciones, con lo cual el proponente recibe la calificación en los aspectos técnicos de HÁBIL. | AV13: No aplica solicitud de subsane y/o aclaración | AW13: No aplica solicitud de subsane y/o aclaración | AX13: El proponente a solicitado la revisión del Valor del contrato expresado en SMMLV del Contrato de Orden No. 3. Al respecto, se realizó la revisión de la observación solicitada y se validó nuevamente el valor del contrato expresado en SMMLV de la experiencia aportada en el RUP constantando el valor real. Así las cosas, se realiza el ajuste en el Contrato de Orden No. 3 y por ende el ajuste en el promedio en SMMLV de los contratos aportados. | CB13: =IFERROR(IF(COUNTIF(AF13:AF22,"")=10,"",IF(COUNTIF(E13:E22,"N/A")>0,IF(AF13>=CMEMM1,AF13,0),"N/A")),"") -> N/A | CD13: =IFERROR(IF(COUNTIF(AF13:AF22,"")=10,"",IF(AF13="","",IF(AF13>=CMEMM1,1,0))),"") -> 1 | CE13: =B13&"-0"&1 -> P02-01 | CF13: =IFERROR(INDEX('DESEMPATE Y DISCAPACIDAD'!$D$3:$D$450,MATCH(CE13,'DESEMPATE Y DISCAPACIDAD'!$C$3:$C$450,0)),"") -> INTECSA COLOMBIA INTERNACIONAL S.A.S | CG13: =IF(OR(CE13="",CF13=""),"",SUMIF(D13:D22,CF13,CD13:CD22)) -> 2 | CH13: =IF(OR(CE13="",CF13="",CG13=""),"",IF(CG13>0,"CUMPLE","NO CUMPLE")) -> CUMPLE | CI13: =IF(CF13="","",IF(ISTEXT(CF13),1,0)) -> 1 | CJ13: =IF(OR(CD13="",CE13="",CF13="",CG13="",CH13="",CI13=""),"",IF(COUNTIF(CH13:CH22,"CUMPLE")=COUNTIF(CI13:CI22,1),"CUMPLE","NO CUMPLE")) -> CUMPLE | CL13: =IF(N13="","",IF(N13="SI",1,0)) -> 1 | CM13: =IF(O13="","",IF(O13="SI",1,0)) -> 0 | CN13: =IF(OR(CL13="",CM13=""),"",IF(AND(CL13=0,CM13=0),"N/A",IF(AND(CL13=1,CM13=0),"COND. A",IF(AND(CL13=0,CM13=1),"COND. B",IF(AND(CL13=1,CM13=1),"COND. A Y B",""))))) -> COND. A | CO13: =IF(COUNTIF(CN13:CN22,"N/A")=10,"NO CUMPLE",IF(COUNTIF(CN13:CN22,"COND. A Y B")>1,"CUMPLE",IF(AND(COUNTIF(CN13:CN22,"COND. A")>0,COUNTIF(CN13:CN22,"COND. B")>0),"CUMPLE",IF(AND(COUNTIF(CN13:CN22,"COND. A Y B")>0,COUNTIF(CN13:CN22,"COND. A")>0),"CUMPLE",IF(AND(COUNTIF(CN13:CN22,"COND. A Y B")>0,COUNTIF(CN13:CN22,"COND. B")>0),"CUMPLE","NO CUMPLE"))))) -> CUMPLE | CQ13: =IF(OR(AN13="",CB13=""),"",IF(AN13="NO",CB13,0)) -> N/A | CR13: =IF(OR(AN13="",AF13=""),"",IF(AN13="NO",AF13,0)) -> 20019.89
C14: P02-01 | D14: =+IFERROR(INDEX('DESEMPATE Y DISCAPACIDAD'!$D$3:$D$450,MATCH(C14,'DESEMPATE Y DISCAPACIDAD'!$C$3:$C$450,0)),"") -> INTECSA COLOMBIA INTERNACIONAL S.A.S | E14: =IFERROR(IF(D14="","",IF(VLOOKUP(D14,'DESEMPATE Y DISCAPACIDAD'!D$3:$E$450,2,FALSE)=1,"N/A",IF(VLOOKUP(D14,'DESEMPATE Y DISCAPACIDAD'!D$3:$F$450,3,FALSE)="X","SI","NO"))),"") -> NO | F14: MINISTERIO DE FOMENTO. DIRECCION GENERAL DE CARRETERAS | G14: ESPAÑA | H14: 12-LU-3110 | I14: ASISTENCIA TÉCNICA PARA EL CONTROL Y VIGILANCIA DE LAS OBRAS "AUTOVÍA DEL NOROESTE. CN-VI DE MADRID A A CORUÑA TRAMO AGUERA -CEREIXAL PROVINCIA DE LUGO. CLAVE 12-LU-3110 | J14: SI | K14: SI | L14: NO | M14: NO | N14: =IFERROR(IF(OR(J14="",K14=""),"",IF(J14="NO","NO",K14)),"") -> SI | O14: =IFERROR(IF(OR(J14="",L14=""),"",IF(J14="NO","NO",L14)),"") -> NO | P14: =IFERROR(IF(OR(J14="",M14=""),"",IF(J14="NO","NO",M14)),"") -> NO | Q14: =IFERROR(IF(S14="","",IF(S14>=DATE(1900,1,1),"SI","NO")),"") -> SI | R14: 1 | S14: 35660 | T14: 37088 | U14: =IFERROR(IF(T14="","",YEAR(T14)),"") -> 2001 | V14: =IF(U14=2023,1160000,IFERROR(INDEX(SMMLV!$B$2:$B$101,MATCH(U14,SMMLV!$A$2:$A$101,0)),"")) -> 286000 | W14: N/A | X14: COP | Y14: 38 | Z14: SI | AC14: =IFERROR(IF(Y14="","",IF(ISNUMBER(Y14),IF(COUNTIF(Z14,"SI")>0,"SI","NO"),Y14)),"") -> SI | AD14: =IF(W14="","",IF(W14="N/A","N/A",W14)) -> N/A | AE14: 13194.81 | AF14: =IFERROR(IF(OR(J14="",J14="NO"),"",IF(AND(J14="SI",Q14="SI"),IFERROR(AE14*R14,""),"")),"") -> 13194.81 | AI14: =IFERROR(IF(AF14="","",IF(AF14>=CMEMM1,"CUMPLE","NO CUMPLE")),"") -> CUMPLE | AN14: NO | AP14: SI | CB14: =IFERROR(IF(COUNTIF(AF13:AF22,"")=10,"",IF(COUNTIF(E13:E22,"N/A")>0,IF(AF14>=CMEMM1,AF14,0),"N/A")),"") -> N/A | CD14: =IFERROR(IF(COUNTIF(AF13:AF22,"")=10,"",IF(AF14="","",IF(AF14>=CMEMM1,1,0))),"") -> 1 | CE14: =B13&"-0"&2 -> P02-02 | CF14: =IFERROR(INDEX('DESEMPATE Y DISCAPACIDAD'!$D$3:$D$450,MATCH(CE14,'DESEMPATE Y DISCAPACIDAD'!$C$3:$C$450,0)),"") -> INTECSA ENGINEERING GROUP, S.A. UNIPERSONAL SUCURSAL COLOMBIA | CG14: =IF(OR(CE14="",CF14=""),"",SUMIF(D13:D22,CF14,CD13:CD22)) -> 1 | CH14: =IF(OR(CE14="",CF14="",CG14=""),"",IF(CG14>0,"CUMPLE","NO CUMPLE")) -> CUMPLE | CI14: =IF(CF14="","",IF(ISTEXT(CF14),1,0)) -> 1 | CL14: =IF(N14="","",IF(N14="SI",1,0)) -> 1 | CM14: =IF(O14="","",IF(O14="SI",1,0)) -> 0 | CN14: =IF(OR(CL14="",CM14=""),"",IF(AND(CL14=0,CM14=0),"N/A",IF(AND(CL14=1,CM14=0),"COND. A",IF(AND(CL14=0,CM14=1),"COND. B",IF(AND(CL14=1,CM14=1),"COND. A Y B",""))))) -> COND. A | CQ14: =IF(OR(AN14="",CB14=""),"",IF(AN14="NO",CB14,0)) -> N/A | CR14: =IF(OR(AN14="",AF14=""),"",IF(AN14="NO",AF14,0)) -> 13194.81
C15: P02-02 | D15: =+IFERROR(INDEX('DESEMPATE Y DISCAPACIDAD'!$D$3:$D$450,MATCH(C15,'DESEMPATE Y DISCAPACIDAD'!$C$3:$C$450,0)),"") -> INTECSA ENGINEERING GROUP, S.A. UNIPERSONAL SUCURSAL COLOMBIA | E15: =IFERROR(IF(D15="","",IF(VLOOKUP(D15,'DESEMPATE Y DISCAPACIDAD'!D$3:$E$450,2,FALSE)=1,"N/A",IF(VLOOKUP(D15,'DESEMPATE Y DISCAPACIDAD'!D$3:$F$450,3,FALSE)="X","SI","NO"))),"") -> NO | F15: ADMINISTRACIÓN DE INFRAESTRUCTURAS FERROVIARIAS - ADIF | G15: ESPAÑA | H15: 022/03 | I15: CONSULTORÍA Y ASISTENCIA TÉCNICA PARA LA REDACCIÓN DEL PROYECTO Y CONTROL DE LAS OBRAS DE LA PLATAFORMA DEL NUEVO ACCESO FERROVIARIO DE ALTA VELOCIDAD MADRID - CASTILLA LA MANCHA - COMUNIDAD VALENCIANA - REGIÓN DE MURCIA TRAMO:CAMPOS DEL PARAÍSO - HORCAJADA (NUMERO DE EXPEDIENTE PC022/03 | J15: SI | K15: NO | L15: NO | M15: SI | N15: =IFERROR(IF(OR(J15="",K15=""),"",IF(J15="NO","NO",K15)),"") -> NO | O15: =IFERROR(IF(OR(J15="",L15=""),"",IF(J15="NO","NO",L15)),"") -> NO | P15: =IFERROR(IF(OR(J15="",M15=""),"",IF(J15="NO","NO",M15)),"") -> SI | Q15: =IFERROR(IF(S15="","",IF(S15>=DATE(1900,1,1),"SI","NO")),"") -> SI | R15: 1 | S15: 38058 | T15: 40068 | U15: =IFERROR(IF(T15="","",YEAR(T15)),"") -> 2009 | V15: =IF(U15=2023,1160000,IFERROR(INDEX(SMMLV!$B$2:$B$101,MATCH(U15,SMMLV!$A$2:$A$101,0)),"")) -> 496900 | W15: N/A | X15: COP | Y15: 75 | Z15: SI | AC15: =IFERROR(IF(Y15="","",IF(ISNUMBER(Y15),IF(COUNTIF(Z15,"SI")>0,"SI","NO"),Y15)),"") -> SI | AD15: =IF(W15="","",IF(W15="N/A","N/A",W15)) -> N/A | AE15: 25239.06 | AF15: =IFERROR(IF(OR(J15="",J15="NO"),"",IF(AND(J15="SI",Q15="SI"),IFERROR(AE15*R15,""),"")),"") -> 25239.06 | AI15: =IFERROR(IF(AF15="","",IF(AF15>=CMEMM1,"CUMPLE","NO CUMPLE")),"") -> CUMPLE | AN15: NO | AP15: SI | CB15: =IFERROR(IF(COUNTIF(AF13:AF22,"")=10,"",IF(COUNTIF(E13:E22,"N/A")>0,IF(AF15>=CMEMM1,AF15,0),"N/A")),"") -> N/A | CD15: =IFERROR(IF(COUNTIF(AF13:AF22,"")=10,"",IF(AF15="","",IF(AF15>=CMEMM1,1,0))),"") -> 1 | CE15: =B13&"-0"&3 -> P02-03 | CF15: =IFERROR(INDEX('DESEMPATE Y DISCAPACIDAD'!$D$3:$D$450,MATCH(CE15,'DESEMPATE Y DISCAPACIDAD'!$C$3:$C$450,0)),"") -> JGF INGENIERIA S.A.S | CG15: =IF(OR(CE15="",CF15=""),"",SUMIF(D13:D22,CF15,CD13:CD22)) -> 1 | CH15: =IF(OR(CE15="",CF15="",CG15=""),"",IF(CG15>0,"CUMPLE","NO CUMPLE")) -> CUMPLE | CI15: =IF(CF15="","",IF(ISTEXT(CF15),1,0)) -> 1 | CL15: =IF(N15="","",IF(N15="SI",1,0)) -> 0 | CM15: =IF(O15="","",IF(O15="SI",1,0)) -> 0 | CN15: =IF(OR(CL15="",CM15=""),"",IF(AND(CL15=0,CM15=0),"N/A",IF(AND(CL15=1,CM15=0),"COND. A",IF(AND(CL15=0,CM15=1),"COND. B",IF(AND(CL15=1,CM15=1),"COND. A Y B",""))))) -> N/A | CQ15: =IF(OR(AN15="",CB15=""),"",IF(AN15="NO",CB15,0)) -> N/A | CR15: =IF(OR(AN15="",AF15=""),"",IF(AN15="NO",AF15,0)) -> 25239.06
C16: P02-03 | D16: =+IFERROR(INDEX('DESEMPATE Y DISCAPACIDAD'!$D$3:$D$450,MATCH(C16,'DESEMPATE Y DISCAPACIDAD'!$C$3:$C$450,0)),"") -> JGF INGENIERIA S.A.S | E16: =IFERROR(IF(D16="","",IF(VLOOKUP(D16,'DESEMPATE Y DISCAPACIDAD'!D$3:$E$450,2,FALSE)=1,"N/A",IF(VLOOKUP(D16,'DESEMPATE Y DISCAPACIDAD'!D$3:$F$450,3,FALSE)="X","SI","NO"))),"") -> NO | F16: AEROPUERTO INTERNACIONAL MATECAÑA | G16: COLOMBIA | H16: 173 DE 2017 | I16: INTERVENTORIA TÉCNICA, ECONÓMICA, FINANCIERA, CONTABLE, JURIDICA, ADMINISTRATIVA, OPERATIVA, AMBIENTAL Y SOCIAL DEL CONTRATO DE CONCESIÓN PARA LA "CONSTRUCCIÓN, MODERNIZACIÓN y ADECUACIÓN DEL LADO TIERRA DEL AEROPUERTO Y LA CONSTRUCCIÓN, ADMINISTRACIÓN, OPERACIÓN, MANTENIMIENTO, EXPLOTACIÓN COMERCIAL y REVERSIÓN TANTO DEL LADO AIRE COMO DEL LADO TIERRA DEL AEROPUERTO INTERNACIONAL MATECAÑA QUE SIRVE A LA CIUDAD DE PEREIRA | J16: SI | K16: SI | L16: SI | M16: NO | N16: =IFERROR(IF(OR(J16="",K16=""),"",IF(J16="NO","NO",K16)),"") -> SI | O16: =IFERROR(IF(OR(J16="",L16=""),"",IF(J16="NO","NO",L16)),"") -> SI | P16: =IFERROR(IF(OR(J16="",M16=""),"",IF(J16="NO","NO",M16)),"") -> NO | Q16: =IFERROR(IF(S16="","",IF(S16>=DATE(1900,1,1),"SI","NO")),"") -> SI | R16: 0.51 | S16: 42963 | T16: 45925 | U16: =IFERROR(IF(T16="","",YEAR(T16)),"") -> 2025 | V16: =IF(U16=2023,1160000,IFERROR(INDEX(SMMLV!$B$2:$B$101,MATCH(U16,SMMLV!$A$2:$A$101,0)),"")) | W16: N/A | X16: COP | Y16: 33 | Z16: SI | AC16: =IFERROR(IF(Y16="","",IF(ISNUMBER(Y16),IF(COUNTIF(Z16,"SI")>0,"SI","NO"),Y16)),"") -> SI | AD16: =IF(W16="","",IF(W16="N/A","N/A",W16)) -> N/A | AE16: 15002.66 | AF16: =IFERROR(IF(OR(J16="",J16="NO"),"",IF(AND(J16="SI",Q16="SI"),IFERROR(AE16*R16,""),"")),"") -> 7651.3566 | AI16: =IFERROR(IF(AF16="","",IF(AF16>=CMEMM1,"CUMPLE","NO CUMPLE")),"") -> CUMPLE | AN16: NO | AP16: SI | CB16: =IFERROR(IF(COUNTIF(AF13:AF22,"")=10,"",IF(COUNTIF(E13:E22,"N/A")>0,IF(AF16>=CMEMM1,AF16,0),"N/A")),"") -> N/A | CD16: =IFERROR(IF(COUNTIF(AF13:AF22,"")=10,"",IF(AF16="","",IF(AF16>=CMEMM1,1,0))),"") -> 1 | CE16: =B13&"-0"&4 -> P02-04 | CF16: =IFERROR(INDEX('DESEMPATE Y DISCAPACIDAD'!$D$3:$D$450,MATCH(CE16,'DESEMPATE Y DISCAPACIDAD'!$C$3:$C$450,0)),"") -> 0 | CG16: =IF(OR(CE16="",CF16=""),"",SUMIF(D13:D22,CF16,CD13:CD22)) -> 0 | CH16: =IF(OR(CE16="",CF16="",CG16=""),"",IF(CG16>0,"CUMPLE","NO CUMPLE")) -> NO CUMPLE | CI16: =IF(CF16="","",IF(ISTEXT(CF16),1,0)) -> 0 | CL16: =IF(N16="","",IF(N16="SI",1,0)) -> 1 | CM16: =IF(O16="","",IF(O16="SI",1,0)) -> 1 | CN16: =IF(OR(CL16="",CM16=""),"",IF(AND(CL16=0,CM16=0),"N/A",IF(AND(CL16=1,CM16=0),"COND. A",IF(AND(CL16=0,CM16=1),"COND. B",IF(AND(CL16=1,CM16=1),"COND. A Y B",""))))) -> COND. A Y B | CQ16: =IF(OR(AN16="",CB16=""),"",IF(AN16="NO",CB16,0)) -> N/A | CR16: =IF(OR(AN16="",AF16=""),"",IF(AN16="NO",AF16,0)) -> 7651.3566
D17: =+IFERROR(INDEX('DESEMPATE Y DISCAPACIDAD'!$D$3:$D$450,MATCH(C17,'DESEMPATE Y DISCAPACIDAD'!$C$3:$C$450,0)),"") | E17: =IFERROR(IF(D17="","",IF(VLOOKUP(D17,'DESEMPATE Y DISCAPACIDAD'!D$3:$E$450,2,FALSE)=1,"N/A",IF(VLOOKUP(D17,'DESEMPATE Y DISCAPACIDAD'!D$3:$F$450,3,FALSE)="X","SI","NO"))),"") | N17: =IFERROR(IF(OR(J17="",K17=""),"",IF(J17="NO","NO",K17)),"") | O17: =IFERROR(IF(OR(J17="",L17=""),"",IF(J17="NO","NO",L17)),"") | P17: =IFERROR(IF(OR(J17="",M17=""),"",IF(J17="NO","NO",M17)),"") | Q17: =IFERROR(IF(S17="","",IF(S17>=DATE(1900,1,1),"SI","NO")),"") | U17: =IFERROR(IF(T17="","",YEAR(T17)),"") | V17: =IF(U17=2023,1160000,IFERROR(INDEX(SMMLV!$B$2:$B$101,MATCH(U17,SMMLV!$A$2:$A$101,0)),"")) | AC17: =IFERROR(IF(Y17="","",IF(ISNUMBER(Y17),IF(COUNTIF(Z17,"SI")>0,"SI","NO"),Y17)),"") | AD17: =IF(W17="","",IF(W17="N/A","N/A",W17)) | AF17: =IFERROR(IF(OR(J17="",J17="NO"),"",IF(AND(J17="SI",Q17="SI"),IFERROR(AE17*R17,""),"")),"") | AI17: =IFERROR(IF(AF17="","",IF(AF17>=CMEMM1,"CUMPLE","NO CUMPLE")),"") | CB17: =IFERROR(IF(COUNTIF(AF13:AF22,"")=10,"",IF(COUNTIF(E13:E22,"N/A")>0,IF(AF17>=CMEMM1,AF17,0),"N/A")),"") -> N/A | CD17: =IFERROR(IF(COUNTIF(AF13:AF22,"")=10,"",IF(AF17="","",IF(AF17>=CMEMM1,1,0))),"") | CE17: =B13&"-0"&5 -> P02-05 | CF17: =IFERROR(INDEX('DESEMPATE Y DISCAPACIDAD'!$D$3:$D$450,MATCH(CE17,'DESEMPATE Y DISCAPACIDAD'!$C$3:$C$450,0)),"") -> 0 | CG17: =IF(OR(CE17="",CF17=""),"",SUMIF(D13:D22,CF17,CD13:CD22)) -> 0 | CH17: =IF(OR(CE17="",CF17="",CG17=""),"",IF(CG17>0,"CUMPLE","NO CUMPLE")) -> NO CUMPLE | CI17: =IF(CF17="","",IF(ISTEXT(CF17),1,0)) -> 0 | CL17: =IF(N17="","",IF(N17="SI",1,0)) | CM17: =IF(O17="","",IF(O17="SI",1,0)) | CN17: =IF(OR(CL17="",CM17=""),"",IF(AND(CL17=0,CM17=0),"N/A",IF(AND(CL17=1,CM17=0),"COND. A",IF(AND(CL17=0,CM17=1),"COND. B",IF(AND(CL17=1,CM17=1),"COND. A Y B",""))))) | CQ17: =IF(OR(AN17="",CB17=""),"",IF(AN17="NO",CB17,0)) | CR17: =IF(OR(AN17="",AF17=""),"",IF(AN17="NO",AF17,0))
D18: =+IFERROR(INDEX('DESEMPATE Y DISCAPACIDAD'!$D$3:$D$450,MATCH(C18,'DESEMPATE Y DISCAPACIDAD'!$C$3:$C$450,0)),"") | E18: =IFERROR(IF(D18="","",IF(VLOOKUP(D18,'DESEMPATE Y DISCAPACIDAD'!D$3:$E$450,2,FALSE)=1,"N/A",IF(VLOOKUP(D18,'DESEMPATE Y DISCAPACIDAD'!D$3:$F$450,3,FALSE)="X","SI","NO"))),"") | N18: =IFERROR(IF(OR(J18="",K18=""),"",IF(J18="NO","NO",K18)),"") | O18: =IFERROR(IF(OR(J18="",L18=""),"",IF(J18="NO","NO",L18)),"") | P18: =IFERROR(IF(OR(J18="",M18=""),"",IF(J18="NO","NO",M18)),"") | Q18: =IFERROR(IF(S18="","",IF(S18>=DATE(1900,1,1),"SI","NO")),"") | U18: =IFERROR(IF(T18="","",YEAR(T18)),"") | V18: =IF(U18=2023,1160000,IFERROR(INDEX(SMMLV!$B$2:$B$101,MATCH(U18,SMMLV!$A$2:$A$101,0)),"")) | AC18: =IFERROR(IF(Y18="","",IF(ISNUMBER(Y18),IF(COUNTIF(Z18,"SI")>0,"SI","NO"),Y18)),"") | AD18: =IF(W18="","",IF(W18="N/A","N/A",W18)) | AF18: =IFERROR(IF(OR(J18="",J18="NO"),"",IF(AND(J18="SI",Q18="SI"),IFERROR(AE18*R18,""),"")),"") | AI18: =IFERROR(IF(AF18="","",IF(AF18>=CMEMM1,"CUMPLE","NO CUMPLE")),"") | CB18: =IFERROR(IF(COUNTIF(AF13:AF22,"")=10,"",IF(COUNTIF(E13:E22,"N/A")>0,IF(AF18>=CMEMM1,AF18,0),"N/A")),"") -> N/A | CD18: =IFERROR(IF(COUNTIF(AF13:AF22,"")=10,"",IF(AF18="","",IF(AF18>=CMEMM1,1,0))),"") | CE18: =B13&"-0"&6 -> P02-06 | CF18: =IFERROR(INDEX('DESEMPATE Y DISCAPACIDAD'!$D$3:$D$450,MATCH(CE18,'DESEMPATE Y DISCAPACIDAD'!$C$3:$C$450,0)),"") -> 0 | CG18: =IF(OR(CE18="",CF18=""),"",SUMIF(D13:D22,CF18,CD13:CD22)) -> 0 | CH18: =IF(OR(CE18="",CF18="",CG18=""),"",IF(CG18>0,"CUMPLE","NO CUMPLE")) -> NO CUMPLE | CI18: =IF(CF18="","",IF(ISTEXT(CF18),1,0)) -> 0 | CL18: =IF(N18="","",IF(N18="SI",1,0)) | CM18: =IF(O18="","",IF(O18="SI",1,0)) | CN18: =IF(OR(CL18="",CM18=""),"",IF(AND(CL18=0,CM18=0),"N/A",IF(AND(CL18=1,CM18=0),"COND. A",IF(AND(CL18=0,CM18=1),"COND. B",IF(AND(CL18=1,CM18=1),"COND. A Y B",""))))) | CQ18: =IF(OR(AN18="",CB18=""),"",IF(AN18="NO",CB18,0)) | CR18: =IF(OR(AN18="",AF18=""),"",IF(AN18="NO",AF18,0))
D19: =+IFERROR(INDEX('DESEMPATE Y DISCAPACIDAD'!$D$3:$D$450,MATCH(C19,'DESEMPATE Y DISCAPACIDAD'!$C$3:$C$450,0)),"") | E19: =IFERROR(IF(D19="","",IF(VLOOKUP(D19,'DESEMPATE Y DISCAPACIDAD'!D$3:$E$450,2,FALSE)=1,"N/A",IF(VLOOKUP(D19,'DESEMPATE Y DISCAPACIDAD'!D$3:$F$450,3,FALSE)="X","SI","NO"))),"") | N19: =IFERROR(IF(OR(J19="",K19=""),"",IF(J19="NO","NO",K19)),"") | O19: =IFERROR(IF(OR(J19="",L19=""),"",IF(J19="NO","NO",L19)),"") | P19: =IFERROR(IF(OR(J19="",M19=""),"",IF(J19="NO","NO",M19)),"") | Q19: =IFERROR(IF(S19="","",IF(S19>=DATE(1900,1,1),"SI","NO")),"") | U19: =IFERROR(IF(T19="","",YEAR(T19)),"") | V19: =IF(U19=2023,1160000,IFERROR(INDEX(SMMLV!$B$2:$B$101,MATCH(U19,SMMLV!$A$2:$A$101,0)),"")) | AC19: =IFERROR(IF(Y19="","",IF(ISNUMBER(Y19),IF(COUNTIF(Z19,"SI")>0,"SI","NO"),Y19)),"") | AD19: =IF(W19="","",IF(W19="N/A","N/A",W19)) | AF19: =IFERROR(IF(OR(J19="",J19="NO"),"",IF(AND(J19="SI",Q19="SI"),IFERROR(AE19*R19,""),"")),"") | AI19: =IFERROR(IF(AF19="","",IF(AF19>=CMEMM1,"CUMPLE","NO CUMPLE")),"") | CB19: =IFERROR(IF(COUNTIF(AF13:AF22,"")=10,"",IF(COUNTIF(E13:E22,"N/A")>0,IF(AF19>=CMEMM1,AF19,0),"N/A")),"") -> N/A | CD19: =IFERROR(IF(COUNTIF(AF13:AF22,"")=10,"",IF(AF19="","",IF(AF19>=CMEMM1,1,0))),"") | CE19: =B13&"-0"&7 -> P02-07 | CF19: =IFERROR(INDEX('DESEMPATE Y DISCAPACIDAD'!$D$3:$D$450,MATCH(CE19,'DESEMPATE Y DISCAPACIDAD'!$C$3:$C$450,0)),"") | CG19: =IF(OR(CE19="",CF19=""),"",SUMIF(D13:D22,CF19,CD13:CD22)) | CH19: =IF(OR(CE19="",CF19="",CG19=""),"",IF(CG19>0,"CUMPLE","NO CUMPLE")) | CI19: =IF(CF19="","",IF(ISTEXT(CF19),1,0)) | CL19: =IF(N19="","",IF(N19="SI",1,0)) | CM19: =IF(O19="","",IF(O19="SI",1,0)) | CN19: =IF(OR(CL19="",CM19=""),"",IF(AND(CL19=0,CM19=0),"N/A",IF(AND(CL19=1,CM19=0),"COND. A",IF(AND(CL19=0,CM19=1),"COND. B",IF(AND(CL19=1,CM19=1),"COND. A Y B",""))))) | CQ19: =IF(OR(AN19="",CB19=""),"",IF(AN19="NO",CB19,0)) | CR19: =IF(OR(AN19="",AF19=""),"",IF(AN19="NO",AF19,0))
D20: =+IFERROR(INDEX('DESEMPATE Y DISCAPACIDAD'!$D$3:$D$450,MATCH(C20,'DESEMPATE Y DISCAPACIDAD'!$C$3:$C$450,0)),"") | E20: =IFERROR(IF(D20="","",IF(VLOOKUP(D20,'DESEMPATE Y DISCAPACIDAD'!D$3:$E$450,2,FALSE)=1,"N/A",IF(VLOOKUP(D20,'DESEMPATE Y DISCAPACIDAD'!D$3:$F$450,3,FALSE)="X","SI","NO"))),"") | N20: =IFERROR(IF(OR(J20="",K20=""),"",IF(J20="NO","NO",K20)),"") | O20: =IFERROR(IF(OR(J20="",L20=""),"",IF(J20="NO","NO",L20)),"") | P20: =IFERROR(IF(OR(J20="",M20=""),"",IF(J20="NO","NO",M20)),"") | Q20: =IFERROR(IF(S20="","",IF(S20>=DATE(1900,1,1),"SI","NO")),"") | U20: =IFERROR(IF(T20="","",YEAR(T20)),"") | V20: =IF(U20=2023,1160000,IFERROR(INDEX(SMMLV!$B$2:$B$101,MATCH(U20,SMMLV!$A$2:$A$101,0)),"")) | AC20: =IFERROR(IF(Y20="","",IF(ISNUMBER(Y20),IF(COUNTIF(Z20,"SI")>0,"SI","NO"),Y20)),"") | AD20: =IF(W20="","",IF(W20="N/A","N/A",W20)) | AF20: =IFERROR(IF(OR(J20="",J20="NO"),"",IF(AND(J20="SI",Q20="SI"),IFERROR(AE20*R20,""),"")),"") | AI20: =IFERROR(IF(AF20="","",IF(AF20>=CMEMM1,"CUMPLE","NO CUMPLE")),"") | CB20: =IFERROR(IF(COUNTIF(AF13:AF22,"")=10,"",IF(COUNTIF(E13:E22,"N/A")>0,IF(AF20>=CMEMM1,AF20,0),"N/A")),"") -> N/A | CD20: =IFERROR(IF(COUNTIF(AF13:AF22,"")=10,"",IF(AF20="","",IF(AF20>=CMEMM1,1,0))),"") | CE20: =B13&"-0"&8 -> P02-08 | CF20: =IFERROR(INDEX('DESEMPATE Y DISCAPACIDAD'!$D$3:$D$450,MATCH(CE20,'DESEMPATE Y DISCAPACIDAD'!$C$3:$C$450,0)),"") | CG20: =IF(OR(CE20="",CF20=""),"",SUMIF(D13:D22,CF20,CD13:CD22)) | CH20: =IF(OR(CE20="",CF20="",CG20=""),"",IF(CG20>0,"CUMPLE","NO CUMPLE")) | CI20: =IF(CF20="","",IF(ISTEXT(CF20),1,0)) | CL20: =IF(N20="","",IF(N20="SI",1,0)) | CM20: =IF(O20="","",IF(O20="SI",1,0)) | CN20: =IF(OR(CL20="",CM20=""),"",IF(AND(CL20=0,CM20=0),"N/A",IF(AND(CL20=1,CM20=0),"COND. A",IF(AND(CL20=0,CM20=1),"COND. B",IF(AND(CL20=1,CM20=1),"COND. A Y B",""))))) | CQ20: =IF(OR(AN20="",CB20=""),"",IF(AN20="NO",CB20,0)) | CR20: =IF(OR(AN20="",AF20=""),"",IF(AN20="NO",AF20,0))
D21: =+IFERROR(INDEX('DESEMPATE Y DISCAPACIDAD'!$D$3:$D$450,MATCH(C21,'DESEMPATE Y DISCAPACIDAD'!$C$3:$C$450,0)),"") | E21: =IFERROR(IF(D21="","",IF(VLOOKUP(D21,'DESEMPATE Y DISCAPACIDAD'!D$3:$E$450,2,FALSE)=1,"N/A",IF(VLOOKUP(D21,'DESEMPATE Y DISCAPACIDAD'!D$3:$F$450,3,FALSE)="X","SI","NO"))),"") | N21: =IFERROR(IF(OR(J21="",K21=""),"",IF(J21="NO","NO",K21)),"") | O21: =IFERROR(IF(OR(J21="",L21=""),"",IF(J21="NO","NO",L21)),"") | P21: =IFERROR(IF(OR(J21="",M21=""),"",IF(J21="NO","NO",M21)),"") | Q21: =IFERROR(IF(S21="","",IF(S21>=DATE(1900,1,1),"SI","NO")),"") | U21: =IFERROR(IF(T21="","",YEAR(T21)),"") | V21: =IF(U21=2023,1160000,IFERROR(INDEX(SMMLV!$B$2:$B$101,MATCH(U21,SMMLV!$A$2:$A$101,0)),"")) | AC21: =IFERROR(IF(Y21="","",IF(ISNUMBER(Y21),IF(COUNTIF(Z21,"SI")>0,"SI","NO"),Y21)),"") | AD21: =IF(W21="","",IF(W21="N/A","N/A",W21)) | AF21: =IFERROR(IF(OR(J21="",J21="NO"),"",IF(AND(J21="SI",Q21="SI"),IFERROR(AE21*R21,""),"")),"") | AI21: =IFERROR(IF(AF21="","",IF(AF21>=CMEMM1,"CUMPLE","NO CUMPLE")),"") | CB21: =IFERROR(IF(COUNTIF(AF13:AF22,"")=10,"",IF(COUNTIF(E13:E22,"N/A")>0,IF(AF21>=CMEMM1,AF21,0),"N/A")),"") -> N/A | CD21: =IFERROR(IF(COUNTIF(AF13:AF22,"")=10,"",IF(AF21="","",IF(AF21>=CMEMM1,1,0))),"") | CE21: =B13&"-0"&9 -> P02-09 | CF21: =IFERROR(INDEX('DESEMPATE Y DISCAPACIDAD'!$D$3:$D$450,MATCH(CE21,'DESEMPATE Y DISCAPACIDAD'!$C$3:$C$450,0)),"") | CG21: =IF(OR(CE21="",CF21=""),"",SUMIF(D13:D22,CF21,CD13:CD22)) | CH21: =IF(OR(CE21="",CF21="",CG21=""),"",IF(CG21>0,"CUMPLE","NO CUMPLE")) | CI21: =IF(CF21="","",IF(ISTEXT(CF21),1,0)) | CL21: =IF(N21="","",IF(N21="SI",1,0)) | CM21: =IF(O21="","",IF(O21="SI",1,0)) | CN21: =IF(OR(CL21="",CM21=""),"",IF(AND(CL21=0,CM21=0),"N/A",IF(AND(CL21=1,CM21=0),"COND. A",IF(AND(CL21=0,CM21=1),"COND. B",IF(AND(CL21=1,CM21=1),"COND. A Y B",""))))) | CQ21: =IF(OR(AN21="",CB21=""),"",IF(AN21="NO",CB21,0)) | CR21: =IF(OR(AN21="",AF21=""),"",IF(AN21="NO",AF21,0))
D22: =+IFERROR(INDEX('DESEMPATE Y DISCAPACIDAD'!$D$3:$D$450,MATCH(C22,'DESEMPATE Y DISCAPACIDAD'!$C$3:$C$450,0)),"") | E22: =IFERROR(IF(D22="","",IF(VLOOKUP(D22,'DESEMPATE Y DISCAPACIDAD'!D$3:$E$450,2,FALSE)=1,"N/A",IF(VLOOKUP(D22,'DESEMPATE Y DISCAPACIDAD'!D$3:$F$450,3,FALSE)="X","SI","NO"))),"") | N22: =IFERROR(IF(OR(J22="",K22=""),"",IF(J22="NO","NO",K22)),"") | O22: =IFERROR(IF(OR(J22="",L22=""),"",IF(J22="NO","NO",L22)),"") | P22: =IFERROR(IF(OR(J22="",M22=""),"",IF(J22="NO","NO",M22)),"") | Q22: =IFERROR(IF(S22="","",IF(S22>=DATE(1900,1,1),"SI","NO")),"") | U22: =IFERROR(IF(T22="","",YEAR(T22)),"") | V22: =IF(U22=2023,1160000,IFERROR(INDEX(SMMLV!$B$2:$B$101,MATCH(U22,SMMLV!$A$2:$A$101,0)),"")) | AC22: =IFERROR(IF(Y22="","",IF(ISNUMBER(Y22),IF(COUNTIF(Z22,"SI")>0,"SI","NO"),Y22)),"") | AD22: =IF(W22="","",IF(W22="N/A","N/A",W22)) | AF22: =IFERROR(IF(OR(J22="",J22="NO"),"",IF(AND(J22="SI",Q22="SI"),IFERROR(AE22*R22,""),"")),"") | AI22: =IFERROR(IF(AF22="","",IF(AF22>=CMEMM1,"CUMPLE","NO CUMPLE")),"") | CB22: =IFERROR(IF(COUNTIF(AF13:AF22,"")=10,"",IF(COUNTIF(E13:E22,"N/A")>0,IF(AF22>=CMEMM1,AF22,0),"N/A")),"") -> N/A | CD22: =IFERROR(IF(COUNTIF(AF13:AF22,"")=10,"",IF(AF22="","",IF(AF22>=CMEMM1,1,0))),"") | CE22: =B13&"-"&10 -> P02-10 | CF22: =IFERROR(INDEX('DESEMPATE Y DISCAPACIDAD'!$D$3:$D$450,MATCH(CE22,'DESEMPATE Y DISCAPACIDAD'!$C$3:$C$450,0)),"") | CG22: =IF(OR(CE22="",CF22=""),"",SUMIF(D13:D22,CF22,CD13:CD22)) | CH22: =IF(OR(CE22="",CF22="",CG22=""),"",IF(CG22>0,"CUMPLE","NO CUMPLE")) | CI22: =IF(CF22="","",IF(ISTEXT(CF22),1,0)) | CL22: =IF(N22="","",IF(N22="SI",1,0)) | CM22: =IF(O22="","",IF(O22="SI",1,0)) | CN22: =IF(OR(CL22="",CM22=""),"",IF(AND(CL22=0,CM22=0),"N/A",IF(AND(CL22=1,CM22=0),"COND. A",IF(AND(CL22=0,CM22=1),"COND. B",IF(AND(CL22=1,CM22=1),"COND. A Y B",""))))) | CQ22: =IF(OR(AN22="",CB22=""),"",IF(AN22="NO",CB22,0)) | CR22: =IF(OR(AN22="",AF22=""),"",IF(AN22="NO",AF22,0))
A23: ="A"&B23 -> AP03 | B23: P03 | C23: P03-01 | D23: =+IFERROR(INDEX('DESEMPATE Y DISCAPACIDAD'!$D$3:$D$450,MATCH(C23,'DESEMPATE Y DISCAPACIDAD'!$C$3:$C$450,0)),"") -> AIM ENGINEERING S.A.S | E23: =IFERROR(IF(D23="","",IF(VLOOKUP(D23,'DESEMPATE Y DISCAPACIDAD'!D$3:$E$450,2,FALSE)=1,"N/A",IF(VLOOKUP(D23,'DESEMPATE Y DISCAPACIDAD'!D$3:$F$450,3,FALSE)="X","SI","NO"))),"") -> NO | F23: AGENCIA NACIONAL DE INFRAESTRUCTURA - ANI | G23: COLOMBIA | H23: 156 DE 2014 | I23: INTERVENTORÍA INTEGRAL AL CONTRATO DE CONCESIÓN NO. 006 DE 2014 – PROYECTO AUTOPISTA CONEXIÓN PACIFICO 2. | J23: SI | K23: SI | L23: SI | M23: NO | N23: =IFERROR(IF(OR(J23="",K23=""),"",IF(J23="NO","NO",K23)),"") -> SI | O23: =IFERROR(IF(OR(J23="",L23=""),"",IF(J23="NO","NO",L23)),"") -> SI | P23: =IFERROR(IF(OR(J23="",M23=""),"",IF(J23="NO","NO",M23)),"") -> NO | Q23: =IFERROR(IF(S23="","",IF(S23>=DATE(1900,1,1),"SI","NO")),"") -> SI | R23: 0.51 | S23: 41953 | T23: 44895 | U23: =IFERROR(IF(T23="","",YEAR(T23)),"") -> 2022 | V23: =IF(U23=2023,1160000,IFERROR(INDEX(SMMLV!$B$2:$B$101,MATCH(U23,SMMLV!$A$2:$A$101,0)),"")) -> 1000000 | W23: N/A | X23: COP | Y23: 221 | Z23: SI | AC23: =IFERROR(IF(Y23="","",IF(ISNUMBER(Y23),IF(COUNTIF(Z23,"SI")>0,"SI","NO"),Y23)),"") -> SI | AD23: =IF(W23="","",IF(W23="N/A","N/A",W23)) -> N/A | AE23: 40001.37 | AF23: =IFERROR(IF(OR(J23="",J23="NO"),"",IF(AND(J23="SI",Q23="SI"),IFERROR(AE23*R23,""),"")),"") -> 20400.699 | AG23: =IFERROR(IF(COUNTIF(AF23:AF32,"")=10,"",IF(COUNTIF(E23:E32,"N/A")>0,IF(SUM(CB23:CB32)>=CMEM1,"CUMPLE","NO CUMPLE"),IF(SUM(AF23:AF32)>=CMEM1,"CUMPLE","NO CUMPLE"))),"") -> CUMPLE | AH23: =IF(COUNTIF(AF23:AF32,"")=10,"",IF(SUMIF(C23:C32,C23,AF23:AF32)>=CMLM1,"CUMPLE",IF(SUMIF(C23:C32,C24,AF23:AF32)>=CMLM1,"CUMPLE",IF(SUMIF(C23:C32,C25,AF23:AF32)>=CMLM1,"CUMPLE",IF(SUMIF(C23:C32,C26,AF23:AF32)>=CMLM1,"CUMPLE",IF(SUMIF(C23:C32,C27,AF23:AF32)>=CMLM1,"CUMPLE",IF(SUMIF(C23:C32,C28,AF23:AF32)>=CMLM1,"CUMPLE",IF(SUMIF(C23:C32,C29,AF23:AF32)>=CMLM1,"CUMPLE",IF(SUMIF(C23:C32,C30,AF23:AF32)>=CMLM1,"CUMPLE",IF(SUMIF(C23:C32,C31,AF23:AF32)>=CMLM1,"CUMPLE",IF(SUMIF(C23:C32,C32,AF23:AF32)>=CMLM1,"CUMPLE","NO CUMPLE"))))))))))) -> CUMPLE | AI23: =IFERROR(IF(AF23="","",IF(AF23>=CMEMM1,"CUMPLE","NO CUMPLE")),"") -> CUMPLE | AJ23: =IFERROR(IF(COUNTIF(AF23:AF32,"")=10,"",IF(COUNTIF(E23:E32,"N/A")>0,"N/A",CJ23)),"") -> CUMPLE | AK23: =IFERROR(IF(AND(COUNTIF(N23:N32,"SI")>=1,COUNTIF(O23:O32,"SI")>=1,COUNTIF(P23:P32,"SI")>=1,COUNTIF(J23:J32,"SI")<=10,CO23="CUMPLE"),"CUMPLE","NO CUMPLE"),"") -> CUMPLE | AL23: HÁBIL | AM23: =IFERROR(IF(B23<>"",IF(VLOOKUP(B23,'DESEMPATE Y DISCAPACIDAD'!$A$3:$Q$450,10,FALSE)="","",VLOOKUP(B23,'DESEMPATE Y DISCAPACIDAD'!$A$3:$Q$450,10,FALSE)+6),""),"") -> 8 | AN23: NO | AO23: SI | AP23: SI | AQ23: =IFERROR(IF(COUNTIF(AP23:AP32,"")=10,"",IF(AO23="NO",0,COUNTIF(AP23:AP32,"SI"))),"") -> 5 | AR23: =IFERROR(IF(COUNTIF(AF23:AF32,"")=10,"",IF(AO23="NO",0,IF(COUNTIF(E23:E32,"N/A")>0,SUM(CQ23:CQ32),SUM(CR23:CR32)))),"") -> 110603.83 | AS23: =IFERROR(IF(OR(COUNTIF(AF23:AF32,"")=10,AQ23="",AR23=""),"",IF(AO23="NO",0,AR23/AQ23)),"") -> 22120.766 | AU23: Referente al Contrato de Orden No. 2 identificado como SEA-057 - 2012, cuyo objeto es: INTERVENTORÍA TÉCNICA, FINANCIERA, CONTABLE, JURÍDICA, MEDIOAMBIENTAL, SOCIO-PREDIAL, ADMINISTRATIVA, DE SEGUROS, OPERATIVA Y DE MANTENIMIENTO DEL CONTRATO DE CONCESIÓN, EL CUAL HACE PARTE DEL PROYECTO VIAL RUTA DEL SOL Y QUE CORRESPONDE AL SECTOR 3 COMPRENDIDO ENTRE SAN ROQUE – YE DE CIÉNAGA Y VALLEDUPAR – CARMEN DE BOLÍVAR. De conformidad con lo establecido en el Anexo de Generalidades: “1.10. GLOSARIO Contrato Ejecutado o Contrato Terminado: Para efectos de acreditación de experiencia, aquellos en los que su objeto y obligaciones se encuentran ejecutadas y recibidas a satisfacción por parte del contratante y se soportan en los documentos de recibo a satisfacción y/o liquidación. En caso de que el acta de liquidación y/o recibo a satisfacción contenga salvedades u obligaciones pendientes a cargo del contratista, se dará el tratamiento a las reglas establecidas para Contratos en ejecución” “3.4.1.3. ACREDITACIÓN DE EXPERIENCIA DE CONTRATOS EN EJECUCIÓN: (…) (iv) Para efectos de evaluación, únicamente para los contratos en ejecución suscritos con la Agencia Nacional de Infraestructura, se realizará la conversión a SMMLV efectivamente pagado en pesos corrientes; valores tomados de la información que certifiquen internamente las Vicepresidencias a cargo de cada contrato, con la fecha de corte del último pago realizado y certificado por la ANI. Para tal fin, el oferente deberá anunciar la experiencia que pretende acreditar en el Formato No. 4 de experiencia, sin aportar la certificación y, por lo mismo, se tomará el valor certificado por la ANI. (v) Para la acreditación de la experiencia de contratos en ejecución en el certificado de experiencia debe verificarse el valor facturado y pagado antes del cierre del Proceso de Contratación y las demás condiciones establecidas por la Entidad que permitan conocer las actividades realizadas y el respectivo valor. (…)” Si bien la experiencia acreditada con la Agencia Nacional de Infraestructura es válida, es preciso indicarle al oferente que se realiza un ajuste en el valor facturado del contrato y se da tratamiento al mismo como contrato en Ejecución, conforme a lo certificado por la Vicepresidencia encarga del respectivo contrato que indica: Frente al estado del contrato: Salvedades u obligaciones pendientes (X) “Valor Pagado en Pesos Corrientes (Acumulado) antes del 09 de marzo de 2026 el valor acumulado facturado asciende a $ 102.465.836.655 pesos corrientes, último pago 13/01/2023. El respectivo ajuste se evidencia en la matriz de evaluación técnica remitida mediante memorando No. 20265000069213 del 25/03/2026. El referido memorando, junto con la respuesta emitida, así como el informe de evaluación preliminar es objeto de publicación en la Plataforma SECOP II | AV23: No aplica solicitud de subsane | AW23: No aplica solicitud de subsane | AX23: No aplica solicitud de subsane | CB23: =IFERROR(IF(COUNTIF(AF23:AF32,"")=10,"",IF(COUNTIF(E23:E32,"N/A")>0,IF(AF23>=CMEMM1,AF23,0),"N/A")),"") -> N/A | CD23: =IFERROR(IF(COUNTIF(AF23:AF32,"")=10,"",IF(AF23="","",IF(AF23>=CMEMM1,1,0))),"") -> 1 | CE23: =B23&"-0"&1 -> P03-01 | CF23: =IFERROR(INDEX('DESEMPATE Y DISCAPACIDAD'!$D$3:$D$450,MATCH(CE23,'DESEMPATE Y DISCAPACIDAD'!$C$3:$C$450,0)),"") -> AIM ENGINEERING S.A.S | CG23: =IF(OR(CE23="",CF23=""),"",SUMIF(D23:D32,CF23,CD23:CD32)) -> 3 | CH23: =IF(OR(CE23="",CF23="",CG23=""),"",IF(CG23>0,"CUMPLE","NO CUMPLE")) -> CUMPLE | CI23: =IF(CF23="","",IF(ISTEXT(CF23),1,0)) -> 1 | CJ23: =IF(OR(CD23="",CE23="",CF23="",CG23="",CH23="",CI23=""),"",IF(COUNTIF(CH23:CH32,"CUMPLE")=COUNTIF(CI23:CI32,1),"CUMPLE","NO CUMPLE")) -> CUMPLE | CL23: =IF(N23="","",IF(N23="SI",1,0)) -> 1 | CM23: =IF(O23="","",IF(O23="SI",1,0)) -> 1 | CN23: =IF(OR(CL23="",CM23=""),"",IF(AND(CL23=0,CM23=0),"N/A",IF(AND(CL23=1,CM23=0),"COND. A",IF(AND(CL23=0,CM23=1),"COND. B",IF(AND(CL23=1,CM23=1),"COND. A Y B",""))))) -> COND. A Y B | CO23: =IF(COUNTIF(CN23:CN32,"N/A")=10,"NO CUMPLE",IF(COUNTIF(CN23:CN32,"COND. A Y B")>1,"CUMPLE",IF(AND(COUNTIF(CN23:CN32,"COND. A")>0,COUNTIF(CN23:CN32,"COND. B")>0),"CUMPLE",IF(AND(COUNTIF(CN23:CN32,"COND. A Y B")>0,COUNTIF(CN23:CN32,"COND. A")>0),"CUMPLE",IF(AND(COUNTIF(CN23:CN32,"COND. A Y B")>0,COUNTIF(CN23:CN32,"COND. B")>0),"CUMPLE","NO CUMPLE"))))) -> CUMPLE | CQ23: =IF(OR(AN23="",CB23=""),"",IF(AN23="NO",CB23,0)) -> N/A | CR23: =IF(OR(AN23="",AF23=""),"",IF(AN23="NO",AF23,0)) -> 20400.699
C24: P03-01 | D24: =+IFERROR(INDEX('DESEMPATE Y DISCAPACIDAD'!$D$3:$D$450,MATCH(C24,'DESEMPATE Y DISCAPACIDAD'!$C$3:$C$450,0)),"") -> AIM ENGINEERING S.A.S | E24: =IFERROR(IF(D24="","",IF(VLOOKUP(D24,'DESEMPATE Y DISCAPACIDAD'!D$3:$E$450,2,FALSE)=1,"N/A",IF(VLOOKUP(D24,'DESEMPATE Y DISCAPACIDAD'!D$3:$F$450,3,FALSE)="X","SI","NO"))),"") -> NO | F24: AGENCIA NACIONAL DE INFRAESTRUCTURA - ANI | G24: COLOMBIA | H24: SEA-057 - 2012 | I24: INTERVENTORÍA TÉCNICA, FINANCIERA, CONTABLE, JURÍDICA, MEDIOAMBIENTAL, SOCIO-PREDIAL, ADMINISTRATIVA, DE SEGUROS, OPERATIVA Y DE MANTENIMIENTO DEL CONTRATO DE CONCESIÓN, EL CUAL HACE PARTE DEL PROYECTO VIAL RUTA DEL SOL Y QUE CORRESPONDE AL SECTOR 3 COMPRENDIDO ENTRE SAN ROQUE – YE DE CIÉNAGA Y VALLEDUPAR – CARMEN DE BOLÍVAR. | J24: SI | K24: SI | L24: SI | M24: NO | N24: =IFERROR(IF(OR(J24="",K24=""),"",IF(J24="NO","NO",K24)),"") -> SI | O24: =IFERROR(IF(OR(J24="",L24=""),"",IF(J24="NO","NO",L24)),"") -> SI | P24: =IFERROR(IF(OR(J24="",M24=""),"",IF(J24="NO","NO",M24)),"") -> NO | Q24: =IFERROR(IF(S24="","",IF(S24>=DATE(1900,1,1),"SI","NO")),"") -> SI | R24: 0.4 | S24: 41012 | T24: 44938 | U24: =IFERROR(IF(T24="","",YEAR(T24)),"") -> 2023 | V24: =IF(U24=2023,1160000,IFERROR(INDEX(SMMLV!$B$2:$B$101,MATCH(U24,SMMLV!$A$2:$A$101,0)),"")) -> 1160000 | W24: 102465836655 | X24: COP | Y24: 229 | Z24: SI | AC24: =IFERROR(IF(Y24="","",IF(ISNUMBER(Y24),IF(COUNTIF(Z24,"SI")>0,"SI","NO"),Y24)),"") -> SI | AD24: =IF(W24="","",IF(W24="N/A","N/A",W24)) -> 102465836655 | AE24: 88332.62 | AF24: =IFERROR(IF(OR(J24="",J24="NO"),"",IF(AND(J24="SI",Q24="SI"),IFERROR(AE24*R24,""),"")),"") -> 35333.048 | AI24: =IFERROR(IF(AF24="","",IF(AF24>=CMEMM1,"CUMPLE","NO CUMPLE")),"") -> CUMPLE | AN24: NO | AP24: SI | CB24: =IFERROR(IF(COUNTIF(AF23:AF32,"")=10,"",IF(COUNTIF(E23:E32,"N/A")>0,IF(AF24>=CMEMM1,AF24,0),"N/A")),"") -> N/A | CD24: =IFERROR(IF(COUNTIF(AF23:AF32,"")=10,"",IF(AF24="","",IF(AF24>=CMEMM1,1,0))),"") -> 1 | CE24: =B23&"-0"&2 -> P03-02 | CF24: =IFERROR(INDEX('DESEMPATE Y DISCAPACIDAD'!$D$3:$D$450,MATCH(CE24,'DESEMPATE Y DISCAPACIDAD'!$C$3:$C$450,0)),"") -> COMPAÑÍA COLOMBIANA DE CONSULTORES S.A.S. | CG24: =IF(OR(CE24="",CF24=""),"",SUMIF(D23:D32,CF24,CD23:CD32)) -> 3 | CH24: =IF(OR(CE24="",CF24="",CG24=""),"",IF(CG24>0,"CUMPLE","NO CUMPLE")) -> CUMPLE | CI24: =IF(CF24="","",IF(ISTEXT(CF24),1,0)) -> 1 | CL24: =IF(N24="","",IF(N24="SI",1,0)) -> 1 | CM24: =IF(O24="","",IF(O24="SI",1,0)) -> 1 | CN24: =IF(OR(CL24="",CM24=""),"",IF(AND(CL24=0,CM24=0),"N/A",IF(AND(CL24=1,CM24=0),"COND. A",IF(AND(CL24=0,CM24=1),"COND. B",IF(AND(CL24=1,CM24=1),"COND. A Y B",""))))) -> COND. A Y B | CQ24: =IF(OR(AN24="",CB24=""),"",IF(AN24="NO",CB24,0)) -> N/A | CR24: =IF(OR(AN24="",AF24=""),"",IF(AN24="NO",AF24,0)) -> 35333.048
C25: P03-01 | D25: =+IFERROR(INDEX('DESEMPATE Y DISCAPACIDAD'!$D$3:$D$450,MATCH(C25,'DESEMPATE Y DISCAPACIDAD'!$C$3:$C$450,0)),"") -> AIM ENGINEERING S.A.S | E25: =IFERROR(IF(D25="","",IF(VLOOKUP(D25,'DESEMPATE Y DISCAPACIDAD'!D$3:$E$450,2,FALSE)=1,"N/A",IF(VLOOKUP(D25,'DESEMPATE Y DISCAPACIDAD'!D$3:$F$450,3,FALSE)="X","SI","NO"))),"") -> NO | F25: INSTITUTO NACIONAL DE VIAS - INVIAS | G25: COLOMBIA | H25: 677 DE 2012 | I25: INTERVENTORÍA INTEGRAL QUE INCLUYE PERO NO SE LIMITA A LA INTERVENTORÍA TÉCNICA, FINANCIERA, ADMINISTRATIVA, JURÍDICA, GESTIÓN SOCIAL, PREDIAL Y AMBIENTAL PARA EL MEJORAMIENTO DEL PROYECTO CORREDOR TRANSVERSAL CENTRAL DEL PACIFICO FASE II EN EL PROGRAMA DE CORREDORES PRIORITARIOS PARA LA PROSPERIDAD.. (LONGITUD DEL CORREDOR: 57.3 KM) | J25: SI | K25: SI | L25: NO | M25: SI | N25: =IFERROR(IF(OR(J25="",K25=""),"",IF(J25="NO","NO",K25)),"") -> SI | O25: =IFERROR(IF(OR(J25="",L25=""),"",IF(J25="NO","NO",L25)),"") -> NO | P25: =IFERROR(IF(OR(J25="",M25=""),"",IF(J25="NO","NO",M25)),"") -> SI | Q25: =IFERROR(IF(S25="","",IF(S25>=DATE(1900,1,1),"SI","NO")),"") -> SI | R25: 0.5 | S25: 41116 | T25: 42972 | U25: =IFERROR(IF(T25="","",YEAR(T25)),"") -> 2017 | V25: =IF(U25=2023,1160000,IFERROR(INDEX(SMMLV!$B$2:$B$101,MATCH(U25,SMMLV!$A$2:$A$101,0)),"")) -> 737717 | W25: N/A | X25: COP | Y25: 163 | Z25: SI | AC25: =IFERROR(IF(Y25="","",IF(ISNUMBER(Y25),IF(COUNTIF(Z25,"SI")>0,"SI","NO"),Y25)),"") -> SI | AD25: =IF(W25="","",IF(W25="N/A","N/A",W25)) -> N/A | AE25: 15113.79 | AF25: =IFERROR(IF(OR(J25="",J25="NO"),"",IF(AND(J25="SI",Q25="SI"),IFERROR(AE25*R25,""),"")),"") -> 7556.895 | AI25: =IFERROR(IF(AF25="","",IF(AF25>=CMEMM1,"CUMPLE","NO CUMPLE")),"") -> CUMPLE | AN25: NO | AP25: SI | CB25: =IFERROR(IF(COUNTIF(AF23:AF32,"")=10,"",IF(COUNTIF(E23:E32,"N/A")>0,IF(AF25>=CMEMM1,AF25,0),"N/A")),"") -> N/A | CD25: =IFERROR(IF(COUNTIF(AF23:AF32,"")=10,"",IF(AF25="","",IF(AF25>=CMEMM1,1,0))),"") -> 1 | CE25: =B23&"-0"&3 -> P03-03 | CF25: =IFERROR(INDEX('DESEMPATE Y DISCAPACIDAD'!$D$3:$D$450,MATCH(CE25,'DESEMPATE Y DISCAPACIDAD'!$C$3:$C$450,0)),"") -> 0 | CG25: =IF(OR(CE25="",CF25=""),"",SUMIF(D23:D32,CF25,CD23:CD32)) -> 0 | CH25: =IF(OR(CE25="",CF25="",CG25=""),"",IF(CG25>0,"CUMPLE","NO CUMPLE")) -> NO CUMPLE | CI25: =IF(CF25="","",IF(ISTEXT(CF25),1,0)) -> 0 | CL25: =IF(N25="","",IF(N25="SI",1,0)) -> 1 | CM25: =IF(O25="","",IF(O25="SI",1,0)) -> 0 | CN25: =IF(OR(CL25="",CM25=""),"",IF(AND(CL25=0,CM25=0),"N/A",IF(AND(CL25=1,CM25=0),"COND. A",IF(AND(CL25=0,CM25=1),"COND. B",IF(AND(CL25=1,CM25=1),"COND. A Y B",""))))) -> COND. A | CQ25: =IF(OR(AN25="",CB25=""),"",IF(AN25="NO",CB25,0)) -> N/A | CR25: =IF(OR(AN25="",AF25=""),"",IF(AN25="NO",AF25,0)) -> 7556.895
C26: P03-02 | D26: =+IFERROR(INDEX('DESEMPATE Y DISCAPACIDAD'!$D$3:$D$450,MATCH(C26,'DESEMPATE Y DISCAPACIDAD'!$C$3:$C$450,0)),"") -> COMPAÑÍA COLOMBIANA DE CONSULTORES S.A.S. | E26: =IFERROR(IF(D26="","",IF(VLOOKUP(D26,'DESEMPATE Y DISCAPACIDAD'!D$3:$E$450,2,FALSE)=1,"N/A",IF(VLOOKUP(D26,'DESEMPATE Y DISCAPACIDAD'!D$3:$F$450,3,FALSE)="X","SI","NO"))),"") -> NO | J26: SI | N26: =IFERROR(IF(OR(J26="",K26=""),"",IF(J26="NO","NO",K26)),"") | O26: =IFERROR(IF(OR(J26="",L26=""),"",IF(J26="NO","NO",L26)),"") | P26: =IFERROR(IF(OR(J26="",M26=""),"",IF(J26="NO","NO",M26)),"") | Q26: =IFERROR(IF(S26="","",IF(S26>=DATE(1900,1,1),"SI","NO")),"") -> SI | R26: 0.5 | S26: 41116 | T26: 42972 | U26: =IFERROR(IF(T26="","",YEAR(T26)),"") -> 2017 | V26: =IF(U26=2023,1160000,IFERROR(INDEX(SMMLV!$B$2:$B$101,MATCH(U26,SMMLV!$A$2:$A$101,0)),"")) -> 737717 | W26: N/A | X26: COP | Y26: 198 | Z26: SI | AC26: =IFERROR(IF(Y26="","",IF(ISNUMBER(Y26),IF(COUNTIF(Z26,"SI")>0,"SI","NO"),Y26)),"") -> SI | AD26: =IF(W26="","",IF(W26="N/A","N/A",W26)) -> N/A | AE26: 15113.79 | AF26: =IFERROR(IF(OR(J26="",J26="NO"),"",IF(AND(J26="SI",Q26="SI"),IFERROR(AE26*R26,""),"")),"") -> 7556.895 | AI26: =IFERROR(IF(AF26="","",IF(AF26>=CMEMM1,"CUMPLE","NO CUMPLE")),"") -> CUMPLE | CB26: =IFERROR(IF(COUNTIF(AF23:AF32,"")=10,"",IF(COUNTIF(E23:E32,"N/A")>0,IF(AF26>=CMEMM1,AF26,0),"N/A")),"") -> N/A | CD26: =IFERROR(IF(COUNTIF(AF23:AF32,"")=10,"",IF(AF26="","",IF(AF26>=CMEMM1,1,0))),"") -> 1 | CE26: =B23&"-0"&4 -> P03-04 | CF26: =IFERROR(INDEX('DESEMPATE Y DISCAPACIDAD'!$D$3:$D$450,MATCH(CE26,'DESEMPATE Y DISCAPACIDAD'!$C$3:$C$450,0)),"") -> 0 | CG26: =IF(OR(CE26="",CF26=""),"",SUMIF(D23:D32,CF26,CD23:CD32)) -> 0 | CH26: =IF(OR(CE26="",CF26="",CG26=""),"",IF(CG26>0,"CUMPLE","NO CUMPLE")) -> NO CUMPLE | CI26: =IF(CF26="","",IF(ISTEXT(CF26),1,0)) -> 0 | CL26: =IF(N26="","",IF(N26="SI",1,0)) | CM26: =IF(O26="","",IF(O26="SI",1,0)) | CN26: =IF(OR(CL26="",CM26=""),"",IF(AND(CL26=0,CM26=0),"N/A",IF(AND(CL26=1,CM26=0),"COND. A",IF(AND(CL26=0,CM26=1),"COND. B",IF(AND(CL26=1,CM26=1),"COND. A Y B",""))))) | CQ26: =IF(OR(AN26="",CB26=""),"",IF(AN26="NO",CB26,0)) | CR26: =IF(OR(AN25="",AF26=""),"",IF(AN25="NO",AF26,0)) -> 7556.895
C27: P03-02 | D27: =+IFERROR(INDEX('DESEMPATE Y DISCAPACIDAD'!$D$3:$D$450,MATCH(C27,'DESEMPATE Y DISCAPACIDAD'!$C$3:$C$450,0)),"") -> COMPAÑÍA COLOMBIANA DE CONSULTORES S.A.S. | E27: =IFERROR(IF(D27="","",IF(VLOOKUP(D27,'DESEMPATE Y DISCAPACIDAD'!D$3:$E$450,2,FALSE)=1,"N/A",IF(VLOOKUP(D27,'DESEMPATE Y DISCAPACIDAD'!D$3:$F$450,3,FALSE)="X","SI","NO"))),"") -> NO | F27: GOBERNACIÓN DE ANTIOQUIA | G27: COLOMBIA | H27: 95-CO-21-058 | I27: INTERVENTORÍA DE LA AMPLIACIÓN, RECTIFICACIÓN Y PAVIMENTACIÓN DE LA CARRETERA GUATAPÉ-SAN RAFAEL-SAN CARLOS. (68KM) | J27: SI | K27: SI | L27: NO | M27: NO | N27: =IFERROR(IF(OR(J27="",K27=""),"",IF(J27="NO","NO",K27)),"") -> SI | O27: =IFERROR(IF(OR(J27="",L27=""),"",IF(J27="NO","NO",L27)),"") -> NO | P27: =IFERROR(IF(OR(J27="",M27=""),"",IF(J27="NO","NO",M27)),"") -> NO | Q27: =IFERROR(IF(S27="","",IF(S27>=DATE(1900,1,1),"SI","NO")),"") -> SI | R27: 1 | S27: 34991 | T27: 35919 | U27: =IFERROR(IF(T27="","",YEAR(T27)),"") -> 1998 | V27: =IF(U27=2023,1160000,IFERROR(INDEX(SMMLV!$B$2:$B$101,MATCH(U27,SMMLV!$A$2:$A$101,0)),"")) -> 203826 | W27: N/A | X27: COP | Y27: 2 | Z27: SI | AC27: =IFERROR(IF(Y27="","",IF(ISNUMBER(Y27),IF(COUNTIF(Z27,"SI")>0,"SI","NO"),Y27)),"") -> SI | AD27: =IF(W27="","",IF(W27="N/A","N/A",W27)) -> N/A | AE27: 13669.29 | AF27: =IFERROR(IF(OR(J27="",J27="NO"),"",IF(AND(J27="SI",Q27="SI"),IFERROR(AE27*R27,""),"")),"") -> 13669.29 | AI27: =IFERROR(IF(AF27="","",IF(AF27>=CMEMM1,"CUMPLE","NO CUMPLE")),"") -> CUMPLE | AN27: NO | AP27: SI | CB27: =IFERROR(IF(COUNTIF(AF23:AF32,"")=10,"",IF(COUNTIF(E23:E32,"N/A")>0,IF(AF27>=CMEMM1,AF27,0),"N/A")),"") -> N/A | CD27: =IFERROR(IF(COUNTIF(AF23:AF32,"")=10,"",IF(AF27="","",IF(AF27>=CMEMM1,1,0))),"") -> 1 | CE27: =B23&"-0"&5 -> P03-05 | CF27: =IFERROR(INDEX('DESEMPATE Y DISCAPACIDAD'!$D$3:$D$450,MATCH(CE27,'DESEMPATE Y DISCAPACIDAD'!$C$3:$C$450,0)),"") -> 0 | CG27: =IF(OR(CE27="",CF27=""),"",SUMIF(D23:D32,CF27,CD23:CD32)) -> 0 | CH27: =IF(OR(CE27="",CF27="",CG27=""),"",IF(CG27>0,"CUMPLE","NO CUMPLE")) -> NO CUMPLE | CI27: =IF(CF27="","",IF(ISTEXT(CF27),1,0)) -> 0 | CL27: =IF(N27="","",IF(N27="SI",1,0)) -> 1 | CM27: =IF(O27="","",IF(O27="SI",1,0)) -> 0 | CN27: =IF(OR(CL27="",CM27=""),"",IF(AND(CL27=0,CM27=0),"N/A",IF(AND(CL27=1,CM27=0),"COND. A",IF(AND(CL27=0,CM27=1),"COND. B",IF(AND(CL27=1,CM27=1),"COND. A Y B",""))))) -> COND. A | CQ27: =IF(OR(AN27="",CB27=""),"",IF(AN27="NO",CB27,0)) -> N/A | CR27: =IF(OR(AN27="",AF27=""),"",IF(AN27="NO",AF27,0)) -> 13669.29
C28: P03-02 | D28: =+IFERROR(INDEX('DESEMPATE Y DISCAPACIDAD'!$D$3:$D$450,MATCH(C28,'DESEMPATE Y DISCAPACIDAD'!$C$3:$C$450,0)),"") -> COMPAÑÍA COLOMBIANA DE CONSULTORES S.A.S. | E28: =IFERROR(IF(D28="","",IF(VLOOKUP(D28,'DESEMPATE Y DISCAPACIDAD'!D$3:$E$450,2,FALSE)=1,"N/A",IF(VLOOKUP(D28,'DESEMPATE Y DISCAPACIDAD'!D$3:$F$450,3,FALSE)="X","SI","NO"))),"") -> NO | F28: AGENCIA NACIONAL DE INFRAESTRUCTURA - ANI | G28: COLOMBIA | H28: 145 de 2014 | I28: INTERVENTORÍA TÉCNICA, ECONÓMICA, FINANCIERA, CONTABLE, JURÍDICA, ADMINISTRATIVA, OPERATIVA, MEDIO AMBIENTAL Y SOCIO PREDIAL DEL CONTRATO DE CONCESIÓN BAJO UN ESQUEMA DE ASOCIACIÓN PÚBLICO PRIVADA DE INICIATIVA PÚBLICA QUE SE DERIVE DEL PROCESO LICITATORIO VJ-VE-IP-LP-001-2013 CORRESPONDIENTE AL CORREDOR DENOMINADO “CONCESIÓN HONDA-GIRARDOT-PUERTO SALGAR", DEL PROYECTO "VICTORIAS TEMPRANAS" | J28: SI | K28: SI | L28: SI | M28: NO | N28: =IFERROR(IF(OR(J28="",K28=""),"",IF(J28="NO","NO",K28)),"") -> SI | O28: =IFERROR(IF(OR(J28="",L28=""),"",IF(J28="NO","NO",L28)),"") -> SI | P28: =IFERROR(IF(OR(J28="",M28=""),"",IF(J28="NO","NO",M28)),"") -> NO | Q28: =IFERROR(IF(S28="","",IF(S28>=DATE(1900,1,1),"SI","NO")),"") -> SI | R28: 0.51 | S28: 41944 | T28: 44865 | U28: =IFERROR(IF(T28="","",YEAR(T28)),"") -> 2022 | V28: =IF(U28=2023,1160000,IFERROR(INDEX(SMMLV!$B$2:$B$101,MATCH(U28,SMMLV!$A$2:$A$101,0)),"")) -> 1000000 | W28: N/A | X28: COP | Y28: 227 | Z28: SI | AC28: =IFERROR(IF(Y28="","",IF(ISNUMBER(Y28),IF(COUNTIF(Z28,"SI")>0,"SI","NO"),Y28)),"") -> SI | AD28: =IF(W28="","",IF(W28="N/A","N/A",W28)) -> N/A | AE28: 51150.99 | AF28: =IFERROR(IF(OR(J28="",J28="NO"),"",IF(AND(J28="SI",Q28="SI"),IFERROR(AE28*R28,""),"")),"") -> 26087.005 | AI28: =IFERROR(IF(AF28="","",IF(AF28>=CMEMM1,"CUMPLE","NO CUMPLE")),"") -> CUMPLE | AN28: NO | AP28: SI | CB28: =IFERROR(IF(COUNTIF(AF23:AF32,"")=10,"",IF(COUNTIF(E23:E32,"N/A")>0,IF(AF28>=CMEMM1,AF28,0),"N/A")),"") -> N/A | CD28: =IFERROR(IF(COUNTIF(AF23:AF32,"")=10,"",IF(AF28="","",IF(AF28>=CMEMM1,1,0))),"") -> 1 | CE28: =B23&"-0"&6 -> P03-06 | CF28: =IFERROR(INDEX('DESEMPATE Y DISCAPACIDAD'!$D$3:$D$450,MATCH(CE28,'DESEMPATE Y DISCAPACIDAD'!$C$3:$C$450,0)),"") -> 0 | CG28: =IF(OR(CE28="",CF28=""),"",SUMIF(D23:D32,CF28,CD23:CD32)) -> 0 | CH28: =IF(OR(CE28="",CF28="",CG28=""),"",IF(CG28>0,"CUMPLE","NO CUMPLE")) -> NO CUMPLE | CI28: =IF(CF28="","",IF(ISTEXT(CF28),1,0)) -> 0 | CL28: =IF(N28="","",IF(N28="SI",1,0)) -> 1 | CM28: =IF(O28="","",IF(O28="SI",1,0)) -> 1 | CN28: =IF(OR(CL28="",CM28=""),"",IF(AND(CL28=0,CM28=0),"N/A",IF(AND(CL28=1,CM28=0),"COND. A",IF(AND(CL28=0,CM28=1),"COND. B",IF(AND(CL28=1,CM28=1),"COND. A Y B",""))))) -> COND. A Y B | CQ28: =IF(OR(AN28="",CB28=""),"",IF(AN28="NO",CB28,0)) -> N/A | CR28: =IF(OR(AN28="",AF28=""),"",IF(AN28="NO",AF28,0)) -> 26087.005
D29: =+IFERROR(INDEX('DESEMPATE Y DISCAPACIDAD'!$D$3:$D$450,MATCH(C29,'DESEMPATE Y DISCAPACIDAD'!$C$3:$C$450,0)),"") | E29: =IFERROR(IF(D29="","",IF(VLOOKUP(D29,'DESEMPATE Y DISCAPACIDAD'!D$3:$E$450,2,FALSE)=1,"N/A",IF(VLOOKUP(D29,'DESEMPATE Y DISCAPACIDAD'!D$3:$F$450,3,FALSE)="X","SI","NO"))),"") | N29: =IFERROR(IF(OR(J29="",K29=""),"",IF(J29="NO","NO",K29)),"") | O29: =IFERROR(IF(OR(J29="",L29=""),"",IF(J29="NO","NO",L29)),"") | P29: =IFERROR(IF(OR(J29="",M29=""),"",IF(J29="NO","NO",M29)),"") | Q29: =IFERROR(IF(S29="","",IF(S29>=DATE(1900,1,1),"SI","NO")),"") | U29: =IFERROR(IF(T29="","",YEAR(T29)),"") | V29: =IF(U29=2023,1160000,IFERROR(INDEX(SMMLV!$B$2:$B$101,MATCH(U29,SMMLV!$A$2:$A$101,0)),"")) | AC29: =IFERROR(IF(Y29="","",IF(ISNUMBER(Y29),IF(COUNTIF(Z29,"SI")>0,"SI","NO"),Y29)),"") | AD29: =IF(W29="","",IF(W29="N/A","N/A",W29)) | AF29: =IFERROR(IF(OR(J29="",J29="NO"),"",IF(AND(J29="SI",Q29="SI"),IFERROR(AE29*R29,""),"")),"") | AI29: =IFERROR(IF(AF29="","",IF(AF29>=CMEMM1,"CUMPLE","NO CUMPLE")),"") | CB29: =IFERROR(IF(COUNTIF(AF23:AF32,"")=10,"",IF(COUNTIF(E23:E32,"N/A")>0,IF(AF29>=CMEMM1,AF29,0),"N/A")),"") -> N/A | CD29: =IFERROR(IF(COUNTIF(AF23:AF32,"")=10,"",IF(AF29="","",IF(AF29>=CMEMM1,1,0))),"") | CE29: =B23&"-0"&7 -> P03-07 | CF29: =IFERROR(INDEX('DESEMPATE Y DISCAPACIDAD'!$D$3:$D$450,MATCH(CE29,'DESEMPATE Y DISCAPACIDAD'!$C$3:$C$450,0)),"") | CG29: =IF(OR(CE29="",CF29=""),"",SUMIF(D23:D32,CF29,CD23:CD32)) | CH29: =IF(OR(CE29="",CF29="",CG29=""),"",IF(CG29>0,"CUMPLE","NO CUMPLE")) | CI29: =IF(CF29="","",IF(ISTEXT(CF29),1,0)) | CL29: =IF(N29="","",IF(N29="SI",1,0)) | CM29: =IF(O29="","",IF(O29="SI",1,0)) | CN29: =IF(OR(CL29="",CM29=""),"",IF(AND(CL29=0,CM29=0),"N/A",IF(AND(CL29=1,CM29=0),"COND. A",IF(AND(CL29=0,CM29=1),"COND. B",IF(AND(CL29=1,CM29=1),"COND. A Y B",""))))) | CQ29: =IF(OR(AN29="",CB29=""),"",IF(AN29="NO",CB29,0)) | CR29: =IF(OR(AN29="",AF29=""),"",IF(AN29="NO",AF29,0))
D30: =+IFERROR(INDEX('DESEMPATE Y DISCAPACIDAD'!$D$3:$D$450,MATCH(C30,'DESEMPATE Y DISCAPACIDAD'!$C$3:$C$450,0)),"") | E30: =IFERROR(IF(D30="","",IF(VLOOKUP(D30,'DESEMPATE Y DISCAPACIDAD'!D$3:$E$450,2,FALSE)=1,"N/A",IF(VLOOKUP(D30,'DESEMPATE Y DISCAPACIDAD'!D$3:$F$450,3,FALSE)="X","SI","NO"))),"") | N30: =IFERROR(IF(OR(J30="",K30=""),"",IF(J30="NO","NO",K30)),"") | O30: =IFERROR(IF(OR(J30="",L30=""),"",IF(J30="NO","NO",L30)),"") | P30: =IFERROR(IF(OR(J30="",M30=""),"",IF(J30="NO","NO",M30)),"") | Q30: =IFERROR(IF(S30="","",IF(S30>=DATE(1900,1,1),"SI","NO")),"") | U30: =IFERROR(IF(T30="","",YEAR(T30)),"") | V30: =IF(U30=2023,1160000,IFERROR(INDEX(SMMLV!$B$2:$B$101,MATCH(U30,SMMLV!$A$2:$A$101,0)),"")) | AC30: =IFERROR(IF(Y30="","",IF(ISNUMBER(Y30),IF(COUNTIF(Z30,"SI")>0,"SI","NO"),Y30)),"") | AD30: =IF(W30="","",IF(W30="N/A","N/A",W30)) | AF30: =IFERROR(IF(OR(J30="",J30="NO"),"",IF(AND(J30="SI",Q30="SI"),IFERROR(AE30*R30,""),"")),"") | AI30: =IFERROR(IF(AF30="","",IF(AF30>=CMEMM1,"CUMPLE","NO CUMPLE")),"") | CB30: =IFERROR(IF(COUNTIF(AF23:AF32,"")=10,"",IF(COUNTIF(E23:E32,"N/A")>0,IF(AF30>=CMEMM1,AF30,0),"N/A")),"") -> N/A | CD30: =IFERROR(IF(COUNTIF(AF23:AF32,"")=10,"",IF(AF30="","",IF(AF30>=CMEMM1,1,0))),"") | CE30: =B23&"-0"&8 -> P03-08 | CF30: =IFERROR(INDEX('DESEMPATE Y DISCAPACIDAD'!$D$3:$D$450,MATCH(CE30,'DESEMPATE Y DISCAPACIDAD'!$C$3:$C$450,0)),"") | CG30: =IF(OR(CE30="",CF30=""),"",SUMIF(D23:D32,CF30,CD23:CD32)) | CH30: =IF(OR(CE30="",CF30="",CG30=""),"",IF(CG30>0,"CUMPLE","NO CUMPLE")) | CI30: =IF(CF30="","",IF(ISTEXT(CF30),1,0)) | CL30: =IF(N30="","",IF(N30="SI",1,0)) | CM30: =IF(O30="","",IF(O30="SI",1,0)) | CN30: =IF(OR(CL30="",CM30=""),"",IF(AND(CL30=0,CM30=0),"N/A",IF(AND(CL30=1,CM30=0),"COND. A",IF(AND(CL30=0,CM30=1),"COND. B",IF(AND(CL30=1,CM30=1),"COND. A Y B",""))))) | CQ30: =IF(OR(AN30="",CB30=""),"",IF(AN30="NO",CB30,0)) | CR30: =IF(OR(AN30="",AF30=""),"",IF(AN30="NO",AF30,0))
D31: =+IFERROR(INDEX('DESEMPATE Y DISCAPACIDAD'!$D$3:$D$450,MATCH(C31,'DESEMPATE Y DISCAPACIDAD'!$C$3:$C$450,0)),"") | E31: =IFERROR(IF(D31="","",IF(VLOOKUP(D31,'DESEMPATE Y DISCAPACIDAD'!D$3:$E$450,2,FALSE)=1,"N/A",IF(VLOOKUP(D31,'DESEMPATE Y DISCAPACIDAD'!D$3:$F$450,3,FALSE)="X","SI","NO"))),"") | N31: =IFERROR(IF(OR(J31="",K31=""),"",IF(J31="NO","NO",K31)),"") | O31: =IFERROR(IF(OR(J31="",L31=""),"",IF(J31="NO","NO",L31)),"") | P31: =IFERROR(IF(OR(J31="",M31=""),"",IF(J31="NO","NO",M31)),"") | Q31: =IFERROR(IF(S31="","",IF(S31>=DATE(1900,1,1),"SI","NO")),"") | U31: =IFERROR(IF(T31="","",YEAR(T31)),"") | V31: =IF(U31=2023,1160000,IFERROR(INDEX(SMMLV!$B$2:$B$101,MATCH(U31,SMMLV!$A$2:$A$101,0)),"")) | AC31: =IFERROR(IF(Y31="","",IF(ISNUMBER(Y31),IF(COUNTIF(Z31,"SI")>0,"SI","NO"),Y31)),"") | AD31: =IF(W31="","",IF(W31="N/A","N/A",W31)) | AF31: =IFERROR(IF(OR(J31="",J31="NO"),"",IF(AND(J31="SI",Q31="SI"),IFERROR(AE31*R31,""),"")),"") | AI31: =IFERROR(IF(AF31="","",IF(AF31>=CMEMM1,"CUMPLE","NO CUMPLE")),"") | CB31: =IFERROR(IF(COUNTIF(AF23:AF32,"")=10,"",IF(COUNTIF(E23:E32,"N/A")>0,IF(AF31>=CMEMM1,AF31,0),"N/A")),"") -> N/A | CD31: =IFERROR(IF(COUNTIF(AF23:AF32,"")=10,"",IF(AF31="","",IF(AF31>=CMEMM1,1,0))),"") | CE31: =B23&"-0"&9 -> P03-09 | CF31: =IFERROR(INDEX('DESEMPATE Y DISCAPACIDAD'!$D$3:$D$450,MATCH(CE31,'DESEMPATE Y DISCAPACIDAD'!$C$3:$C$450,0)),"") | CG31: =IF(OR(CE31="",CF31=""),"",SUMIF(D23:D32,CF31,CD23:CD32)) | CH31: =IF(OR(CE31="",CF31="",CG31=""),"",IF(CG31>0,"CUMPLE","NO CUMPLE")) | CI31: =IF(CF31="","",IF(ISTEXT(CF31),1,0)) | CL31: =IF(N31="","",IF(N31="SI",1,0)) | CM31: =IF(O31="","",IF(O31="SI",1,0)) | CN31: =IF(OR(CL31="",CM31=""),"",IF(AND(CL31=0,CM31=0),"N/A",IF(AND(CL31=1,CM31=0),"COND. A",IF(AND(CL31=0,CM31=1),"COND. B",IF(AND(CL31=1,CM31=1),"COND. A Y B",""))))) | CQ31: =IF(OR(AN31="",CB31=""),"",IF(AN31="NO",CB31,0)) | CR31: =IF(OR(AN31="",AF31=""),"",IF(AN31="NO",AF31,0))
D32: =+IFERROR(INDEX('DESEMPATE Y DISCAPACIDAD'!$D$3:$D$450,MATCH(C32,'DESEMPATE Y DISCAPACIDAD'!$C$3:$C$450,0)),"") | E32: =IFERROR(IF(D32="","",IF(VLOOKUP(D32,'DESEMPATE Y DISCAPACIDAD'!D$3:$E$450,2,FALSE)=1,"N/A",IF(VLOOKUP(D32,'DESEMPATE Y DISCAPACIDAD'!D$3:$F$450,3,FALSE)="X","SI","NO"))),"") | N32: =IFERROR(IF(OR(J32="",K32=""),"",IF(J32="NO","NO",K32)),"") | O32: =IFERROR(IF(OR(J32="",L32=""),"",IF(J32="NO","NO",L32)),"") | P32: =IFERROR(IF(OR(J32="",M32=""),"",IF(J32="NO","NO",M32)),"") | Q32: =IFERROR(IF(S32="","",IF(S32>=DATE(1900,1,1),"SI","NO")),"") | U32: =IFERROR(IF(T32="","",YEAR(T32)),"") | V32: =IF(U32=2023,1160000,IFERROR(INDEX(SMMLV!$B$2:$B$101,MATCH(U32,SMMLV!$A$2:$A$101,0)),"")) | AC32: =IFERROR(IF(Y32="","",IF(ISNUMBER(Y32),IF(COUNTIF(Z32,"SI")>0,"SI","NO"),Y32)),"") | AD32: =IF(W32="","",IF(W32="N/A","N/A",W32)) | AF32: =IFERROR(IF(OR(J32="",J32="NO"),"",IF(AND(J32="SI",Q32="SI"),IFERROR(AE32*R32,""),"")),"") | AI32: =IFERROR(IF(AF32="","",IF(AF32>=CMEMM1,"CUMPLE","NO CUMPLE")),"") | CB32: =IFERROR(IF(COUNTIF(AF23:AF32,"")=10,"",IF(COUNTIF(E23:E32,"N/A")>0,IF(AF32>=CMEMM1,AF32,0),"N/A")),"") -> N/A | CD32: =IFERROR(IF(COUNTIF(AF23:AF32,"")=10,"",IF(AF32="","",IF(AF32>=CMEMM1,1,0))),"") | CE32: =B23&"-"&10 -> P03-10 | CF32: =IFERROR(INDEX('DESEMPATE Y DISCAPACIDAD'!$D$3:$D$450,MATCH(CE32,'DESEMPATE Y DISCAPACIDAD'!$C$3:$C$450,0)),"") | CG32: =IF(OR(CE32="",CF32=""),"",SUMIF(D23:D32,CF32,CD23:CD32)) | CH32: =IF(OR(CE32="",CF32="",CG32=""),"",IF(CG32>0,"CUMPLE","NO CUMPLE")) | CI32: =IF(CF32="","",IF(ISTEXT(CF32),1,0)) | CL32: =IF(N32="","",IF(N32="SI",1,0)) | CM32: =IF(O32="","",IF(O32="SI",1,0)) | CN32: =IF(OR(CL32="",CM32=""),"",IF(AND(CL32=0,CM32=0),"N/A",IF(AND(CL32=1,CM32=0),"COND. A",IF(AND(CL32=0,CM32=1),"COND. B",IF(AND(CL32=1,CM32=1),"COND. A Y B",""))))) | CQ32: =IF(OR(AN32="",CB32=""),"",IF(AN32="NO",CB32,0)) | CR32: =IF(OR(AN32="",AF32=""),"",IF(AN32="NO",AF32,0))
A33: ="A"&B33 -> AP04 | B33: P04 | C33: P04-01 | D33: =+IFERROR(INDEX('DESEMPATE Y DISCAPACIDAD'!$D$3:$D$450,MATCH(C33,'DESEMPATE Y DISCAPACIDAD'!$C$3:$C$450,0)),"") -> REDTIC INGENIERIA S.A.S. – BIC. | E33: =IFERROR(IF(D33="","",IF(VLOOKUP(D33,'DESEMPATE Y DISCAPACIDAD'!D$3:$E$450,2,FALSE)=1,"N/A",IF(VLOOKUP(D33,'DESEMPATE Y DISCAPACIDAD'!D$3:$F$450,3,FALSE)="X","SI","NO"))),"") -> NO | F33: AGENCIA NACIONAL DE INFRAESTRUCTURA - ANI | G33: COLOMBIA | H33: SEA-015 de 2012 | I33: CONSORCIO INTER - PUERTOS EL OBJETO DEL PRESENTE CONTRATO ES REGULAR LOS TÉRMINOS Y CONDICIONES BAJO LOS CUALES EL INTERVENTOR SE OBLIGA A EJECUTAR PARA LA AGENCIA NACIONAL DE INFRAESTRUCTURA LA INTERVENTORÍA TÉCNICA, ADMINISTRATIVA, FINANCIERA, AMBIENTAL, OPERATIVA Y JURÍDICA AL PLAN DE INVERSIONES DE LOS CONTRATOS DE CONCESIÓN PORTUARIA NO. 006 DE 1993, 009 DE 1994 Y 003 DE 2008 - SUSCRITOS ENTRE LA NACION - SUPERINTENDENCIA GENERAL DE PUERTOS Y/O EL INSTITUTO NACIONAL DE CONCESIONES - INCO, HOY ADMINISTRADOS POR LA AGENCIA NACIONAL DE INFRAESTRUCTURA Y LAS SOCIEDADES PORTUARIAS REGIONAL DE SANTA MARTA S.A., REGIONAL DE BUENAVENTURA S.A, Y LA SOCIEDAD TERMINAL DE CONTENEDORES DE CARTAGENA S.A - CONTECAR S.A. RESPECTIVAMENTE, SUS ADICIONALES Y OTROSÍES, ASÍ COMO REGULAR LOS TÉRMINOS Y CONDICIONES BAJO LOS CUALES LA AGENCIA NACIONAL DE INFRAESTRUCTURA PAGARA AL INTERVENTOR DE FORMA MENSUAL LA CONTRAPRESTACIÓN OFRECIDA POR EL INTERVENTOR Y ACEPTADA POR LA AGENCIA NACIONAL DE INFRAESTRUCTURA DURANTE EL CONCURSO DE MÉRITOS ABIERTO, CONSISTENTE EN UNA SUMA GLOBAL FIJA, QUE INCLUYE LOS COSTOS DIRECTOS, VIÁTICOS, HONORARIOS Y EL IMPUESTO AL VALOR AGREGADO IVA. | J33: SI | K33: SI | L33: SI | M33: SI | N33: =IFERROR(IF(OR(J33="",K33=""),"",IF(J33="NO","NO",K33)),"") -> SI | O33: =IFERROR(IF(OR(J33="",L33=""),"",IF(J33="NO","NO",L33)),"") -> SI | P33: =IFERROR(IF(OR(J33="",M33=""),"",IF(J33="NO","NO",M33)),"") -> SI | Q33: =IFERROR(IF(S33="","",IF(S33>=DATE(1900,1,1),"SI","NO")),"") -> SI | R33: 0.25 | S33: 40954 | T33: 44149 | U33: =IFERROR(IF(T33="","",YEAR(T33)),"") -> 2020 | V33: =IF(U33=2023,1160000,IFERROR(INDEX(SMMLV!$B$2:$B$101,MATCH(U33,SMMLV!$A$2:$A$101,0)),"")) -> 877803 | W33: N/A | X33: COP | Y33: 52 | Z33: SI | AC33: =IFERROR(IF(Y33="","",IF(ISNUMBER(Y33),IF(COUNTIF(Z33,"SI")>0,"SI","NO"),Y33)),"") -> SI | AD33: =IF(W33="","",IF(W33="N/A","N/A",W33)) -> N/A | AE33: 17592.98 | AF33: =IFERROR(IF(OR(J33="",J33="NO"),"",IF(AND(J33="SI",Q33="SI"),IFERROR(AE33*R33,""),"")),"") -> 4398.245 | AG33: =IFERROR(IF(COUNTIF(AF33:AF42,"")=10,"",IF(COUNTIF(E33:E42,"N/A")>0,IF(SUM(CB33:CB42)>=CMEM1,"CUMPLE","NO CUMPLE"),IF(SUM(AF33:AF42)>=CMEM1,"CUMPLE","NO CUMPLE"))),"") -> CUMPLE | AH33: =IF(COUNTIF(AF33:AF42,"")=10,"",IF(SUMIF(C33:C42,C33,AF33:AF42)>=CMLM1,"CUMPLE",IF(SUMIF(C33:C42,C34,AF33:AF42)>=CMLM1,"CUMPLE",IF(SUMIF(C33:C42,C35,AF33:AF42)>=CMLM1,"CUMPLE",IF(SUMIF(C33:C42,C36,AF33:AF42)>=CMLM1,"CUMPLE",IF(SUMIF(C33:C42,C37,AF33:AF42)>=CMLM1,"CUMPLE",IF(SUMIF(C33:C42,C38,AF33:AF42)>=CMLM1,"CUMPLE",IF(SUMIF(C33:C42,C39,AF33:AF42)>=CMLM1,"CUMPLE",IF(SUMIF(C33:C42,C40,AF33:AF42)>=CMLM1,"CUMPLE",IF(SUMIF(C33:C42,C41,AF33:AF42)>=CMLM1,"CUMPLE",IF(SUMIF(C33:C42,C42,AF33:AF42)>=CMLM1,"CUMPLE","NO CUMPLE"))))))))))) -> CUMPLE | AI33: =IFERROR(IF(AF33="","",IF(AF33>=CMEMM1,"CUMPLE","NO CUMPLE")),"") -> CUMPLE | AJ33: =IFERROR(IF(COUNTIF(AF33:AF42,"")=10,"",IF(COUNTIF(E33:E42,"N/A")>0,"N/A",CJ33)),"") -> CUMPLE | AK33: =IFERROR(IF(AND(COUNTIF(N33:N42,"SI")>=1,COUNTIF(O33:O42,"SI")>=1,COUNTIF(P33:P42,"SI")>=1,COUNTIF(J33:J42,"SI")<=10,CO33="CUMPLE"),"CUMPLE","NO CUMPLE"),"") -> CUMPLE | AL33: HÁBIL | AM33: =IFERROR(IF(B33<>"",IF(VLOOKUP(B33,'DESEMPATE Y DISCAPACIDAD'!$A$3:$Q$450,10,FALSE)="","",VLOOKUP(B33,'DESEMPATE Y DISCAPACIDAD'!$A$3:$Q$450,10,FALSE)+6),""),"") -> 8 | AN33: NO | AO33: SI | AP33: SI | AQ33: =IFERROR(IF(COUNTIF(AP33:AP42,"")=10,"",IF(AO33="NO",0,COUNTIF(AP33:AP42,"SI"))),"") -> 7 | AR33: =IFERROR(IF(COUNTIF(AF33:AF42,"")=10,"",IF(AO33="NO",0,IF(COUNTIF(E33:E42,"N/A")>0,SUM(CQ33:CQ42),SUM(CR33:CR42)))),"") -> 83306.188 | AS33: =IFERROR(IF(OR(COUNTIF(AF33:AF42,"")=10,AQ33="",AR33=""),"",IF(AO33="NO",0,AR33/AQ33)),"") -> 11900.884 | AU33: El proponente CONSORCIO INTERVIAL SUR aporta (7) contratos válidos para acreditar experiencia según lo solicitado en el Anexo de generalidades al Pliego de Condiciones. No obstante, en la validación de la experiencia mínima requerida por contrato de conformidad con el numeral 3.4.1 - EXIGENCIA MÍNIMA DE LA EXPERIENCIA DEL PROPONENTE, en la Nota General 4 que indica: Para proponentes individuales, el monto de cada contrato acreditable debe ser igual o superior al 10% del presupuesto oficial expresado en SMMLV del año de cierre del proceso de selección. Lo anterior teniendo en cuenta que con ello se garantiza pluralidad de los interesados en el proceso. Lo que quiere decir que debe ser igual o superior a 3.968,07. Así las cosas, se evidenció que el contrato de Orden No. 2, No. 4, No. 5 y No. 6, NO CUMPLEN con esta condición. Sin embargo, el proponente recibe la calificación en los aspectos técnicos de HÁBIL, toda vez que los otros (3) contratos aportados cumplen con las condiciones exigidas. | AV33: No aplica solicitud de subsane | AW33: No aplica solicitud de subsane | AX33: No aplica solicitud de subsane | CB33: =IFERROR(IF(COUNTIF(AF33:AF42,"")=10,"",IF(COUNTIF(E33:E42,"N/A")>0,IF(AF33>=CMEMM1,AF33,0),"N/A")),"") -> N/A | CD33: =IFERROR(IF(COUNTIF(AF33:AF42,"")=10,"",IF(AF33="","",IF(AF33>=CMEMM1,1,0))),"") -> 1 | CE33: =B33&"-0"&1 -> P04-01 | CF33: =IFERROR(INDEX('DESEMPATE Y DISCAPACIDAD'!$D$3:$D$450,MATCH(CE33,'DESEMPATE Y DISCAPACIDAD'!$C$3:$C$450,0)),"") -> REDTIC INGENIERIA S.A.S. – BIC. | CG33: =IF(OR(CE33="",CF33=""),"",SUMIF(D33:D42,CF33,CD33:CD42)) -> 1 | CH33: =IF(OR(CE33="",CF33="",CG33=""),"",IF(CG33>0,"CUMPLE","NO CUMPLE")) -> CUMPLE | CI33: =IF(CF33="","",IF(ISTEXT(CF33),1,0)) -> 1 | CJ33: =IF(OR(CD33="",CE33="",CF33="",CG33="",CH33="",CI33=""),"",IF(COUNTIF(CH33:CH42,"CUMPLE")=COUNTIF(CI33:CI42,1),"CUMPLE","NO CUMPLE")) -> CUMPLE | CL33: =IF(N33="","",IF(N33="SI",1,0)) -> 1 | CM33: =IF(O33="","",IF(O33="SI",1,0)) -> 1 | CN33: =IF(OR(CL33="",CM33=""),"",IF(AND(CL33=0,CM33=0),"N/A",IF(AND(CL33=1,CM33=0),"COND. A",IF(AND(CL33=0,CM33=1),"COND. B",IF(AND(CL33=1,CM33=1),"COND. A Y B",""))))) -> COND. A Y B | CO33: =IF(COUNTIF(CN33:CN42,"N/A")=10,"NO CUMPLE",IF(COUNTIF(CN33:CN42,"COND. A Y B")>1,"CUMPLE",IF(AND(COUNTIF(CN33:CN42,"COND. A")>0,COUNTIF(CN33:CN42,"COND. B")>0),"CUMPLE",IF(AND(COUNTIF(CN33:CN42,"COND. A Y B")>0,COUNTIF(CN33:CN42,"COND. A")>0),"CUMPLE",IF(AND(COUNTIF(CN33:CN42,"COND. A Y B")>0,COUNTIF(CN33:CN42,"COND. B")>0),"CUMPLE","NO CUMPLE"))))) -> CUMPLE | CQ33: =IF(OR(AN33="",CB33=""),"",IF(AN33="NO",CB33,0)) -> N/A | CR33: =IF(OR(AN33="",AF33=""),"",IF(AN33="NO",AF33,0)) -> 4398.245
C34: P04-01 | D34: =+IFERROR(INDEX('DESEMPATE Y DISCAPACIDAD'!$D$3:$D$450,MATCH(C34,'DESEMPATE Y DISCAPACIDAD'!$C$3:$C$450,0)),"") -> REDTIC INGENIERIA S.A.S. – BIC. | E34: =IFERROR(IF(D34="","",IF(VLOOKUP(D34,'DESEMPATE Y DISCAPACIDAD'!D$3:$E$450,2,FALSE)=1,"N/A",IF(VLOOKUP(D34,'DESEMPATE Y DISCAPACIDAD'!D$3:$F$450,3,FALSE)="X","SI","NO"))),"") -> NO | F34: AGENCIA NACIONAL DE INFRAESTRUCTURA - ANI | G34: COLOMBIA | H34: 324 de 2017 | I34: CONSORCIO VIAS FERREAS ISA. CONTRATAR LA INTERVENTORÍA INTEGRAL QUE INCLUYE PERO NO SE LIMITA A LA INTERVENTORÍA TÉCNICA, ECONÓMICA, FINANCIERA, JURÍDICA, ADMINISTRATIVA, OPERATIVA, AMBIENTAL, SOCIAL Y PREDIAL DEL CONTRATO CUYO OBJETO ES LA "LA REPARACIÓN Y ATENCIÓN DE PUNTOS CRÍTICOS QUE PRESENTA LA VÍA FÉRREA EN LOS TRAMOS: LA DORADA - CHIRIGUANÁ Y BOGOTÁ - BELENCITO SEGÚN LO ESTABLECEN LOS APÉNDICES TÉCNICOS, ASÍ COMO SU, ADMINISTRACIÓN, MANTENIMIENTO, VIGILANCIA, OPERACIÓN Y CONTROL DE TRÁFICO ENTRE OTRAS ACTIVIDADES | J34: SI | K34: SI | L34: NO | M34: SI | N34: =IFERROR(IF(OR(J34="",K34=""),"",IF(J34="NO","NO",K34)),"") -> SI | O34: =IFERROR(IF(OR(J34="",L34=""),"",IF(J34="NO","NO",L34)),"") -> NO | P34: =IFERROR(IF(OR(J34="",M34=""),"",IF(J34="NO","NO",M34)),"") -> SI | Q34: =IFERROR(IF(S34="","",IF(S34>=DATE(1900,1,1),"SI","NO")),"") -> SI | R34: 0.25 | S34: 42901 | T34: 43707 | U34: =IFERROR(IF(T34="","",YEAR(T34)),"") -> 2019 | V34: =IF(U34=2023,1160000,IFERROR(INDEX(SMMLV!$B$2:$B$101,MATCH(U34,SMMLV!$A$2:$A$101,0)),"")) -> 828116 | W34: N/A | X34: COP | Y34: 72 | Z34: SI | AC34: =IFERROR(IF(Y34="","",IF(ISNUMBER(Y34),IF(COUNTIF(Z34,"SI")>0,"SI","NO"),Y34)),"") -> SI | AD34: =IF(W34="","",IF(W34="N/A","N/A",W34)) -> N/A | AE34: 13394.04 | AF34: =IFERROR(IF(OR(J34="",J34="NO"),"",IF(AND(J34="SI",Q34="SI"),IFERROR(AE34*R34,""),"")),"") -> 3348.51 | AI34: =IFERROR(IF(AF34="","",IF(AF34>=CMEMM1,"CUMPLE","NO CUMPLE")),"") -> NO CUMPLE | AN34: NO | AP34: SI | CB34: =IFERROR(IF(COUNTIF(AF33:AF42,"")=10,"",IF(COUNTIF(E33:E42,"N/A")>0,IF(AF34>=CMEMM1,AF34,0),"N/A")),"") -> N/A | CD34: =IFERROR(IF(COUNTIF(AF33:AF42,"")=10,"",IF(AF34="","",IF(AF34>=CMEMM1,1,0))),"") -> 0 | CE34: =B33&"-0"&2 -> P04-02 | CF34: =IFERROR(INDEX('DESEMPATE Y DISCAPACIDAD'!$D$3:$D$450,MATCH(CE34,'DESEMPATE Y DISCAPACIDAD'!$C$3:$C$450,0)),"") -> GINPROCOL S.A.S. | CG34: =IF(OR(CE34="",CF34=""),"",SUMIF(D33:D42,CF34,CD33:CD42)) -> 1 | CH34: =IF(OR(CE34="",CF34="",CG34=""),"",IF(CG34>0,"CUMPLE","NO CUMPLE")) -> CUMPLE | CI34: =IF(CF34="","",IF(ISTEXT(CF34),1,0)) -> 1 | CL34: =IF(N34="","",IF(N34="SI",1,0)) -> 1 | CM34: =IF(O34="","",IF(O34="SI",1,0)) -> 0 | CN34: =IF(OR(CL34="",CM34=""),"",IF(AND(CL34=0,CM34=0),"N/A",IF(AND(CL34=1,CM34=0),"COND. A",IF(AND(CL34=0,CM34=1),"COND. B",IF(AND(CL34=1,CM34=1),"COND. A Y B",""))))) -> COND. A | CQ34: =IF(OR(AN34="",CB34=""),"",IF(AN34="NO",CB34,0)) -> N/A | CR34: =IF(OR(AN34="",AF34=""),"",IF(AN34="NO",AF34,0)) -> 3348.51
C35: P04-02 | D35: =+IFERROR(INDEX('DESEMPATE Y DISCAPACIDAD'!$D$3:$D$450,MATCH(C35,'DESEMPATE Y DISCAPACIDAD'!$C$3:$C$450,0)),"") -> GINPROCOL S.A.S. | E35: =IFERROR(IF(D35="","",IF(VLOOKUP(D35,'DESEMPATE Y DISCAPACIDAD'!D$3:$E$450,2,FALSE)=1,"N/A",IF(VLOOKUP(D35,'DESEMPATE Y DISCAPACIDAD'!D$3:$F$450,3,FALSE)="X","SI","NO"))),"") -> NO | F35: MINISTERIO DE FOMENTO. DIRECCION GENERAL DE CARRETERAS | G35: ESPAÑA | H35: 40-CA-4040 | I35: ASISTENCIA TÉCNICA PARA EL CONTROL Y VIGILANCIA DEL "NUEVO ACCESO A CÁDIZ, TRAMO: PUENTE SOBRE LA BAHÍA" | J35: SI | K35: SI | L35: NO | M35: NO | N35: =IFERROR(IF(OR(J35="",K35=""),"",IF(J35="NO","NO",K35)),"") -> SI | O35: =IFERROR(IF(OR(J35="",L35=""),"",IF(J35="NO","NO",L35)),"") -> NO | P35: =IFERROR(IF(OR(J35="",M35=""),"",IF(J35="NO","NO",M35)),"") -> NO | Q35: =IFERROR(IF(S35="","",IF(S35>=DATE(1900,1,1),"SI","NO")),"") -> SI | R35: 1 | S35: 39322 | T35: 42521 | U35: =IFERROR(IF(T35="","",YEAR(T35)),"") -> 2016 | V35: =IF(U35=2023,1160000,IFERROR(INDEX(SMMLV!$B$2:$B$101,MATCH(U35,SMMLV!$A$2:$A$101,0)),"")) -> 689455 | W35: N/A | X35: COP | Y35: 40 | Z35: SI | AC35: =IFERROR(IF(Y35="","",IF(ISNUMBER(Y35),IF(COUNTIF(Z35,"SI")>0,"SI","NO"),Y35)),"") -> SI | AD35: =IF(W35="","",IF(W35="N/A","N/A",W35)) -> N/A | AE35: 69156.97 | AF35: =IFERROR(IF(OR(J35="",J35="NO"),"",IF(AND(J35="SI",Q35="SI"),IFERROR(AE35*R35,""),"")),"") -> 69156.97 | AI35: =IFERROR(IF(AF35="","",IF(AF35>=CMEMM1,"CUMPLE","NO CUMPLE")),"") -> CUMPLE | AN35: NO | AP35: SI | CB35: =IFERROR(IF(COUNTIF(AF33:AF42,"")=10,"",IF(COUNTIF(E33:E42,"N/A")>0,IF(AF35>=CMEMM1,AF35,0),"N/A")),"") -> N/A | CD35: =IFERROR(IF(COUNTIF(AF33:AF42,"")=10,"",IF(AF35="","",IF(AF35>=CMEMM1,1,0))),"") -> 1 | CE35: =B33&"-0"&3 -> P04-03 | CF35: =IFERROR(INDEX('DESEMPATE Y DISCAPACIDAD'!$D$3:$D$450,MATCH(CE35,'DESEMPATE Y DISCAPACIDAD'!$C$3:$C$450,0)),"") -> INGEPLAN.CO S.A.S. BIC | CG35: =IF(OR(CE35="",CF35=""),"",SUMIF(D33:D42,CF35,CD33:CD42)) -> 1 | CH35: =IF(OR(CE35="",CF35="",CG35=""),"",IF(CG35>0,"CUMPLE","NO CUMPLE")) -> CUMPLE | CI35: =IF(CF35="","",IF(ISTEXT(CF35),1,0)) -> 1 | CL35: =IF(N35="","",IF(N35="SI",1,0)) -> 1 | CM35: =IF(O35="","",IF(O35="SI",1,0)) -> 0 | CN35: =IF(OR(CL35="",CM35=""),"",IF(AND(CL35=0,CM35=0),"N/A",IF(AND(CL35=1,CM35=0),"COND. A",IF(AND(CL35=0,CM35=1),"COND. B",IF(AND(CL35=1,CM35=1),"COND. A Y B",""))))) -> COND. A | CQ35: =IF(OR(AN34="",CB35=""),"",IF(AN34="NO",CB35,0)) -> N/A | CR35: =IF(OR(AN34="",AF35=""),"",IF(AN34="NO",AF35,0)) -> 69156.97
C36: P04-02 | D36: =+IFERROR(INDEX('DESEMPATE Y DISCAPACIDAD'!$D$3:$D$450,MATCH(C36,'DESEMPATE Y DISCAPACIDAD'!$C$3:$C$450,0)),"") -> GINPROCOL S.A.S. | E36: =IFERROR(IF(D36="","",IF(VLOOKUP(D36,'DESEMPATE Y DISCAPACIDAD'!D$3:$E$450,2,FALSE)=1,"N/A",IF(VLOOKUP(D36,'DESEMPATE Y DISCAPACIDAD'!D$3:$F$450,3,FALSE)="X","SI","NO"))),"") -> NO | F36: MINISTERIO DE FOMENTO. DIRECCION GENERAL DE CARRETERAS | G36: ESPAÑA | H36: 30.172/08-06 | I36: ASISTENCIA TÉCNICA: "CONTROL Y VIGILANCIA DE LAS OBRAS; VARIANTE DE CASAS IBÁÑEZ N-322 DE CÓRDOBA A VALENCIA P.K. 403,7 AL P.K. 409,000" PROVINCIA DE ALBACETE. | J36: SI | K36: SI | L36: NO | M36: SI | N36: =IFERROR(IF(OR(J36="",K36=""),"",IF(J36="NO","NO",K36)),"") -> SI | O36: =IFERROR(IF(OR(J36="",L36=""),"",IF(J36="NO","NO",L36)),"") -> NO | P36: =IFERROR(IF(OR(J36="",M36=""),"",IF(J36="NO","NO",M36)),"") -> SI | Q36: =IFERROR(IF(S36="","",IF(S36>=DATE(1900,1,1),"SI","NO")),"") -> SI | R36: 0.5 | S36: 40020 | T36: 40748 | U36: =IFERROR(IF(T36="","",YEAR(T36)),"") -> 2011 | V36: =IF(U36=2023,1160000,IFERROR(INDEX(SMMLV!$B$2:$B$101,MATCH(U36,SMMLV!$A$2:$A$101,0)),"")) -> 535600 | W36: N/A | X36: COP | Y36: 38 | Z36: SI | AC36: =IFERROR(IF(Y36="","",IF(ISNUMBER(Y36),IF(COUNTIF(Z36,"SI")>0,"SI","NO"),Y36)),"") -> SI | AD36: =IF(W36="","",IF(W36="N/A","N/A",W36)) -> N/A | AE36: 3697.23 | AF36: =IFERROR(IF(OR(J36="",J36="NO"),"",IF(AND(J36="SI",Q36="SI"),IFERROR(AE36*R36,""),"")),"") -> 1848.615 | AI36: =IFERROR(IF(AF36="","",IF(AF36>=CMEMM1,"CUMPLE","NO CUMPLE")),"") -> NO CUMPLE | AN36: NO | AP36: SI | CB36: =IFERROR(IF(COUNTIF(AF33:AF42,"")=10,"",IF(COUNTIF(E33:E42,"N/A")>0,IF(AF36>=CMEMM1,AF36,0),"N/A")),"") -> N/A | CD36: =IFERROR(IF(COUNTIF(AF33:AF42,"")=10,"",IF(AF36="","",IF(AF36>=CMEMM1,1,0))),"") -> 0 | CE36: =B33&"-0"&4 -> P04-04 | CF36: =IFERROR(INDEX('DESEMPATE Y DISCAPACIDAD'!$D$3:$D$450,MATCH(CE36,'DESEMPATE Y DISCAPACIDAD'!$C$3:$C$450,0)),"") -> 0 | CG36: =IF(OR(CE36="",CF36=""),"",SUMIF(D33:D42,CF36,CD33:CD42)) -> 0 | CH36: =IF(OR(CE36="",CF36="",CG36=""),"",IF(CG36>0,"CUMPLE","NO CUMPLE")) -> NO CUMPLE | CI36: =IF(CF36="","",IF(ISTEXT(CF36),1,0)) -> 0 | CL36: =IF(N36="","",IF(N36="SI",1,0)) -> 1 | CM36: =IF(O36="","",IF(O36="SI",1,0)) -> 0 | CN36: =IF(OR(CL36="",CM36=""),"",IF(AND(CL36=0,CM36=0),"N/A",IF(AND(CL36=1,CM36=0),"COND. A",IF(AND(CL36=0,CM36=1),"COND. B",IF(AND(CL36=1,CM36=1),"COND. A Y B",""))))) -> COND. A | CQ36: =IF(OR(AN36="",CB36=""),"",IF(AN36="NO",CB36,0)) -> N/A | CR36: =IF(OR(AN36="",AF36=""),"",IF(AN36="NO",AF36,0)) -> 1848.615
C37: P04-02 | D37: =+IFERROR(INDEX('DESEMPATE Y DISCAPACIDAD'!$D$3:$D$450,MATCH(C37,'DESEMPATE Y DISCAPACIDAD'!$C$3:$C$450,0)),"") -> GINPROCOL S.A.S. | E37: =IFERROR(IF(D37="","",IF(VLOOKUP(D37,'DESEMPATE Y DISCAPACIDAD'!D$3:$E$450,2,FALSE)=1,"N/A",IF(VLOOKUP(D37,'DESEMPATE Y DISCAPACIDAD'!D$3:$F$450,3,FALSE)="X","SI","NO"))),"") -> NO | F37: DEPARTAMENTO DE ANTIOQUIA - SECRETARIA DE INFRAESTRUCTURA FISICA | G37: COLOMBIA | H37: 2019-SS-20-0002 | I37: INTERVENTORÍA TÉCNICA, ADMINISTRATIVA, AMBIENTAL, FINANCIERA Y LEGAL PARA EL MEJORAMIENTO, REHABILITACIÓN Y MANTENIMIENTO DE LAS VÍAS DE LA SUBREGIÓN NORDESTE Y MAGDALENA MEDIO DEL DEPARTAMENTO DE ANTIOQUIA. | J37: SI | K37: SI | L37: NO | M37: NO | N37: =IFERROR(IF(OR(J37="",K37=""),"",IF(J37="NO","NO",K37)),"") -> SI | O37: =IFERROR(IF(OR(J37="",L37=""),"",IF(J37="NO","NO",L37)),"") -> NO | P37: =IFERROR(IF(OR(J37="",M37=""),"",IF(J37="NO","NO",M37)),"") -> NO | Q37: =IFERROR(IF(S37="","",IF(S37>=DATE(1900,1,1),"SI","NO")),"") -> SI | R37: 0.25 | S37: 43516 | T37: 43790 | U37: =IFERROR(IF(T37="","",YEAR(T37)),"") -> 2019 | V37: =IF(U37=2023,1160000,IFERROR(INDEX(SMMLV!$B$2:$B$101,MATCH(U37,SMMLV!$A$2:$A$101,0)),"")) -> 828116 | W37: N/A | X37: COP | Y37: 63 | Z37: SI | AC37: =IFERROR(IF(Y37="","",IF(ISNUMBER(Y37),IF(COUNTIF(Z37,"SI")>0,"SI","NO"),Y37)),"") -> SI | AD37: =IF(W37="","",IF(W37="N/A","N/A",W37)) -> N/A | AE37: 963.3 | AF37: =IFERROR(IF(OR(J37="",J37="NO"),"",IF(AND(J37="SI",Q37="SI"),IFERROR(AE37*R37,""),"")),"") -> 240.825 | AI37: =IFERROR(IF(AF37="","",IF(AF37>=CMEMM1,"CUMPLE","NO CUMPLE")),"") -> NO CUMPLE | AN37: NO | AP37: SI | CB37: =IFERROR(IF(COUNTIF(AF33:AF42,"")=10,"",IF(COUNTIF(E33:E42,"N/A")>0,IF(AF37>=CMEMM1,AF37,0),"N/A")),"") -> N/A | CD37: =IFERROR(IF(COUNTIF(AF33:AF42,"")=10,"",IF(AF37="","",IF(AF37>=CMEMM1,1,0))),"") -> 0 | CE37: =B33&"-0"&5 -> P04-05 | CF37: =IFERROR(INDEX('DESEMPATE Y DISCAPACIDAD'!$D$3:$D$450,MATCH(CE37,'DESEMPATE Y DISCAPACIDAD'!$C$3:$C$450,0)),"") -> 0 | CG37: =IF(OR(CE37="",CF37=""),"",SUMIF(D33:D42,CF37,CD33:CD42)) -> 0 | CH37: =IF(OR(CE37="",CF37="",CG37=""),"",IF(CG37>0,"CUMPLE","NO CUMPLE")) -> NO CUMPLE | CI37: =IF(CF37="","",IF(ISTEXT(CF37),1,0)) -> 0 | CL37: =IF(N37="","",IF(N37="SI",1,0)) -> 1 | CM37: =IF(O37="","",IF(O37="SI",1,0)) -> 0 | CN37: =IF(OR(CL37="",CM37=""),"",IF(AND(CL37=0,CM37=0),"N/A",IF(AND(CL37=1,CM37=0),"COND. A",IF(AND(CL37=0,CM37=1),"COND. B",IF(AND(CL37=1,CM37=1),"COND. A Y B",""))))) -> COND. A | CQ37: =IF(OR(AN36="",CB37=""),"",IF(AN36="NO",CB37,0)) -> N/A | CR37: =IF(OR(AN36="",AF37=""),"",IF(AN36="NO",AF37,0)) -> 240.825
C38: P04-02 | D38: =+IFERROR(INDEX('DESEMPATE Y DISCAPACIDAD'!$D$3:$D$450,MATCH(C38,'DESEMPATE Y DISCAPACIDAD'!$C$3:$C$450,0)),"") -> GINPROCOL S.A.S. | E38: =IFERROR(IF(D38="","",IF(VLOOKUP(D38,'DESEMPATE Y DISCAPACIDAD'!D$3:$E$450,2,FALSE)=1,"N/A",IF(VLOOKUP(D38,'DESEMPATE Y DISCAPACIDAD'!D$3:$F$450,3,FALSE)="X","SI","NO"))),"") -> NO | F38: DEPARTAMENTO DE ANTIOQUIA - SECRETARIA DE INFRAESTRUCTURA FISICA | G38: COLOMBIA | H38: 4600009858 de 2019 | I38: INTERVENTORÍA TÉCNICA, ADMINISTRATIVA, AMBIENTAL, FINANCIERA Y LEGAL PARA EL MEJORAMIENTO Y CONSTRUCCIÓN DE OBRAS COMPLEMENTARIAS EN LA VÍA LA USA – CAICEDO, SUBREGIÓN OCCIDENTE DEL DEPARTAMENTO DE ANTIOQUIA. | J38: SI | K38: SI | L38: NO | M38: NO | N38: =IFERROR(IF(OR(J38="",K38=""),"",IF(J38="NO","NO",K38)),"") -> SI | O38: =IFERROR(IF(OR(J38="",L38=""),"",IF(J38="NO","NO",L38)),"") -> NO | P38: =IFERROR(IF(OR(J38="",M38=""),"",IF(J38="NO","NO",M38)),"") -> NO | Q38: =IFERROR(IF(S38="","",IF(S38>=DATE(1900,1,1),"SI","NO")),"") -> SI | R38: 0.25 | S38: 43672 | T38: 43875 | U38: =IFERROR(IF(T38="","",YEAR(T38)),"") -> 2020 | V38: =IF(U38=2023,1160000,IFERROR(INDEX(SMMLV!$B$2:$B$101,MATCH(U38,SMMLV!$A$2:$A$101,0)),"")) -> 877803 | W38: N/A | X38: COP | Y38: 65 | Z38: SI | AC38: =IFERROR(IF(Y38="","",IF(ISNUMBER(Y38),IF(COUNTIF(Z38,"SI")>0,"SI","NO"),Y38)),"") -> SI | AD38: =IF(W38="","",IF(W38="N/A","N/A",W38)) -> N/A | AE38: 632.61 | AF38: =IFERROR(IF(OR(J38="",J38="NO"),"",IF(AND(J38="SI",Q38="SI"),IFERROR(AE38*R38,""),"")),"") -> 158.1525 | AI38: =IFERROR(IF(AF38="","",IF(AF38>=CMEMM1,"CUMPLE","NO CUMPLE")),"") -> NO CUMPLE | AN38: NO | AP38: SI | CB38: =IFERROR(IF(COUNTIF(AF33:AF42,"")=10,"",IF(COUNTIF(E33:E42,"N/A")>0,IF(AF38>=CMEMM1,AF38,0),"N/A")),"") -> N/A | CD38: =IFERROR(IF(COUNTIF(AF33:AF42,"")=10,"",IF(AF38="","",IF(AF38>=CMEMM1,1,0))),"") -> 0 | CE38: =B33&"-0"&6 -> P04-06 | CF38: =IFERROR(INDEX('DESEMPATE Y DISCAPACIDAD'!$D$3:$D$450,MATCH(CE38,'DESEMPATE Y DISCAPACIDAD'!$C$3:$C$450,0)),"") -> 0 | CG38: =IF(OR(CE38="",CF38=""),"",SUMIF(D33:D42,CF38,CD33:CD42)) -> 0 | CH38: =IF(OR(CE38="",CF38="",CG38=""),"",IF(CG38>0,"CUMPLE","NO CUMPLE")) -> NO CUMPLE | CI38: =IF(CF38="","",IF(ISTEXT(CF38),1,0)) -> 0 | CL38: =IF(N38="","",IF(N38="SI",1,0)) -> 1 | CM38: =IF(O38="","",IF(O38="SI",1,0)) -> 0 | CN38: =IF(OR(CL38="",CM38=""),"",IF(AND(CL38=0,CM38=0),"N/A",IF(AND(CL38=1,CM38=0),"COND. A",IF(AND(CL38=0,CM38=1),"COND. B",IF(AND(CL38=1,CM38=1),"COND. A Y B",""))))) -> COND. A | CQ38: =IF(OR(AN38="",CB38=""),"",IF(AN38="NO",CB38,0)) -> N/A | CR38: =IF(OR(AN38="",AF38=""),"",IF(AN38="NO",AF38,0)) -> 158.1525
C39: P04-03 | D39: =+IFERROR(INDEX('DESEMPATE Y DISCAPACIDAD'!$D$3:$D$450,MATCH(C39,'DESEMPATE Y DISCAPACIDAD'!$C$3:$C$450,0)),"") -> INGEPLAN.CO S.A.S. BIC | E39: =IFERROR(IF(D39="","",IF(VLOOKUP(D39,'DESEMPATE Y DISCAPACIDAD'!D$3:$E$450,2,FALSE)=1,"N/A",IF(VLOOKUP(D39,'DESEMPATE Y DISCAPACIDAD'!D$3:$F$450,3,FALSE)="X","SI","NO"))),"") -> NO | F39: FONDO NACIONAL DE CARRETERAS VECINALES - FNCV | G39: COLOMBIA | H39: 25-05-97-0-93 | I39: CONSULTORÍA, ASESORÍA E INTERVENTORÍA TÉCNICA Y ADMINISTRATIVA DE LAS OBRAS QUE SE ADELANTAN EN LA REGIONAL CUNDINAMARCA. LAS OBRAS REALIZADAS EN LA INTERVENTORÍA CORRESPONDEN A CONSTRUCCIÓN, REHABILITACIÓN, MANTENIMIENTO Y/O MEJORAMIENTO A LA RED DE CARRETERAS DEL DEPARTAMENTO DE CUNDINAMARCA E INCLUYEN LA INTERVENTORÍA A LA CONSTRUCCIÓN EN CONCRETO ASFALTICO DE LA CARRETERA DE SEGUNDO ORDEN QUE DEL MUNICIPIO DE CACHIPAY CONDUCE AL MUNICIPIO DE LA MESA. | J39: SI | K39: SI | L39: NO | M39: NO | N39: =IFERROR(IF(OR(J39="",K39=""),"",IF(J39="NO","NO",K39)),"") -> SI | O39: =IFERROR(IF(OR(J39="",L39=""),"",IF(J39="NO","NO",L39)),"") -> NO | P39: =IFERROR(IF(OR(J39="",M39=""),"",IF(J39="NO","NO",M39)),"") -> NO | Q39: =IFERROR(IF(S39="","",IF(S39>=DATE(1900,1,1),"SI","NO")),"") -> SI | R39: 1 | S39: 34304 | T39: 35064 | U39: =IFERROR(IF(T39="","",YEAR(T39)),"") -> 1995 | V39: =IF(U39=2023,1160000,IFERROR(INDEX(SMMLV!$B$2:$B$101,MATCH(U39,SMMLV!$A$2:$A$101,0)),"")) -> 118933.5 | W39: N/A | X39: COP | Y39: 5 | Z39: SI | AC39: =IFERROR(IF(Y39="","",IF(ISNUMBER(Y39),IF(COUNTIF(Z39,"SI")>0,"SI","NO"),Y39)),"") -> SI | AD39: =IF(W39="","",IF(W39="N/A","N/A",W39)) -> N/A | AE39: 4154.87 | AF39: =IFERROR(IF(OR(J39="",J39="NO"),"",IF(AND(J39="SI",Q39="SI"),IFERROR(AE39*R39,""),"")),"") -> 4154.87 | AI39: =IFERROR(IF(AF39="","",IF(AF39>=CMEMM1,"CUMPLE","NO CUMPLE")),"") -> CUMPLE | AN39: NO | AP39: SI | CB39: =IFERROR(IF(COUNTIF(AF33:AF42,"")=10,"",IF(COUNTIF(E33:E42,"N/A")>0,IF(AF39>=CMEMM1,AF39,0),"N/A")),"") -> N/A | CD39: =IFERROR(IF(COUNTIF(AF33:AF42,"")=10,"",IF(AF39="","",IF(AF39>=CMEMM1,1,0))),"") -> 1 | CE39: =B33&"-0"&7 -> P04-07 | CF39: =IFERROR(INDEX('DESEMPATE Y DISCAPACIDAD'!$D$3:$D$450,MATCH(CE39,'DESEMPATE Y DISCAPACIDAD'!$C$3:$C$450,0)),"") | CG39: =IF(OR(CE39="",CF39=""),"",SUMIF(D33:D42,CF39,CD33:CD42)) | CH39: =IF(OR(CE39="",CF39="",CG39=""),"",IF(CG39>0,"CUMPLE","NO CUMPLE")) | CI39: =IF(CF39="","",IF(ISTEXT(CF39),1,0)) | CL39: =IF(N39="","",IF(N39="SI",1,0)) -> 1 | CM39: =IF(O39="","",IF(O39="SI",1,0)) -> 0 | CN39: =IF(OR(CL39="",CM39=""),"",IF(AND(CL39=0,CM39=0),"N/A",IF(AND(CL39=1,CM39=0),"COND. A",IF(AND(CL39=0,CM39=1),"COND. B",IF(AND(CL39=1,CM39=1),"COND. A Y B",""))))) -> COND. A | CQ39: =IF(OR(AN38="",CB39=""),"",IF(AN38="NO",CB39,0)) -> N/A | CR39: =IF(OR(AN38="",AF39=""),"",IF(AN38="NO",AF39,0)) -> 4154.87
D40: =+IFERROR(INDEX('DESEMPATE Y DISCAPACIDAD'!$D$3:$D$450,MATCH(C40,'DESEMPATE Y DISCAPACIDAD'!$C$3:$C$450,0)),"") | E40: =IFERROR(IF(D40="","",IF(VLOOKUP(D40,'DESEMPATE Y DISCAPACIDAD'!D$3:$E$450,2,FALSE)=1,"N/A",IF(VLOOKUP(D40,'DESEMPATE Y DISCAPACIDAD'!D$3:$F$450,3,FALSE)="X","SI","NO"))),"") | N40: =IFERROR(IF(OR(J40="",K40=""),"",IF(J40="NO","NO",K40)),"") | O40: =IFERROR(IF(OR(J40="",L40=""),"",IF(J40="NO","NO",L40)),"") | P40: =IFERROR(IF(OR(J40="",M40=""),"",IF(J40="NO","NO",M40)),"") | Q40: =IFERROR(IF(S40="","",IF(S40>=DATE(1900,1,1),"SI","NO")),"") | U40: =IFERROR(IF(T40="","",YEAR(T40)),"") | V40: =IF(U40=2023,1160000,IFERROR(INDEX(SMMLV!$B$2:$B$101,MATCH(U40,SMMLV!$A$2:$A$101,0)),"")) | AC40: =IFERROR(IF(Y40="","",IF(ISNUMBER(Y40),IF(COUNTIF(Z40,"SI")>0,"SI","NO"),Y40)),"") | AD40: =IF(W40="","",IF(W40="N/A","N/A",W40)) | AF40: =IFERROR(IF(OR(J40="",J40="NO"),"",IF(AND(J40="SI",Q40="SI"),IFERROR(AE40*R40,""),"")),"") | AI40: =IFERROR(IF(AF40="","",IF(AF40>=CMEMM1,"CUMPLE","NO CUMPLE")),"") | CB40: =IFERROR(IF(COUNTIF(AF33:AF42,"")=10,"",IF(COUNTIF(E33:E42,"N/A")>0,IF(AF40>=CMEMM1,AF40,0),"N/A")),"") -> N/A | CD40: =IFERROR(IF(COUNTIF(AF33:AF42,"")=10,"",IF(AF40="","",IF(AF40>=CMEMM1,1,0))),"") | CE40: =B33&"-0"&8 -> P04-08 | CF40: =IFERROR(INDEX('DESEMPATE Y DISCAPACIDAD'!$D$3:$D$450,MATCH(CE40,'DESEMPATE Y DISCAPACIDAD'!$C$3:$C$450,0)),"") | CG40: =IF(OR(CE40="",CF40=""),"",SUMIF(D33:D42,CF40,CD33:CD42)) | CH40: =IF(OR(CE40="",CF40="",CG40=""),"",IF(CG40>0,"CUMPLE","NO CUMPLE")) | CI40: =IF(CF40="","",IF(ISTEXT(CF40),1,0)) | CL40: =IF(N40="","",IF(N40="SI",1,0)) | CM40: =IF(O40="","",IF(O40="SI",1,0)) | CN40: =IF(OR(CL40="",CM40=""),"",IF(AND(CL40=0,CM40=0),"N/A",IF(AND(CL40=1,CM40=0),"COND. A",IF(AND(CL40=0,CM40=1),"COND. B",IF(AND(CL40=1,CM40=1),"COND. A Y B",""))))) | CQ40: =IF(OR(AN40="",CB40=""),"",IF(AN40="NO",CB40,0)) | CR40: =IF(OR(AN40="",AF40=""),"",IF(AN40="NO",AF40,0))
D41: =+IFERROR(INDEX('DESEMPATE Y DISCAPACIDAD'!$D$3:$D$450,MATCH(C41,'DESEMPATE Y DISCAPACIDAD'!$C$3:$C$450,0)),"") | E41: =IFERROR(IF(D41="","",IF(VLOOKUP(D41,'DESEMPATE Y DISCAPACIDAD'!D$3:$E$450,2,FALSE)=1,"N/A",IF(VLOOKUP(D41,'DESEMPATE Y DISCAPACIDAD'!D$3:$F$450,3,FALSE)="X","SI","NO"))),"") | N41: =IFERROR(IF(OR(J41="",K41=""),"",IF(J41="NO","NO",K41)),"") | O41: =IFERROR(IF(OR(J41="",L41=""),"",IF(J41="NO","NO",L41)),"") | P41: =IFERROR(IF(OR(J41="",M41=""),"",IF(J41="NO","NO",M41)),"") | Q41: =IFERROR(IF(S41="","",IF(S41>=DATE(1900,1,1),"SI","NO")),"") | U41: =IFERROR(IF(T41="","",YEAR(T41)),"") | V41: =IF(U41=2023,1160000,IFERROR(INDEX(SMMLV!$B$2:$B$101,MATCH(U41,SMMLV!$A$2:$A$101,0)),"")) | AC41: =IFERROR(IF(Y41="","",IF(ISNUMBER(Y41),IF(COUNTIF(Z41,"SI")>0,"SI","NO"),Y41)),"") | AD41: =IF(W41="","",IF(W41="N/A","N/A",W41)) | AF41: =IFERROR(IF(OR(J41="",J41="NO"),"",IF(AND(J41="SI",Q41="SI"),IFERROR(AE41*R41,""),"")),"") | AI41: =IFERROR(IF(AF41="","",IF(AF41>=CMEMM1,"CUMPLE","NO CUMPLE")),"") | CB41: =IFERROR(IF(COUNTIF(AF33:AF42,"")=10,"",IF(COUNTIF(E33:E42,"N/A")>0,IF(AF41>=CMEMM1,AF41,0),"N/A")),"") -> N/A | CD41: =IFERROR(IF(COUNTIF(AF33:AF42,"")=10,"",IF(AF41="","",IF(AF41>=CMEMM1,1,0))),"") | CE41: =B33&"-0"&9 -> P04-09 | CF41: =IFERROR(INDEX('DESEMPATE Y DISCAPACIDAD'!$D$3:$D$450,MATCH(CE41,'DESEMPATE Y DISCAPACIDAD'!$C$3:$C$450,0)),"") | CG41: =IF(OR(CE41="",CF41=""),"",SUMIF(D33:D42,CF41,CD33:CD42)) | CH41: =IF(OR(CE41="",CF41="",CG41=""),"",IF(CG41>0,"CUMPLE","NO CUMPLE")) | CI41: =IF(CF41="","",IF(ISTEXT(CF41),1,0)) | CL41: =IF(N41="","",IF(N41="SI",1,0)) | CM41: =IF(O41="","",IF(O41="SI",1,0)) | CN41: =IF(OR(CL41="",CM41=""),"",IF(AND(CL41=0,CM41=0),"N/A",IF(AND(CL41=1,CM41=0),"COND. A",IF(AND(CL41=0,CM41=1),"COND. B",IF(AND(CL41=1,CM41=1),"COND. A Y B",""))))) | CQ41: =IF(OR(AN41="",CB41=""),"",IF(AN41="NO",CB41,0)) | CR41: =IF(OR(AN41="",AF41=""),"",IF(AN41="NO",AF41,0))
D42: =+IFERROR(INDEX('DESEMPATE Y DISCAPACIDAD'!$D$3:$D$450,MATCH(C42,'DESEMPATE Y DISCAPACIDAD'!$C$3:$C$450,0)),"") | E42: =IFERROR(IF(D42="","",IF(VLOOKUP(D42,'DESEMPATE Y DISCAPACIDAD'!D$3:$E$450,2,FALSE)=1,"N/A",IF(VLOOKUP(D42,'DESEMPATE Y DISCAPACIDAD'!D$3:$F$450,3,FALSE)="X","SI","NO"))),"") | N42: =IFERROR(IF(OR(J42="",K42=""),"",IF(J42="NO","NO",K42)),"") | O42: =IFERROR(IF(OR(J42="",L42=""),"",IF(J42="NO","NO",L42)),"") | P42: =IFERROR(IF(OR(J42="",M42=""),"",IF(J42="NO","NO",M42)),"") | Q42: =IFERROR(IF(S42="","",IF(S42>=DATE(1900,1,1),"SI","NO")),"") | U42: =IFERROR(IF(T42="","",YEAR(T42)),"") | V42: =IF(U42=2023,1160000,IFERROR(INDEX(SMMLV!$B$2:$B$101,MATCH(U42,SMMLV!$A$2:$A$101,0)),"")) | AC42: =IFERROR(IF(Y42="","",IF(ISNUMBER(Y42),IF(COUNTIF(Z42,"SI")>0,"SI","NO"),Y42)),"") | AD42: =IF(W42="","",IF(W42="N/A","N/A",W42)) | AF42: =IFERROR(IF(OR(J42="",J42="NO"),"",IF(AND(J42="SI",Q42="SI"),IFERROR(AE42*R42,""),"")),"") | AI42: =IFERROR(IF(AF42="","",IF(AF42>=CMEMM1,"CUMPLE","NO CUMPLE")),"") | CB42: =IFERROR(IF(COUNTIF(AF33:AF42,"")=10,"",IF(COUNTIF(E33:E42,"N/A")>0,IF(AF42>=CMEMM1,AF42,0),"N/A")),"") -> N/A | CD42: =IFERROR(IF(COUNTIF(AF33:AF42,"")=10,"",IF(AF42="","",IF(AF42>=CMEMM1,1,0))),"") | CE42: =B33&"-"&10 -> P04-10 | CF42: =IFERROR(INDEX('DESEMPATE Y DISCAPACIDAD'!$D$3:$D$450,MATCH(CE42,'DESEMPATE Y DISCAPACIDAD'!$C$3:$C$450,0)),"") | CG42: =IF(OR(CE42="",CF42=""),"",SUMIF(D33:D42,CF42,CD33:CD42)) | CH42: =IF(OR(CE42="",CF42="",CG42=""),"",IF(CG42>0,"CUMPLE","NO CUMPLE")) | CI42: =IF(CF42="","",IF(ISTEXT(CF42),1,0)) | CL42: =IF(N42="","",IF(N42="SI",1,0)) | CM42: =IF(O42="","",IF(O42="SI",1,0)) | CN42: =IF(OR(CL42="",CM42=""),"",IF(AND(CL42=0,CM42=0),"N/A",IF(AND(CL42=1,CM42=0),"COND. A",IF(AND(CL42=0,CM42=1),"COND. B",IF(AND(CL42=1,CM42=1),"COND. A Y B",""))))) | CQ42: =IF(OR(AN42="",CB42=""),"",IF(AN42="NO",CB42,0)) | CR42: =IF(OR(AN42="",AF42=""),"",IF(AN42="NO",AF42,0))
A43: ="A"&B43 -> AP05 | B43: P05 | C43: P05-01 | D43: =+IFERROR(INDEX('DESEMPATE Y DISCAPACIDAD'!$D$3:$D$450,MATCH(C43,'DESEMPATE Y DISCAPACIDAD'!$C$3:$C$450,0)),"") -> CONSULTORES TÉCNICOS Y ECONÓMICOS S.A.S. – CONSULTECNICOS | E43: =IFERROR(IF(D43="","",IF(VLOOKUP(D43,'DESEMPATE Y DISCAPACIDAD'!D$3:$E$450,2,FALSE)=1,"N/A",IF(VLOOKUP(D43,'DESEMPATE Y DISCAPACIDAD'!D$3:$F$450,3,FALSE)="X","SI","NO"))),"") -> NO | F43: AGENCIA NACIONAL DE INFRAESTRUCTURA - ANI | G43: COLOMBIA | H43: VGC-076-2015 | I43: INTERVENTORÍA INTEGRAL DEL CONTRATO DE CONCESIÓN QUE INCLUYE PERO NO SE LIMITA A LA INTERVENTORÍA TÉCNICA, ECONÓMICA, FINANCIERA, CONTABLE, JURÍDICA, ADMINISTRATIVA, OPERATIVA, AMBIENTAL, SOCIAL Y PREDIAL DEL CONTRATO DE CONCESIÓN BAJO UN ESQUEMA DE ASOCIACIÓN PUBLICO PRIVADA DE INICIATIVA PRIVADA QUE NO REQUIERE DESEMBOLSO DE RECURSOS PÚBLICOS PRESENTADA POR LA PROMESA DE SOCIEDAD FUTURA APP GICA S.A., CUYO OBJETO CONSISTE EN LA REALIZACIÓN DE LOS ESTUDIOS, DISEÑOS, CONSTRUCCIÓN, OPERACIÓN, MANTENIMIENTO, GESTIÓN SOCIAL, PREDIAL Y AMBIENTAL DE LA SEGUNDA CALZADA DE LA VÍA IBAGUÉ CAJAMARCA, ASÍ COMO LA OPERACIÓN Y MANTENIMIENTO DEL SISTEMA VIAL (VARIANTE CHICORAL, VARIANTE GUALANDAY IBAGUÉ, GUALANDAY ESPINAL, VARIANTE PICALEÑA, RAMAL NORTE Y TRAZADO EXISTENTE IBAGUÉ CAJAMARCA" | J43: SI | K43: SI | L43: SI | M43: SI | N43: =IFERROR(IF(OR(J43="",K43=""),"",IF(J43="NO","NO",K43)),"") -> SI | O43: =IFERROR(IF(OR(J43="",L43=""),"",IF(J43="NO","NO",L43)),"") -> SI | P43: =IFERROR(IF(OR(J43="",M43=""),"",IF(J43="NO","NO",M43)),"") -> SI | Q43: =IFERROR(IF(S43="","",IF(S43>=DATE(1900,1,1),"SI","NO")),"") -> SI | R43: 1 | S43: 42109 | T43: 46613 | U43: =IFERROR(IF(T43="","",YEAR(T43)),"") -> 2027 | V43: =IF(U43=2023,1160000,IFERROR(INDEX(SMMLV!$B$2:$B$101,MATCH(U43,SMMLV!$A$2:$A$101,0)),"")) | W43: 6.6277582e+10 | X43: COP | Y43: 185 | Z43: SI | AC43: =IFERROR(IF(Y43="","",IF(ISNUMBER(Y43),IF(COUNTIF(Z43,"SI")>0,"SI","NO"),Y43)),"") -> SI | AD43: =IF(W43="","",IF(W43="N/A","N/A",W43)) -> 6.6277582e+10 | AE43: 37853.328 | AF43: =IFERROR(IF(OR(J43="",J43="NO"),"",IF(AND(J43="SI",Q43="SI"),IFERROR(AE43*R43,""),"")),"") -> 37853.328 | AG43: =IFERROR(IF(COUNTIF(AF43:AF52,"")=10,"",IF(COUNTIF(E43:E52,"N/A")>0,IF(SUM(CB43:CB52)>=CMEM1,"CUMPLE","NO CUMPLE"),IF(SUM(AF43:AF52)>=CMEM1,"CUMPLE","NO CUMPLE"))),"") -> CUMPLE | AH43: =IF(COUNTIF(AF43:AF52,"")=10,"",IF(SUMIF(C43:C52,C43,AF43:AF52)>=CMLM1,"CUMPLE",IF(SUMIF(C43:C52,C44,AF43:AF52)>=CMLM1,"CUMPLE",IF(SUMIF(C43:C52,C45,AF43:AF52)>=CMLM1,"CUMPLE",IF(SUMIF(C43:C52,C46,AF43:AF52)>=CMLM1,"CUMPLE",IF(SUMIF(C43:C52,C47,AF43:AF52)>=CMLM1,"CUMPLE",IF(SUMIF(C43:C52,C48,AF43:AF52)>=CMLM1,"CUMPLE",IF(SUMIF(C43:C52,C49,AF43:AF52)>=CMLM1,"CUMPLE",IF(SUMIF(C43:C52,C50,AF43:AF52)>=CMLM1,"CUMPLE",IF(SUMIF(C43:C52,C51,AF43:AF52)>=CMLM1,"CUMPLE",IF(SUMIF(C43:C52,C52,AF43:AF52)>=CMLM1,"CUMPLE","NO CUMPLE"))))))))))) -> CUMPLE | AI43: =IFERROR(IF(AF43="","",IF(AF43>=CMEMM1,"CUMPLE","NO CUMPLE")),"") -> CUMPLE | AJ43: =IFERROR(IF(COUNTIF(AF43:AF52,"")=10,"",IF(COUNTIF(E43:E52,"N/A")>0,"N/A",CJ43)),"") -> CUMPLE | AK43: =IFERROR(IF(AND(COUNTIF(N43:N52,"SI")>=1,COUNTIF(O43:O52,"SI")>=1,COUNTIF(P43:P52,"SI")>=1,COUNTIF(J43:J52,"SI")<=10,CO43="CUMPLE"),"CUMPLE","NO CUMPLE"),"") -> CUMPLE | AL43: HÁBIL | AM43: =IFERROR(IF(B43<>"",IF(VLOOKUP(B43,'DESEMPATE Y DISCAPACIDAD'!$A$3:$Q$450,10,FALSE)="","",VLOOKUP(B43,'DESEMPATE Y DISCAPACIDAD'!$A$3:$Q$450,10,FALSE)+6),""),"") -> 8 | AN43: NO | AO43: SI | AP43: SI | AQ43: =IFERROR(IF(COUNTIF(AP43:AP52,"")=10,"",IF(AO43="NO",0,COUNTIF(AP43:AP52,"SI"))),"") -> 4 | AR43: =IFERROR(IF(COUNTIF(AF43:AF52,"")=10,"",IF(AO43="NO",0,IF(COUNTIF(E43:E52,"N/A")>0,SUM(CQ43:CQ52),SUM(CR43:CR52)))),"") -> 70893.294 | AS43: =IFERROR(IF(OR(COUNTIF(AF43:AF52,"")=10,AQ43="",AR43=""),"",IF(AO43="NO",0,AR43/AQ43)),"") -> 17723.323 | AU43: Referente al contrato de Orden No. 1 identificado como VGC-076-2015, Cuyo objeto es : “INTERVENTORÍA INTEGRAL DEL CONTRATO DE CONCESIÓN QUE INCLUYE PERO NO SE LIMITA A LA INTERVENTORÍA TÉCNICA, ECONÓMICA, FINANCIERA, CONTABLE, JURÍDICA, ADMINISTRATIVA, OPERATIVA, AMBIENTAL, SOCIAL Y PREDIAL DEL CONTRATO DE CONCESIÓN BAJO UN ESQUEMA DE ASOCIACIÓN PUBLICO PRIVADA DE INICIATIVA PRIVADA QUE NO REQUIERE DESEMBOLSO DE RECURSOS PÚBLICOS PRESENTADA POR LA PROMESA DE SOCIEDAD FUTURA APP GICA S.A., CUYO OBJETO CONSISTE EN LA REALIZACIÓN DE LOS ESTUDIOS, DISEÑOS, CONSTRUCCIÓN, OPERACIÓN, MANTENIMIENTO, GESTIÓN SOCIAL, PREDIAL Y AMBIENTAL DE LA SEGUNDA CALZADA DE LA VÍA IBAGUÉ CAJAMARCA, ASÍ COMO LA OPERACIÓN Y MANTENIMIENTO DEL SISTEMA VIAL (VARIANTE CHICORAL, VARIANTE GUALANDAY IBAGUÉ, GUALANDAY ESPINAL, VARIANTE PICALEÑA, RAMAL NORTE Y TRAZADO EXISTENTE IBAGUÉ CAJAMARCA". De conformidad con lo establecido en el Anexo de Generalidades: “1.10. GLOSARIO Contrato Ejecutado o Contrato Terminado: Para efectos de acreditación de experiencia, aquellos en los que su objeto y obligaciones se encuentran ejecutadas y recibidas a satisfacción por parte del contratante y se soportan en los documentos de recibo a satisfacción y/o liquidación. En caso de que el acta de liquidación y/o recibo a satisfacción contenga salvedades u obligaciones pendientes a cargo del contratista, se dará el tratamiento a las reglas establecidas para Contratos en ejecución” “3.4.1.3. ACREDITACIÓN DE EXPERIENCIA DE CONTRATOS EN EJECUCIÓN: (…) (iv) Para efectos de evaluación, únicamente para los contratos en ejecución suscritos con la Agencia Nacional de Infraestructura, se realizará la conversión a SMMLV efectivamente pagado en pesos corrientes; valores tomados de la información que certifiquen internamente las Vicepresidencias a cargo de cada contrato, con la fecha de corte del último pago realizado y certificado por la ANI. Para tal fin, el oferente deberá anunciar la experiencia que pretende acreditar en el Formato No. 4 de experiencia, sin aportar la certificación y, por lo mismo, se tomará el valor certificado por la ANI. (v) Para la acreditación de la experiencia de contratos en ejecución en el certificado de experiencia debe verificarse el valor facturado y pagado antes del cierre del Proceso de Contratación y las demás condiciones establecidas por la Entidad que permitan conocer las actividades realizadas y el respectivo valor. (…)” Si bien la experiencia acreditada con la Agencia Nacional de Infraestructura es válida, es preciso indicarle al oferente que se realiza un ajuste en el valor facturado del contrato y se da tratamiento al mismo como contrato en Ejecución, conforme a lo certificado por la Vicepresidencia encarga del respectivo contrato que indica: Frente al estado del contrato: Ejecución (X) Fecha de terminación 14/08/2027. Valor Pagado en Pesos Corrientes (Acumulado) antes del 09 de marzo de 2026 el valor acumulado facturado asciende a $66.277.582.007,48 pesos corrientes, ultimo pago 13/01/2026. Radicado ANI No.: 20267030064663. (29.03.26) No obstante, de acuerdo con los lineamientos establecidos en el Pliego de Condiciones y a las validaciones realizados a los soportes aportados tales como: certificaciones de ejecución de los contratos (actas de liquidación y/o equivalentes) y a lo consignado en el Registro Único de Proponentes; se constató que las experiencias aportadas cumplen. " | AV43: No aplica solicitud de subsane | AW43: No aplica solicitud de subsane | AX43: No aplica solicitud de subsane | CB43: =IFERROR(IF(COUNTIF(AF43:AF52,"")=10,"",IF(COUNTIF(E43:E52,"N/A")>0,IF(AF43>=CMEMM1,AF43,0),"N/A")),"") -> N/A | CD43: =IFERROR(IF(COUNTIF(AF43:AF52,"")=10,"",IF(AF43="","",IF(AF43>=CMEMM1,1,0))),"") -> 1 | CE43: =B43&"-0"&1 -> P05-01 | CF43: =IFERROR(INDEX('DESEMPATE Y DISCAPACIDAD'!$D$3:$D$450,MATCH(CE43,'DESEMPATE Y DISCAPACIDAD'!$C$3:$C$450,0)),"") -> CONSULTORES TÉCNICOS Y ECONÓMICOS S.A.S. – CONSULTECNICOS | CG43: =IF(OR(CE43="",CF43=""),"",SUMIF(D43:D52,CF43,CD43:CD52)) -> 3 | CH43: =IF(OR(CE43="",CF43="",CG43=""),"",IF(CG43>0,"CUMPLE","NO CUMPLE")) -> CUMPLE | CI43: =IF(CF43="","",IF(ISTEXT(CF43),1,0)) -> 1 | CJ43: =IF(OR(CD43="",CE43="",CF43="",CG43="",CH43="",CI43=""),"",IF(COUNTIF(CH43:CH52,"CUMPLE")=COUNTIF(CI43:CI52,1),"CUMPLE","NO CUMPLE")) -> CUMPLE | CL43: =IF(N43="","",IF(N43="SI",1,0)) -> 1 | CM43: =IF(O43="","",IF(O43="SI",1,0)) -> 1 | CN43: =IF(OR(CL43="",CM43=""),"",IF(AND(CL43=0,CM43=0),"N/A",IF(AND(CL43=1,CM43=0),"COND. A",IF(AND(CL43=0,CM43=1),"COND. B",IF(AND(CL43=1,CM43=1),"COND. A Y B",""))))) -> COND. A Y B | CO43: =IF(COUNTIF(CN43:CN52,"N/A")=10,"NO CUMPLE",IF(COUNTIF(CN43:CN52,"COND. A Y B")>1,"CUMPLE",IF(AND(COUNTIF(CN43:CN52,"COND. A")>0,COUNTIF(CN43:CN52,"COND. B")>0),"CUMPLE",IF(AND(COUNTIF(CN43:CN52,"COND. A Y B")>0,COUNTIF(CN43:CN52,"COND. A")>0),"CUMPLE",IF(AND(COUNTIF(CN43:CN52,"COND. A Y B")>0,COUNTIF(CN43:CN52,"COND. B")>0),"CUMPLE","NO CUMPLE"))))) -> CUMPLE | CQ43: =IF(OR(AN43="",CB43=""),"",IF(AN43="NO",CB43,0)) -> N/A | CR43: =IF(OR(AN43="",AF43=""),"",IF(AN43="NO",AF43,0)) -> 37853.328
C44: P05-01 | D44: =+IFERROR(INDEX('DESEMPATE Y DISCAPACIDAD'!$D$3:$D$450,MATCH(C44,'DESEMPATE Y DISCAPACIDAD'!$C$3:$C$450,0)),"") -> CONSULTORES TÉCNICOS Y ECONÓMICOS S.A.S. – CONSULTECNICOS | E44: =IFERROR(IF(D44="","",IF(VLOOKUP(D44,'DESEMPATE Y DISCAPACIDAD'!D$3:$E$450,2,FALSE)=1,"N/A",IF(VLOOKUP(D44,'DESEMPATE Y DISCAPACIDAD'!D$3:$F$450,3,FALSE)="X","SI","NO"))),"") -> NO | F44: INSTITUTO NACIONAL DE VIAS - INVIAS | G44: COLOMBIA | H44: 132 DE 1987 | I44: INTERVENTORÍA DE LAS OBRAS DE CONSTRUCCIÓN Y PAVIMENTACIÓN DE LOS SECTORES RIO HUMEA- AGUAZUL DE LA CARRETERA CUMARAL - RIO HUMEA - AGUAZUL | J44: SI | K44: SI | L44: NO | M44: SI | N44: =IFERROR(IF(OR(J44="",K44=""),"",IF(J44="NO","NO",K44)),"") -> SI | O44: =IFERROR(IF(OR(J44="",L44=""),"",IF(J44="NO","NO",L44)),"") -> NO | P44: =IFERROR(IF(OR(J44="",M44=""),"",IF(J44="NO","NO",M44)),"") -> SI | Q44: =IFERROR(IF(S44="","",IF(S44>=DATE(1900,1,1),"SI","NO")),"") -> SI | R44: 0.5 | S44: 31943 | T44: 36068 | U44: =IFERROR(IF(T44="","",YEAR(T44)),"") -> 1998 | V44: =IF(U44=2023,1160000,IFERROR(INDEX(SMMLV!$B$2:$B$101,MATCH(U44,SMMLV!$A$2:$A$101,0)),"")) -> 203826 | W44: N/A | X44: COP | Y44: 2 | Z44: SI | AC44: =IFERROR(IF(Y44="","",IF(ISNUMBER(Y44),IF(COUNTIF(Z44,"SI")>0,"SI","NO"),Y44)),"") -> SI | AD44: =IF(W44="","",IF(W44="N/A","N/A",W44)) -> N/A | AE44: 40744.85 | AF44: =IFERROR(IF(OR(J44="",J44="NO"),"",IF(AND(J44="SI",Q44="SI"),IFERROR(AE44*R44,""),"")),"") -> 20372.425 | AI44: =IFERROR(IF(AF44="","",IF(AF44>=CMEMM1,"CUMPLE","NO CUMPLE")),"") -> CUMPLE | AN44: NO | AP44: SI | CB44: =IFERROR(IF(COUNTIF(AF43:AF52,"")=10,"",IF(COUNTIF(E43:E52,"N/A")>0,IF(AF44>=CMEMM1,AF44,0),"N/A")),"") -> N/A | CD44: =IFERROR(IF(COUNTIF(AF43:AF52,"")=10,"",IF(AF44="","",IF(AF44>=CMEMM1,1,0))),"") -> 1 | CE44: =B43&"-0"&2 -> P05-02 | CF44: =IFERROR(INDEX('DESEMPATE Y DISCAPACIDAD'!$D$3:$D$450,MATCH(CE44,'DESEMPATE Y DISCAPACIDAD'!$C$3:$C$450,0)),"") -> GEOTECNIA Y CIMIENTOS INGEOCIM POR ACCIONES SIMPLIFICADA – INGEOCIM S.A.S | CG44: =IF(OR(CE44="",CF44=""),"",SUMIF(D43:D52,CF44,CD43:CD52)) -> 1 | CH44: =IF(OR(CE44="",CF44="",CG44=""),"",IF(CG44>0,"CUMPLE","NO CUMPLE")) -> CUMPLE | CI44: =IF(CF44="","",IF(ISTEXT(CF44),1,0)) -> 1 | CL44: =IF(N44="","",IF(N44="SI",1,0)) -> 1 | CM44: =IF(O44="","",IF(O44="SI",1,0)) -> 0 | CN44: =IF(OR(CL44="",CM44=""),"",IF(AND(CL44=0,CM44=0),"N/A",IF(AND(CL44=1,CM44=0),"COND. A",IF(AND(CL44=0,CM44=1),"COND. B",IF(AND(CL44=1,CM44=1),"COND. A Y B",""))))) -> COND. A | CQ44: =IF(OR(AN44="",CB44=""),"",IF(AN44="NO",CB44,0)) -> N/A | CR44: =IF(OR(AN44="",AF44=""),"",IF(AN44="NO",AF44,0)) -> 20372.425
C45: P05-01 | D45: =+IFERROR(INDEX('DESEMPATE Y DISCAPACIDAD'!$D$3:$D$450,MATCH(C45,'DESEMPATE Y DISCAPACIDAD'!$C$3:$C$450,0)),"") -> CONSULTORES TÉCNICOS Y ECONÓMICOS S.A.S. – CONSULTECNICOS | E45: =IFERROR(IF(D45="","",IF(VLOOKUP(D45,'DESEMPATE Y DISCAPACIDAD'!D$3:$E$450,2,FALSE)=1,"N/A",IF(VLOOKUP(D45,'DESEMPATE Y DISCAPACIDAD'!D$3:$F$450,3,FALSE)="X","SI","NO"))),"") -> NO | F45: AGENCIA NACIONAL DE INFRAESTRUCTURA - ANI | G45: COLOMBIA | H45: SEA-C-MVVC-089 DE 2004 | I45: INTERVENTORÍA TÉCNICA, FINANCIERA Y OPERATIVA EN LA ETAPA DE CONSTRUCCIÓN DEL CONTRATO DE CONCESIÓN NO. 005 DE 1999 MALLA VIAL DEL VALLE DEL CAUCA Y CAUCA | J45: SI | K45: SI | L45: SI | M45: SI | N45: =IFERROR(IF(OR(J45="",K45=""),"",IF(J45="NO","NO",K45)),"") -> SI | O45: =IFERROR(IF(OR(J45="",L45=""),"",IF(J45="NO","NO",L45)),"") -> SI | P45: =IFERROR(IF(OR(J45="",M45=""),"",IF(J45="NO","NO",M45)),"") -> SI | Q45: =IFERROR(IF(S45="","",IF(S45>=DATE(1900,1,1),"SI","NO")),"") -> SI | R45: 0.75 | S45: 38343 | T45: 39512 | U45: =IFERROR(IF(T45="","",YEAR(T45)),"") -> 2008 | V45: =IF(U45=2023,1160000,IFERROR(INDEX(SMMLV!$B$2:$B$101,MATCH(U45,SMMLV!$A$2:$A$101,0)),"")) -> 461500 | W45: N/A | X45: COP | Y45: 26 | Z45: SI | AC45: =IFERROR(IF(Y45="","",IF(ISNUMBER(Y45),IF(COUNTIF(Z45,"SI")>0,"SI","NO"),Y45)),"") -> SI | AD45: =IF(W45="","",IF(W45="N/A","N/A",W45)) -> N/A | AE45: 9763.67 | AF45: =IFERROR(IF(OR(J45="",J45="NO"),"",IF(AND(J45="SI",Q45="SI"),IFERROR(AE45*R45,""),"")),"") -> 7322.7525 | AI45: =IFERROR(IF(AF45="","",IF(AF45>=CMEMM1,"CUMPLE","NO CUMPLE")),"") -> CUMPLE | AN45: NO | AP45: SI | CB45: =IFERROR(IF(COUNTIF(AF43:AF52,"")=10,"",IF(COUNTIF(E43:E52,"N/A")>0,IF(AF45>=CMEMM1,AF45,0),"N/A")),"") -> N/A | CD45: =IFERROR(IF(COUNTIF(AF43:AF52,"")=10,"",IF(AF45="","",IF(AF45>=CMEMM1,1,0))),"") -> 1 | CE45: =B43&"-0"&3 -> P05-03 | CF45: =IFERROR(INDEX('DESEMPATE Y DISCAPACIDAD'!$D$3:$D$450,MATCH(CE45,'DESEMPATE Y DISCAPACIDAD'!$C$3:$C$450,0)),"") -> 0 | CG45: =IF(OR(CE45="",CF45=""),"",SUMIF(D43:D52,CF45,CD43:CD52)) -> 0 | CH45: =IF(OR(CE45="",CF45="",CG45=""),"",IF(CG45>0,"CUMPLE","NO CUMPLE")) -> NO CUMPLE | CI45: =IF(CF45="","",IF(ISTEXT(CF45),1,0)) -> 0 | CL45: =IF(N45="","",IF(N45="SI",1,0)) -> 1 | CM45: =IF(O45="","",IF(O45="SI",1,0)) -> 1 | CN45: =IF(OR(CL45="",CM45=""),"",IF(AND(CL45=0,CM45=0),"N/A",IF(AND(CL45=1,CM45=0),"COND. A",IF(AND(CL45=0,CM45=1),"COND. B",IF(AND(CL45=1,CM45=1),"COND. A Y B",""))))) -> COND. A Y B | CQ45: =IF(OR(AN45="",CB45=""),"",IF(AN45="NO",CB45,0)) -> N/A | CR45: =IF(OR(AN45="",AF45=""),"",IF(AN45="NO",AF45,0)) -> 7322.7525
C46: P05-02 | D46: =+IFERROR(INDEX('DESEMPATE Y DISCAPACIDAD'!$D$3:$D$450,MATCH(C46,'DESEMPATE Y DISCAPACIDAD'!$C$3:$C$450,0)),"") -> GEOTECNIA Y CIMIENTOS INGEOCIM POR ACCIONES SIMPLIFICADA – INGEOCIM S.A.S | E46: =IFERROR(IF(D46="","",IF(VLOOKUP(D46,'DESEMPATE Y DISCAPACIDAD'!D$3:$E$450,2,FALSE)=1,"N/A",IF(VLOOKUP(D46,'DESEMPATE Y DISCAPACIDAD'!D$3:$F$450,3,FALSE)="X","SI","NO"))),"") -> NO | F46: INSTITUTO NACIONAL DE VIAS - INVIAS | G46: COLOMBIA | H46: 3795 de 2013 | I46: INTERVENTORÍA PARA EL MEJORAMIENTO DE LA CARRETERA PALERMO - SALAMINA, SECTOR PALERMO-SITIONUEVO-REMOLINO-GUAIMARO, CÓDIGO 2702, EN EL DEPARTAMENTO DEL MAGDALENA | J46: SI | K46: SI | L46: NO | M46: NO | N46: =IFERROR(IF(OR(J46="",K46=""),"",IF(J46="NO","NO",K46)),"") -> SI | O46: =IFERROR(IF(OR(J46="",L46=""),"",IF(J46="NO","NO",L46)),"") -> NO | P46: =IFERROR(IF(OR(J46="",M46=""),"",IF(J46="NO","NO",M46)),"") -> NO | Q46: =IFERROR(IF(S46="","",IF(S46>=DATE(1900,1,1),"SI","NO")),"") -> SI | R46: 0.3 | S46: 41638 | T46: 43809 | U46: =IFERROR(IF(T46="","",YEAR(T46)),"") -> 2019 | V46: =IF(U46=2023,1160000,IFERROR(INDEX(SMMLV!$B$2:$B$101,MATCH(U46,SMMLV!$A$2:$A$101,0)),"")) -> 828116 | W46: N/A | X46: COP | Y46: 100 | Z46: SI | AC46: =IFERROR(IF(Y46="","",IF(ISNUMBER(Y46),IF(COUNTIF(Z46,"SI")>0,"SI","NO"),Y46)),"") -> SI | AD46: =IF(W46="","",IF(W46="N/A","N/A",W46)) -> N/A | AE46: 17815.96 | AF46: =IFERROR(IF(OR(J46="",J46="NO"),"",IF(AND(J46="SI",Q46="SI"),IFERROR(AE46*R46,""),"")),"") -> 5344.788 | AI46: =IFERROR(IF(AF46="","",IF(AF46>=CMEMM1,"CUMPLE","NO CUMPLE")),"") -> CUMPLE | AN46: NO | AP46: SI | CB46: =IFERROR(IF(COUNTIF(AF43:AF52,"")=10,"",IF(COUNTIF(E43:E52,"N/A")>0,IF(AF46>=CMEMM1,AF46,0),"N/A")),"") -> N/A | CD46: =IFERROR(IF(COUNTIF(AF43:AF52,"")=10,"",IF(AF46="","",IF(AF46>=CMEMM1,1,0))),"") -> 1 | CE46: =B43&"-0"&4 -> P05-04 | CF46: =IFERROR(INDEX('DESEMPATE Y DISCAPACIDAD'!$D$3:$D$450,MATCH(CE46,'DESEMPATE Y DISCAPACIDAD'!$C$3:$C$450,0)),"") -> 0 | CG46: =IF(OR(CE46="",CF46=""),"",SUMIF(D43:D52,CF46,CD43:CD52)) -> 0 | CH46: =IF(OR(CE46="",CF46="",CG46=""),"",IF(CG46>0,"CUMPLE","NO CUMPLE")) -> NO CUMPLE | CI46: =IF(CF46="","",IF(ISTEXT(CF46),1,0)) -> 0 | CL46: =IF(N46="","",IF(N46="SI",1,0)) -> 1 | CM46: =IF(O46="","",IF(O46="SI",1,0)) -> 0 | CN46: =IF(OR(CL46="",CM46=""),"",IF(AND(CL46=0,CM46=0),"N/A",IF(AND(CL46=1,CM46=0),"COND. A",IF(AND(CL46=0,CM46=1),"COND. B",IF(AND(CL46=1,CM46=1),"COND. A Y B",""))))) -> COND. A | CQ46: =IF(OR(AN45="",CB46=""),"",IF(AN45="NO",CB46,0)) -> N/A | CR46: =IF(OR(AN45="",AF46=""),"",IF(AN45="NO",AF46,0)) -> 5344.788
D47: =+IFERROR(INDEX('DESEMPATE Y DISCAPACIDAD'!$D$3:$D$450,MATCH(C47,'DESEMPATE Y DISCAPACIDAD'!$C$3:$C$450,0)),"") | E47: =IFERROR(IF(D47="","",IF(VLOOKUP(D47,'DESEMPATE Y DISCAPACIDAD'!D$3:$E$450,2,FALSE)=1,"N/A",IF(VLOOKUP(D47,'DESEMPATE Y DISCAPACIDAD'!D$3:$F$450,3,FALSE)="X","SI","NO"))),"") | N47: =IFERROR(IF(OR(J47="",K47=""),"",IF(J47="NO","NO",K47)),"") | O47: =IFERROR(IF(OR(J47="",L47=""),"",IF(J47="NO","NO",L47)),"") | P47: =IFERROR(IF(OR(J47="",M47=""),"",IF(J47="NO","NO",M47)),"") | Q47: =IFERROR(IF(S47="","",IF(S47>=DATE(1900,1,1),"SI","NO")),"") | U47: =IFERROR(IF(T47="","",YEAR(T47)),"") | V47: =IF(U47=2023,1160000,IFERROR(INDEX(SMMLV!$B$2:$B$101,MATCH(U47,SMMLV!$A$2:$A$101,0)),"")) | AC47: =IFERROR(IF(Y47="","",IF(ISNUMBER(Y47),IF(COUNTIF(Z47,"SI")>0,"SI","NO"),Y47)),"") | AD47: =IF(W47="","",IF(W47="N/A","N/A",W47)) | AF47: =IFERROR(IF(OR(J47="",J47="NO"),"",IF(AND(J47="SI",Q47="SI"),IFERROR(AE47*R47,""),"")),"") | AI47: =IFERROR(IF(AF47="","",IF(AF47>=CMEMM1,"CUMPLE","NO CUMPLE")),"") | CB47: =IFERROR(IF(COUNTIF(AF43:AF52,"")=10,"",IF(COUNTIF(E43:E52,"N/A")>0,IF(AF47>=CMEMM1,AF47,0),"N/A")),"") -> N/A | CD47: =IFERROR(IF(COUNTIF(AF43:AF52,"")=10,"",IF(AF47="","",IF(AF47>=CMEMM1,1,0))),"") | CE47: =B43&"-0"&5 -> P05-05 | CF47: =IFERROR(INDEX('DESEMPATE Y DISCAPACIDAD'!$D$3:$D$450,MATCH(CE47,'DESEMPATE Y DISCAPACIDAD'!$C$3:$C$450,0)),"") -> 0 | CG47: =IF(OR(CE47="",CF47=""),"",SUMIF(D43:D52,CF47,CD43:CD52)) -> 0 | CH47: =IF(OR(CE47="",CF47="",CG47=""),"",IF(CG47>0,"CUMPLE","NO CUMPLE")) -> NO CUMPLE | CI47: =IF(CF47="","",IF(ISTEXT(CF47),1,0)) -> 0 | CL47: =IF(N47="","",IF(N47="SI",1,0)) | CM47: =IF(O47="","",IF(O47="SI",1,0)) | CN47: =IF(OR(CL47="",CM47=""),"",IF(AND(CL47=0,CM47=0),"N/A",IF(AND(CL47=1,CM47=0),"COND. A",IF(AND(CL47=0,CM47=1),"COND. B",IF(AND(CL47=1,CM47=1),"COND. A Y B",""))))) | CQ47: =IF(OR(AN47="",CB47=""),"",IF(AN47="NO",CB47,0)) | CR47: =IF(OR(AN47="",AF47=""),"",IF(AN47="NO",AF47,0))
D48: =+IFERROR(INDEX('DESEMPATE Y DISCAPACIDAD'!$D$3:$D$450,MATCH(C48,'DESEMPATE Y DISCAPACIDAD'!$C$3:$C$450,0)),"") | E48: =IFERROR(IF(D48="","",IF(VLOOKUP(D48,'DESEMPATE Y DISCAPACIDAD'!D$3:$E$450,2,FALSE)=1,"N/A",IF(VLOOKUP(D48,'DESEMPATE Y DISCAPACIDAD'!D$3:$F$450,3,FALSE)="X","SI","NO"))),"") | N48: =IFERROR(IF(OR(J48="",K48=""),"",IF(J48="NO","NO",K48)),"") | O48: =IFERROR(IF(OR(J48="",L48=""),"",IF(J48="NO","NO",L48)),"") | P48: =IFERROR(IF(OR(J48="",M48=""),"",IF(J48="NO","NO",M48)),"") | Q48: =IFERROR(IF(S48="","",IF(S48>=DATE(1900,1,1),"SI","NO")),"") | U48: =IFERROR(IF(T48="","",YEAR(T48)),"") | V48: =IF(U48=2023,1160000,IFERROR(INDEX(SMMLV!$B$2:$B$101,MATCH(U48,SMMLV!$A$2:$A$101,0)),"")) | AC48: =IFERROR(IF(Y48="","",IF(ISNUMBER(Y48),IF(COUNTIF(Z48,"SI")>0,"SI","NO"),Y48)),"") | AD48: =IF(W48="","",IF(W48="N/A","N/A",W48)) | AF48: =IFERROR(IF(OR(J48="",J48="NO"),"",IF(AND(J48="SI",Q48="SI"),IFERROR(AE48*R48,""),"")),"") | AI48: =IFERROR(IF(AF48="","",IF(AF48>=CMEMM1,"CUMPLE","NO CUMPLE")),"") | CB48: =IFERROR(IF(COUNTIF(AF43:AF52,"")=10,"",IF(COUNTIF(E43:E52,"N/A")>0,IF(AF48>=CMEMM1,AF48,0),"N/A")),"") -> N/A | CD48: =IFERROR(IF(COUNTIF(AF43:AF52,"")=10,"",IF(AF48="","",IF(AF48>=CMEMM1,1,0))),"") | CE48: =B43&"-0"&6 -> P05-06 | CF48: =IFERROR(INDEX('DESEMPATE Y DISCAPACIDAD'!$D$3:$D$450,MATCH(CE48,'DESEMPATE Y DISCAPACIDAD'!$C$3:$C$450,0)),"") -> 0 | CG48: =IF(OR(CE48="",CF48=""),"",SUMIF(D43:D52,CF48,CD43:CD52)) -> 0 | CH48: =IF(OR(CE48="",CF48="",CG48=""),"",IF(CG48>0,"CUMPLE","NO CUMPLE")) -> NO CUMPLE | CI48: =IF(CF48="","",IF(ISTEXT(CF48),1,0)) -> 0 | CL48: =IF(N48="","",IF(N48="SI",1,0)) | CM48: =IF(O48="","",IF(O48="SI",1,0)) | CN48: =IF(OR(CL48="",CM48=""),"",IF(AND(CL48=0,CM48=0),"N/A",IF(AND(CL48=1,CM48=0),"COND. A",IF(AND(CL48=0,CM48=1),"COND. B",IF(AND(CL48=1,CM48=1),"COND. A Y B",""))))) | CQ48: =IF(OR(AN48="",CB48=""),"",IF(AN48="NO",CB48,0)) | CR48: =IF(OR(AN48="",AF48=""),"",IF(AN48="NO",AF48,0))
D49: =+IFERROR(INDEX('DESEMPATE Y DISCAPACIDAD'!$D$3:$D$450,MATCH(C49,'DESEMPATE Y DISCAPACIDAD'!$C$3:$C$450,0)),"") | E49: =IFERROR(IF(D49="","",IF(VLOOKUP(D49,'DESEMPATE Y DISCAPACIDAD'!D$3:$E$450,2,FALSE)=1,"N/A",IF(VLOOKUP(D49,'DESEMPATE Y DISCAPACIDAD'!D$3:$F$450,3,FALSE)="X","SI","NO"))),"") | N49: =IFERROR(IF(OR(J49="",K49=""),"",IF(J49="NO","NO",K49)),"") | O49: =IFERROR(IF(OR(J49="",L49=""),"",IF(J49="NO","NO",L49)),"") | P49: =IFERROR(IF(OR(J49="",M49=""),"",IF(J49="NO","NO",M49)),"") | Q49: =IFERROR(IF(S49="","",IF(S49>=DATE(1900,1,1),"SI","NO")),"") | U49: =IFERROR(IF(T49="","",YEAR(T49)),"") | V49: =IF(U49=2023,1160000,IFERROR(INDEX(SMMLV!$B$2:$B$101,MATCH(U49,SMMLV!$A$2:$A$101,0)),"")) | AC49: =IFERROR(IF(Y49="","",IF(ISNUMBER(Y49),IF(COUNTIF(Z49,"SI")>0,"SI","NO"),Y49)),"") | AD49: =IF(W49="","",IF(W49="N/A","N/A",W49)) | AF49: =IFERROR(IF(OR(J49="",J49="NO"),"",IF(AND(J49="SI",Q49="SI"),IFERROR(AE49*R49,""),"")),"") | AI49: =IFERROR(IF(AF49="","",IF(AF49>=CMEMM1,"CUMPLE","NO CUMPLE")),"") | CB49: =IFERROR(IF(COUNTIF(AF43:AF52,"")=10,"",IF(COUNTIF(E43:E52,"N/A")>0,IF(AF49>=CMEMM1,AF49,0),"N/A")),"") -> N/A | CD49: =IFERROR(IF(COUNTIF(AF43:AF52,"")=10,"",IF(AF49="","",IF(AF49>=CMEMM1,1,0))),"") | CE49: =B43&"-0"&7 -> P05-07 | CF49: =IFERROR(INDEX('DESEMPATE Y DISCAPACIDAD'!$D$3:$D$450,MATCH(CE49,'DESEMPATE Y DISCAPACIDAD'!$C$3:$C$450,0)),"") | CG49: =IF(OR(CE49="",CF49=""),"",SUMIF(D43:D52,CF49,CD43:CD52)) | CH49: =IF(OR(CE49="",CF49="",CG49=""),"",IF(CG49>0,"CUMPLE","NO CUMPLE")) | CI49: =IF(CF49="","",IF(ISTEXT(CF49),1,0)) | CL49: =IF(N49="","",IF(N49="SI",1,0)) | CM49: =IF(O49="","",IF(O49="SI",1,0)) | CN49: =IF(OR(CL49="",CM49=""),"",IF(AND(CL49=0,CM49=0),"N/A",IF(AND(CL49=1,CM49=0),"COND. A",IF(AND(CL49=0,CM49=1),"COND. B",IF(AND(CL49=1,CM49=1),"COND. A Y B",""))))) | CQ49: =IF(OR(AN49="",CB49=""),"",IF(AN49="NO",CB49,0)) | CR49: =IF(OR(AN49="",AF49=""),"",IF(AN49="NO",AF49,0))
D50: =+IFERROR(INDEX('DESEMPATE Y DISCAPACIDAD'!$D$3:$D$450,MATCH(C50,'DESEMPATE Y DISCAPACIDAD'!$C$3:$C$450,0)),"") | E50: =IFERROR(IF(D50="","",IF(VLOOKUP(D50,'DESEMPATE Y DISCAPACIDAD'!D$3:$E$450,2,FALSE)=1,"N/A",IF(VLOOKUP(D50,'DESEMPATE Y DISCAPACIDAD'!D$3:$F$450,3,FALSE)="X","SI","NO"))),"") | N50: =IFERROR(IF(OR(J50="",K50=""),"",IF(J50="NO","NO",K50)),"") | O50: =IFERROR(IF(OR(J50="",L50=""),"",IF(J50="NO","NO",L50)),"") | P50: =IFERROR(IF(OR(J50="",M50=""),"",IF(J50="NO","NO",M50)),"") | Q50: =IFERROR(IF(S50="","",IF(S50>=DATE(1900,1,1),"SI","NO")),"") | U50: =IFERROR(IF(T50="","",YEAR(T50)),"") | V50: =IF(U50=2023,1160000,IFERROR(INDEX(SMMLV!$B$2:$B$101,MATCH(U50,SMMLV!$A$2:$A$101,0)),"")) | AC50: =IFERROR(IF(Y50="","",IF(ISNUMBER(Y50),IF(COUNTIF(Z50,"SI")>0,"SI","NO"),Y50)),"") | AD50: =IF(W50="","",IF(W50="N/A","N/A",W50)) | AF50: =IFERROR(IF(OR(J50="",J50="NO"),"",IF(AND(J50="SI",Q50="SI"),IFERROR(AE50*R50,""),"")),"") | AI50: =IFERROR(IF(AF50="","",IF(AF50>=CMEMM1,"CUMPLE","NO CUMPLE")),"") | CB50: =IFERROR(IF(COUNTIF(AF43:AF52,"")=10,"",IF(COUNTIF(E43:E52,"N/A")>0,IF(AF50>=CMEMM1,AF50,0),"N/A")),"") -> N/A | CD50: =IFERROR(IF(COUNTIF(AF43:AF52,"")=10,"",IF(AF50="","",IF(AF50>=CMEMM1,1,0))),"") | CE50: =B43&"-0"&8 -> P05-08 | CF50: =IFERROR(INDEX('DESEMPATE Y DISCAPACIDAD'!$D$3:$D$450,MATCH(CE50,'DESEMPATE Y DISCAPACIDAD'!$C$3:$C$450,0)),"") | CG50: =IF(OR(CE50="",CF50=""),"",SUMIF(D43:D52,CF50,CD43:CD52)) | CH50: =IF(OR(CE50="",CF50="",CG50=""),"",IF(CG50>0,"CUMPLE","NO CUMPLE")) | CI50: =IF(CF50="","",IF(ISTEXT(CF50),1,0)) | CL50: =IF(N50="","",IF(N50="SI",1,0)) | CM50: =IF(O50="","",IF(O50="SI",1,0)) | CN50: =IF(OR(CL50="",CM50=""),"",IF(AND(CL50=0,CM50=0),"N/A",IF(AND(CL50=1,CM50=0),"COND. A",IF(AND(CL50=0,CM50=1),"COND. B",IF(AND(CL50=1,CM50=1),"COND. A Y B",""))))) | CQ50: =IF(OR(AN50="",CB50=""),"",IF(AN50="NO",CB50,0)) | CR50: =IF(OR(AN50="",AF50=""),"",IF(AN50="NO",AF50,0))
D51: =+IFERROR(INDEX('DESEMPATE Y DISCAPACIDAD'!$D$3:$D$450,MATCH(C51,'DESEMPATE Y DISCAPACIDAD'!$C$3:$C$450,0)),"") | E51: =IFERROR(IF(D51="","",IF(VLOOKUP(D51,'DESEMPATE Y DISCAPACIDAD'!D$3:$E$450,2,FALSE)=1,"N/A",IF(VLOOKUP(D51,'DESEMPATE Y DISCAPACIDAD'!D$3:$F$450,3,FALSE)="X","SI","NO"))),"") | N51: =IFERROR(IF(OR(J51="",K51=""),"",IF(J51="NO","NO",K51)),"") | O51: =IFERROR(IF(OR(J51="",L51=""),"",IF(J51="NO","NO",L51)),"") | P51: =IFERROR(IF(OR(J51="",M51=""),"",IF(J51="NO","NO",M51)),"") | Q51: =IFERROR(IF(S51="","",IF(S51>=DATE(1900,1,1),"SI","NO")),"") | U51: =IFERROR(IF(T51="","",YEAR(T51)),"") | V51: =IF(U51=2023,1160000,IFERROR(INDEX(SMMLV!$B$2:$B$101,MATCH(U51,SMMLV!$A$2:$A$101,0)),"")) | AC51: =IFERROR(IF(Y51="","",IF(ISNUMBER(Y51),IF(COUNTIF(Z51,"SI")>0,"SI","NO"),Y51)),"") | AD51: =IF(W51="","",IF(W51="N/A","N/A",W51)) | AF51: =IFERROR(IF(OR(J51="",J51="NO"),"",IF(AND(J51="SI",Q51="SI"),IFERROR(AE51*R51,""),"")),"") | AI51: =IFERROR(IF(AF51="","",IF(AF51>=CMEMM1,"CUMPLE","NO CUMPLE")),"") | CB51: =IFERROR(IF(COUNTIF(AF43:AF52,"")=10,"",IF(COUNTIF(E43:E52,"N/A")>0,IF(AF51>=CMEMM1,AF51,0),"N/A")),"") -> N/A | CD51: =IFERROR(IF(COUNTIF(AF43:AF52,"")=10,"",IF(AF51="","",IF(AF51>=CMEMM1,1,0))),"") | CE51: =B43&"-0"&9 -> P05-09 | CF51: =IFERROR(INDEX('DESEMPATE Y DISCAPACIDAD'!$D$3:$D$450,MATCH(CE51,'DESEMPATE Y DISCAPACIDAD'!$C$3:$C$450,0)),"") | CG51: =IF(OR(CE51="",CF51=""),"",SUMIF(D43:D52,CF51,CD43:CD52)) | CH51: =IF(OR(CE51="",CF51="",CG51=""),"",IF(CG51>0,"CUMPLE","NO CUMPLE")) | CI51: =IF(CF51="","",IF(ISTEXT(CF51),1,0)) | CL51: =IF(N51="","",IF(N51="SI",1,0)) | CM51: =IF(O51="","",IF(O51="SI",1,0)) | CN51: =IF(OR(CL51="",CM51=""),"",IF(AND(CL51=0,CM51=0),"N/A",IF(AND(CL51=1,CM51=0),"COND. A",IF(AND(CL51=0,CM51=1),"COND. B",IF(AND(CL51=1,CM51=1),"COND. A Y B",""))))) | CQ51: =IF(OR(AN51="",CB51=""),"",IF(AN51="NO",CB51,0)) | CR51: =IF(OR(AN51="",AF51=""),"",IF(AN51="NO",AF51,0))
D52: =+IFERROR(INDEX('DESEMPATE Y DISCAPACIDAD'!$D$3:$D$450,MATCH(C52,'DESEMPATE Y DISCAPACIDAD'!$C$3:$C$450,0)),"") | E52: =IFERROR(IF(D52="","",IF(VLOOKUP(D52,'DESEMPATE Y DISCAPACIDAD'!D$3:$E$450,2,FALSE)=1,"N/A",IF(VLOOKUP(D52,'DESEMPATE Y DISCAPACIDAD'!D$3:$F$450,3,FALSE)="X","SI","NO"))),"") | N52: =IFERROR(IF(OR(J52="",K52=""),"",IF(J52="NO","NO",K52)),"") | O52: =IFERROR(IF(OR(J52="",L52=""),"",IF(J52="NO","NO",L52)),"") | P52: =IFERROR(IF(OR(J52="",M52=""),"",IF(J52="NO","NO",M52)),"") | Q52: =IFERROR(IF(S52="","",IF(S52>=DATE(1900,1,1),"SI","NO")),"") | U52: =IFERROR(IF(T52="","",YEAR(T52)),"") | V52: =IF(U52=2023,1160000,IFERROR(INDEX(SMMLV!$B$2:$B$101,MATCH(U52,SMMLV!$A$2:$A$101,0)),"")) | AC52: =IFERROR(IF(Y52="","",IF(ISNUMBER(Y52),IF(COUNTIF(Z52,"SI")>0,"SI","NO"),Y52)),"") | AD52: =IF(W52="","",IF(W52="N/A","N/A",W52)) | AF52: =IFERROR(IF(OR(J52="",J52="NO"),"",IF(AND(J52="SI",Q52="SI"),IFERROR(AE52*R52,""),"")),"") | AI52: =IFERROR(IF(AF52="","",IF(AF52>=CMEMM1,"CUMPLE","NO CUMPLE")),"") | CB52: =IFERROR(IF(COUNTIF(AF43:AF52,"")=10,"",IF(COUNTIF(E43:E52,"N/A")>0,IF(AF52>=CMEMM1,AF52,0),"N/A")),"") -> N/A | CD52: =IFERROR(IF(COUNTIF(AF43:AF52,"")=10,"",IF(AF52="","",IF(AF52>=CMEMM1,1,0))),"") | CE52: =B43&"-"&10 -> P05-10 | CF52: =IFERROR(INDEX('DESEMPATE Y DISCAPACIDAD'!$D$3:$D$450,MATCH(CE52,'DESEMPATE Y DISCAPACIDAD'!$C$3:$C$450,0)),"") | CG52: =IF(OR(CE52="",CF52=""),"",SUMIF(D43:D52,CF52,CD43:CD52)) | CH52: =IF(OR(CE52="",CF52="",CG52=""),"",IF(CG52>0,"CUMPLE","NO CUMPLE")) | CI52: =IF(CF52="","",IF(ISTEXT(CF52),1,0)) | CL52: =IF(N52="","",IF(N52="SI",1,0)) | CM52: =IF(O52="","",IF(O52="SI",1,0)) | CN52: =IF(OR(CL52="",CM52=""),"",IF(AND(CL52=0,CM52=0),"N/A",IF(AND(CL52=1,CM52=0),"COND. A",IF(AND(CL52=0,CM52=1),"COND. B",IF(AND(CL52=1,CM52=1),"COND. A Y B",""))))) | CQ52: =IF(OR(AN52="",CB52=""),"",IF(AN52="NO",CB52,0)) | CR52: =IF(OR(AN52="",AF52=""),"",IF(AN52="NO",AF52,0))
A53: ="A"&B53 -> AP06 | B53: P06 | C53: P06-01 | D53: =+IFERROR(INDEX('DESEMPATE Y DISCAPACIDAD'!$D$3:$D$450,MATCH(C53,'DESEMPATE Y DISCAPACIDAD'!$C$3:$C$450,0)),"") -> TOMAS LLAVADOR ARQUITECTOS E INGENIEROS S.L. SUCURSAL COLOMBIA | E53: =IFERROR(IF(D53="","",IF(VLOOKUP(D53,'DESEMPATE Y DISCAPACIDAD'!D$3:$E$450,2,FALSE)=1,"N/A",IF(VLOOKUP(D53,'DESEMPATE Y DISCAPACIDAD'!D$3:$F$450,3,FALSE)="X","SI","NO"))),"") -> NO | F53: FERIA VALENCIA | G53: ESPAÑA | H53: B-96099015 | I53: REDACCIÓN DE PROYECTO, DIRECCIÓN Y ASISTENCIA TÉCNICA DE LAS OBRAS DE INFRAESTRUCTURA VIAL DE CONEXIÓN, INTERCAMBIADOR DE TRAFICO Y OBRAS CIVILES | J53: SI | K53: SI | L53: NO | M53: NO | N53: =IFERROR(IF(OR(J53="",K53=""),"",IF(J53="NO","NO",K53)),"") -> SI | O53: =IFERROR(IF(OR(J53="",L53=""),"",IF(J53="NO","NO",L53)),"") -> NO | P53: =IFERROR(IF(OR(J53="",M53=""),"",IF(J53="NO","NO",M53)),"") -> NO | Q53: =IFERROR(IF(S53="","",IF(S53>=DATE(1900,1,1),"SI","NO")),"") -> SI | R53: 1 | S53: 38180 | T53: 39699 | U53: =IFERROR(IF(T53="","",YEAR(T53)),"") -> 2008 | V53: =IF(U53=2023,1160000,IFERROR(INDEX(SMMLV!$B$2:$B$101,MATCH(U53,SMMLV!$A$2:$A$101,0)),"")) -> 461500 | W53: N/A | X53: COP | Y53: 61 | Z53: SI | AC53: =IFERROR(IF(Y53="","",IF(ISNUMBER(Y53),IF(COUNTIF(Z53,"SI")>0,"SI","NO"),Y53)),"") -> SI | AD53: =IF(W53="","",IF(W53="N/A","N/A",W53)) -> N/A | AE53: 67953.18 | AF53: =IFERROR(IF(OR(J53="",J53="NO"),"",IF(AND(J53="SI",Q53="SI"),IFERROR(AE53*R53,""),"")),"") -> 67953.18 | AG53: =IFERROR(IF(COUNTIF(AF53:AF62,"")=10,"",IF(COUNTIF(E53:E62,"N/A")>0,IF(SUM(CB53:CB62)>=CMEM1,"CUMPLE","NO CUMPLE"),IF(SUM(AF53:AF62)>=CMEM1,"CUMPLE","NO CUMPLE"))),"") -> CUMPLE | AH53: =IF(COUNTIF(AF53:AF62,"")=10,"",IF(SUMIF(C53:C62,C53,AF53:AF62)>=CMLM1,"CUMPLE",IF(SUMIF(C53:C62,C54,AF53:AF62)>=CMLM1,"CUMPLE",IF(SUMIF(C53:C62,C55,AF53:AF62)>=CMLM1,"CUMPLE",IF(SUMIF(C53:C62,C56,AF53:AF62)>=CMLM1,"CUMPLE",IF(SUMIF(C53:C62,C57,AF53:AF62)>=CMLM1,"CUMPLE",IF(SUMIF(C53:C62,C58,AF53:AF62)>=CMLM1,"CUMPLE",IF(SUMIF(C53:C62,C59,AF53:AF62)>=CMLM1,"CUMPLE",IF(SUMIF(C53:C62,C60,AF53:AF62)>=CMLM1,"CUMPLE",IF(SUMIF(C53:C62,C61,AF53:AF62)>=CMLM1,"CUMPLE",IF(SUMIF(C53:C62,C62,AF53:AF62)>=CMLM1,"CUMPLE","NO CUMPLE"))))))))))) -> CUMPLE | AI53: =IFERROR(IF(AF53="","",IF(AF53>=CMEMM1,"CUMPLE","NO CUMPLE")),"") -> CUMPLE | AJ53: =IFERROR(IF(COUNTIF(AF53:AF62,"")=10,"",IF(COUNTIF(E53:E62,"N/A")>0,"N/A",CJ53)),"") -> CUMPLE | AK53: =IFERROR(IF(AND(COUNTIF(N53:N62,"SI")>=1,COUNTIF(O53:O62,"SI")>=1,COUNTIF(P53:P62,"SI")>=1,COUNTIF(J53:J62,"SI")<=10,CO53="CUMPLE"),"CUMPLE","NO CUMPLE"),"") -> CUMPLE | AL53: HÁBIL | AM53: =IFERROR(IF(B53<>"",IF(VLOOKUP(B53,'DESEMPATE Y DISCAPACIDAD'!$A$3:$Q$450,10,FALSE)="","",VLOOKUP(B53,'DESEMPATE Y DISCAPACIDAD'!$A$3:$Q$450,10,FALSE)+6),""),"") -> 8 | AN53: NO | AO53: SI | AP53: SI | AQ53: =IFERROR(IF(COUNTIF(AP53:AP62,"")=10,"",IF(AO53="NO",0,COUNTIF(AP53:AP62,"SI"))),"") -> 6 | AR53: =IFERROR(IF(COUNTIF(AF53:AF62,"")=10,"",IF(AO53="NO",0,IF(COUNTIF(E53:E62,"N/A")>0,SUM(CQ53:CQ62),SUM(CR53:CR62)))),"") -> 95992.02 | AS53: =IFERROR(IF(OR(COUNTIF(AF53:AF62,"")=10,AQ53="",AR53=""),"",IF(AO53="NO",0,AR53/AQ53)),"") -> 15998.67 | AU53: El proponente CONSORCIO CORREDOR EL ESTANQUILLO ITLSC aporta (6) contratos válidos para acreditar experiencia según lo solicitado en el Anexo de generalidades al Pliego de Condiciones. No obstante, en la validación de la experiencia mínima requerida por contrato de conformidad con el numeral 3.4.1 - EXIGENCIA MÍNIMA DE LA EXPERIENCIA DEL PROPONENTE, en la Nota General 4 que indica: Para proponentes individuales, el monto de cada contrato acreditable debe ser igual o superior al 10% del presupuesto oficial expresado en SMMLV del año de cierre del proceso de selección. Lo anterior teniendo en cuenta que con ello se garantiza pluralidad de los interesados en el proceso. Lo que quiere decir que debe ser igual o superior a 3.968,07. Así las cosas, se evidenció que el contrato de Orden No. 6, NO CUMPLE con esta condición. Sin embargo, el proponente recibe la calificación en los aspectos técnicos de HÁBIL, toda vez que los otros (5) contratos aportados cumplen con las condiciones exigidas. | AV53: No aplica solicitud de subsane | AW53: No aplica solicitud de subsane | AX53: No aplica solicitud de subsane | CB53: =IFERROR(IF(COUNTIF(AF53:AF62,"")=10,"",IF(COUNTIF(E53:E62,"N/A")>0,IF(AF53>=CMEMM1,AF53,0),"N/A")),"") -> N/A | CD53: =IFERROR(IF(COUNTIF(AF53:AF62,"")=10,"",IF(AF53="","",IF(AF53>=CMEMM1,1,0))),"") -> 1 | CE53: =B53&"-0"&1 -> P06-01 | CF53: =IFERROR(INDEX('DESEMPATE Y DISCAPACIDAD'!$D$3:$D$450,MATCH(CE53,'DESEMPATE Y DISCAPACIDAD'!$C$3:$C$450,0)),"") -> TOMAS LLAVADOR ARQUITECTOS E INGENIEROS S.L. SUCURSAL COLOMBIA | CG53: =IF(OR(CE53="",CF53=""),"",SUMIF(D53:D62,CF53,CD53:CD62)) -> 1 | CH53: =IF(OR(CE53="",CF53="",CG53=""),"",IF(CG53>0,"CUMPLE","NO CUMPLE")) -> CUMPLE | CI53: =IF(CF53="","",IF(ISTEXT(CF53),1,0)) -> 1 | CJ53: =IF(OR(CD53="",CE53="",CF53="",CG53="",CH53="",CI53=""),"",IF(COUNTIF(CH53:CH62,"CUMPLE")=COUNTIF(CI53:CI62,1),"CUMPLE","NO CUMPLE")) -> CUMPLE | CL53: =IF(N53="","",IF(N53="SI",1,0)) -> 1 | CM53: =IF(O53="","",IF(O53="SI",1,0)) -> 0 | CN53: =IF(OR(CL53="",CM53=""),"",IF(AND(CL53=0,CM53=0),"N/A",IF(AND(CL53=1,CM53=0),"COND. A",IF(AND(CL53=0,CM53=1),"COND. B",IF(AND(CL53=1,CM53=1),"COND. A Y B",""))))) -> COND. A | CO53: =IF(COUNTIF(CN53:CN62,"N/A")=10,"NO CUMPLE",IF(COUNTIF(CN53:CN62,"COND. A Y B")>1,"CUMPLE",IF(AND(COUNTIF(CN53:CN62,"COND. A")>0,COUNTIF(CN53:CN62,"COND. B")>0),"CUMPLE",IF(AND(COUNTIF(CN53:CN62,"COND. A Y B")>0,COUNTIF(CN53:CN62,"COND. A")>0),"CUMPLE",IF(AND(COUNTIF(CN53:CN62,"COND. A Y B")>0,COUNTIF(CN53:CN62,"COND. B")>0),"CUMPLE","NO CUMPLE"))))) -> CUMPLE | CQ53: =IF(OR(AN53="",CB53=""),"",IF(AN53="NO",CB53,0)) -> N/A | CR53: =IF(OR(AN53="",AF53=""),"",IF(AN53="NO",AF53,0)) -> 67953.18
C54: P06-02 | D54: =+IFERROR(INDEX('DESEMPATE Y DISCAPACIDAD'!$D$3:$D$450,MATCH(C54,'DESEMPATE Y DISCAPACIDAD'!$C$3:$C$450,0)),"") -> SIGT INGENIEROS Y CONSULTORES S.A.S | E54: =IFERROR(IF(D54="","",IF(VLOOKUP(D54,'DESEMPATE Y DISCAPACIDAD'!D$3:$E$450,2,FALSE)=1,"N/A",IF(VLOOKUP(D54,'DESEMPATE Y DISCAPACIDAD'!D$3:$F$450,3,FALSE)="X","SI","NO"))),"") -> NO | F54: ADMINISTRACIÓN DE INFRAESTRUCTURAS FERROVIARIAS - ADIF | G54: ARGENTINA | I54: SUPERVISIÓN DE LA EJECUCIÓN (INTERVENTORÍA) DEL PROYECTO TÉCNICO, FINANCIERO, DE PRESUPUESTO, JURÍDICO-LEGAL, AMBIENTAL, FORESTAL, DE PREDIOS, SOCIAL, DE SEGURIDAD E HIGIENE, DE LA EJECUCIÓN DE LAS OBRAS DEL PROYECTO DE RECUPERACIÓN Y MEJORAMIENTO DEL FFCC GRAL. BELGRANO. RENOVACIÓN TOTAL DE LA INFRAESTRUCTURA DE VÍAS EN EL SECTOR A: KM 49,500 A KM 8,750 (RAMAL F1) Y SECTOR B: KM 37,900 A KM 83,900 (RAMAL C) PROVINCIA DE SANTA FE | J54: SI | K54: SI | L54: NO | M54: SI | N54: =IFERROR(IF(OR(J54="",K54=""),"",IF(J54="NO","NO",K54)),"") -> SI | O54: =IFERROR(IF(OR(J54="",L54=""),"",IF(J54="NO","NO",L54)),"") -> NO | P54: =IFERROR(IF(OR(J54="",M54=""),"",IF(J54="NO","NO",M54)),"") -> SI | Q54: =IFERROR(IF(S54="","",IF(S54>=DATE(1900,1,1),"SI","NO")),"") -> SI | R54: 1 | S54: 42954 | T54: 43890 | U54: =IFERROR(IF(T54="","",YEAR(T54)),"") -> 2020 | V54: =IF(U54=2023,1160000,IFERROR(INDEX(SMMLV!$B$2:$B$101,MATCH(U54,SMMLV!$A$2:$A$101,0)),"")) -> 877803 | W54: N/A | X54: COP | Y54: 52 | Z54: SI | AC54: =IFERROR(IF(Y54="","",IF(ISNUMBER(Y54),IF(COUNTIF(Z54,"SI")>0,"SI","NO"),Y54)),"") -> SI | AD54: =IF(W54="","",IF(W54="N/A","N/A",W54)) -> N/A | AE54: 8673.61 | AF54: =IFERROR(IF(OR(J54="",J54="NO"),"",IF(AND(J54="SI",Q54="SI"),IFERROR(AE54*R54,""),"")),"") -> 8673.61 | AI54: =IFERROR(IF(AF54="","",IF(AF54>=CMEMM1,"CUMPLE","NO CUMPLE")),"") -> CUMPLE | AN54: NO | AP54: SI | CB54: =IFERROR(IF(COUNTIF(AF53:AF62,"")=10,"",IF(COUNTIF(E53:E62,"N/A")>0,IF(AF54>=CMEMM1,AF54,0),"N/A")),"") -> N/A | CD54: =IFERROR(IF(COUNTIF(AF53:AF62,"")=10,"",IF(AF54="","",IF(AF54>=CMEMM1,1,0))),"") -> 1 | CE54: =B53&"-0"&2 -> P06-02 | CF54: =IFERROR(INDEX('DESEMPATE Y DISCAPACIDAD'!$D$3:$D$450,MATCH(CE54,'DESEMPATE Y DISCAPACIDAD'!$C$3:$C$450,0)),"") -> SIGT INGENIEROS Y CONSULTORES S.A.S | CG54: =IF(OR(CE54="",CF54=""),"",SUMIF(D53:D62,CF54,CD53:CD62)) -> 1 | CH54: =IF(OR(CE54="",CF54="",CG54=""),"",IF(CG54>0,"CUMPLE","NO CUMPLE")) -> CUMPLE | CI54: =IF(CF54="","",IF(ISTEXT(CF54),1,0)) -> 1 | CL54: =IF(N54="","",IF(N54="SI",1,0)) -> 1 | CM54: =IF(O54="","",IF(O54="SI",1,0)) -> 0 | CN54: =IF(OR(CL54="",CM54=""),"",IF(AND(CL54=0,CM54=0),"N/A",IF(AND(CL54=1,CM54=0),"COND. A",IF(AND(CL54=0,CM54=1),"COND. B",IF(AND(CL54=1,CM54=1),"COND. A Y B",""))))) -> COND. A | CQ54: =IF(OR(AN54="",CB54=""),"",IF(AN54="NO",CB54,0)) -> N/A | CR54: =IF(OR(AN54="",AF54=""),"",IF(AN54="NO",AF54,0)) -> 8673.61
C55: P06-03 | D55: =+IFERROR(INDEX('DESEMPATE Y DISCAPACIDAD'!$D$3:$D$450,MATCH(C55,'DESEMPATE Y DISCAPACIDAD'!$C$3:$C$450,0)),"") -> TERRA PROYECTOS CIVILES S.A.S | E55: =IFERROR(IF(D55="","",IF(VLOOKUP(D55,'DESEMPATE Y DISCAPACIDAD'!D$3:$E$450,2,FALSE)=1,"N/A",IF(VLOOKUP(D55,'DESEMPATE Y DISCAPACIDAD'!D$3:$F$450,3,FALSE)="X","SI","NO"))),"") -> NO | F55: INSTITUTO DE DESARROLLO URBANO - IDU | G55: COLOMBIA | H55: IDU-8-1999 | I55: INTERVENTORIA PARA LAS OBRAS DE REHABILITACION Y MANTENIMIENTO AV 68 CALLE 100 EN BOGOTA. ( Long= 17 km x 4 carriles) | J55: SI | K55: SI | L55: NO | M55: SI | N55: =IFERROR(IF(OR(J55="",K55=""),"",IF(J55="NO","NO",K55)),"") -> SI | O55: =IFERROR(IF(OR(J55="",L55=""),"",IF(J55="NO","NO",L55)),"") -> NO | P55: =IFERROR(IF(OR(J55="",M55=""),"",IF(J55="NO","NO",M55)),"") -> SI | Q55: =IFERROR(IF(S55="","",IF(S55>=DATE(1900,1,1),"SI","NO")),"") -> SI | R55: 1 | S55: 10/02/199 | T55: 37144 | U55: =IFERROR(IF(T55="","",YEAR(T55)),"") -> 2001 | V55: =IF(U55=2023,1160000,IFERROR(INDEX(SMMLV!$B$2:$B$101,MATCH(U55,SMMLV!$A$2:$A$101,0)),"")) -> 286000 | W55: N/A | X55: COP | Y55: 4 | Z55: SI | AC55: =IFERROR(IF(Y55="","",IF(ISNUMBER(Y55),IF(COUNTIF(Z55,"SI")>0,"SI","NO"),Y55)),"") -> SI | AD55: =IF(W55="","",IF(W55="N/A","N/A",W55)) -> N/A | AE55: 5243.16 | AF55: =IFERROR(IF(OR(J55="",J55="NO"),"",IF(AND(J55="SI",Q55="SI"),IFERROR(AE55*R55,""),"")),"") -> 5243.16 | AI55: =IFERROR(IF(AF55="","",IF(AF55>=CMEMM1,"CUMPLE","NO CUMPLE")),"") -> CUMPLE | AN55: NO | AP55: SI | CB55: =IFERROR(IF(COUNTIF(AF53:AF62,"")=10,"",IF(COUNTIF(E53:E62,"N/A")>0,IF(AF55>=CMEMM1,AF55,0),"N/A")),"") -> N/A | CD55: =IFERROR(IF(COUNTIF(AF53:AF62,"")=10,"",IF(AF55="","",IF(AF55>=CMEMM1,1,0))),"") -> 1 | CE55: =B53&"-0"&3 -> P06-03 | CF55: =IFERROR(INDEX('DESEMPATE Y DISCAPACIDAD'!$D$3:$D$450,MATCH(CE55,'DESEMPATE Y DISCAPACIDAD'!$C$3:$C$450,0)),"") -> TERRA PROYECTOS CIVILES S.A.S | CG55: =IF(OR(CE55="",CF55=""),"",SUMIF(D53:D62,CF55,CD53:CD62)) -> 1 | CH55: =IF(OR(CE55="",CF55="",CG55=""),"",IF(CG55>0,"CUMPLE","NO CUMPLE")) -> CUMPLE | CI55: =IF(CF55="","",IF(ISTEXT(CF55),1,0)) -> 1 | CL55: =IF(N55="","",IF(N55="SI",1,0)) -> 1 | CM55: =IF(O55="","",IF(O55="SI",1,0)) -> 0 | CN55: =IF(OR(CL55="",CM55=""),"",IF(AND(CL55=0,CM55=0),"N/A",IF(AND(CL55=1,CM55=0),"COND. A",IF(AND(CL55=0,CM55=1),"COND. B",IF(AND(CL55=1,CM55=1),"COND. A Y B",""))))) -> COND. A | CQ55: =IF(OR(AN55="",CB55=""),"",IF(AN55="NO",CB55,0)) -> N/A | CR55: =IF(OR(AN55="",AF55=""),"",IF(AN55="NO",AF55,0)) -> 5243.16
C56: P06-04 | D56: =+IFERROR(INDEX('DESEMPATE Y DISCAPACIDAD'!$D$3:$D$450,MATCH(C56,'DESEMPATE Y DISCAPACIDAD'!$C$3:$C$450,0)),"") -> COMPAÑIA DE PROYECTOS TECNICOS - CPT S.A | E56: =IFERROR(IF(D56="","",IF(VLOOKUP(D56,'DESEMPATE Y DISCAPACIDAD'!D$3:$E$450,2,FALSE)=1,"N/A",IF(VLOOKUP(D56,'DESEMPATE Y DISCAPACIDAD'!D$3:$F$450,3,FALSE)="X","SI","NO"))),"") -> NO | F56: INSTITUTO NACIONAL DE VIAS - INVIAS | G56: COLOMBIA | H56: 085/1981 | I56: INTERVENTORÍA DE LA CONSTRUCCIÓN DEL SECTOR RÍO GUINA (K59+250) - CAPITANEJO (K140+650) DE LA CARRETERA RÍO BELÉN - CAPITANEJO. (81 KM) | J56: SI | K56: SI | L56: NO | M56: SI | N56: =IFERROR(IF(OR(J56="",K56=""),"",IF(J56="NO","NO",K56)),"") -> SI | O56: =IFERROR(IF(OR(J56="",L56=""),"",IF(J56="NO","NO",L56)),"") -> NO | P56: =IFERROR(IF(OR(J56="",M56=""),"",IF(J56="NO","NO",M56)),"") -> SI | Q56: =IFERROR(IF(S56="","",IF(S56>=DATE(1900,1,1),"SI","NO")),"") -> SI | R56: 1 | S56: 29752 | T56: 33358 | U56: =IFERROR(IF(T56="","",YEAR(T56)),"") -> 1991 | V56: =IF(U56=2023,1160000,IFERROR(INDEX(SMMLV!$B$2:$B$101,MATCH(U56,SMMLV!$A$2:$A$101,0)),"")) -> 51716 | W56: N/A | X56: COP | Y56: 39 | Z56: SI | AC56: =IFERROR(IF(Y56="","",IF(ISNUMBER(Y56),IF(COUNTIF(Z56,"SI")>0,"SI","NO"),Y56)),"") -> SI | AD56: =IF(W56="","",IF(W56="N/A","N/A",W56)) -> N/A | AE56: 5712.74 | AF56: =IFERROR(IF(OR(J56="",J56="NO"),"",IF(AND(J56="SI",Q56="SI"),IFERROR(AE56*R56,""),"")),"") -> 5712.74 | AI56: =IFERROR(IF(AF56="","",IF(AF56>=CMEMM1,"CUMPLE","NO CUMPLE")),"") -> CUMPLE | AN56: NO | AP56: SI | CB56: =IFERROR(IF(COUNTIF(AF53:AF62,"")=10,"",IF(COUNTIF(E53:E62,"N/A")>0,IF(AF56>=CMEMM1,AF56,0),"N/A")),"") -> N/A | CD56: =IFERROR(IF(COUNTIF(AF53:AF62,"")=10,"",IF(AF56="","",IF(AF56>=CMEMM1,1,0))),"") -> 1 | CE56: =B53&"-0"&4 -> P06-04 | CF56: =IFERROR(INDEX('DESEMPATE Y DISCAPACIDAD'!$D$3:$D$450,MATCH(CE56,'DESEMPATE Y DISCAPACIDAD'!$C$3:$C$450,0)),"") -> COMPAÑIA DE PROYECTOS TECNICOS - CPT S.A | CG56: =IF(OR(CE56="",CF56=""),"",SUMIF(D53:D62,CF56,CD53:CD62)) -> 1 | CH56: =IF(OR(CE56="",CF56="",CG56=""),"",IF(CG56>0,"CUMPLE","NO CUMPLE")) -> CUMPLE | CI56: =IF(CF56="","",IF(ISTEXT(CF56),1,0)) -> 1 | CL56: =IF(N56="","",IF(N56="SI",1,0)) -> 1 | CM56: =IF(O56="","",IF(O56="SI",1,0)) -> 0 | CN56: =IF(OR(CL56="",CM56=""),"",IF(AND(CL56=0,CM56=0),"N/A",IF(AND(CL56=1,CM56=0),"COND. A",IF(AND(CL56=0,CM56=1),"COND. B",IF(AND(CL56=1,CM56=1),"COND. A Y B",""))))) -> COND. A | CQ56: =IF(OR(AN56="",CB56=""),"",IF(AN56="NO",CB56,0)) -> N/A | CR56: =IF(OR(AN56="",AF56=""),"",IF(AN56="NO",AF56,0)) -> 5712.74
C57: P06-05 | D57: =+IFERROR(INDEX('DESEMPATE Y DISCAPACIDAD'!$D$3:$D$450,MATCH(C57,'DESEMPATE Y DISCAPACIDAD'!$C$3:$C$450,0)),"") -> INVELER CONSULTORIA SAS | E57: =IFERROR(IF(D57="","",IF(VLOOKUP(D57,'DESEMPATE Y DISCAPACIDAD'!D$3:$E$450,2,FALSE)=1,"N/A",IF(VLOOKUP(D57,'DESEMPATE Y DISCAPACIDAD'!D$3:$F$450,3,FALSE)="X","SI","NO"))),"") -> NO | F57: AGENCIA NACIONAL DE INFRAESTRUCTURA - ANI | G57: COLOMBIA | H57: 062-2005 | I57: INTERVENTORIA TECNICA, AMBIENTAL, LEGAL, ADMINISTRATIVA, PREDIAL, FINANCIERA, Y OPERATIVA EN LA ETAPA DE OPERACIÓN DEL CONTRATO DE CONCESION # 0849 DE 1995 DESARROLLO VIAL CARRETERA NEIVA-ESPINAL-GIRARDOT. | J57: SI | K57: SI | L57: SI | M57: SI | N57: =IFERROR(IF(OR(J57="",K57=""),"",IF(J57="NO","NO",K57)),"") -> SI | O57: =IFERROR(IF(OR(J57="",L57=""),"",IF(J57="NO","NO",L57)),"") -> SI | P57: =IFERROR(IF(OR(J57="",M57=""),"",IF(J57="NO","NO",M57)),"") -> SI | Q57: =IFERROR(IF(S57="","",IF(S57>=DATE(1900,1,1),"SI","NO")),"") -> SI | R57: 0.5 | S57: 38772 | T57: 40656 | U57: =IFERROR(IF(T57="","",YEAR(T57)),"") -> 2011 | V57: =IF(U57=2023,1160000,IFERROR(INDEX(SMMLV!$B$2:$B$101,MATCH(U57,SMMLV!$A$2:$A$101,0)),"")) -> 535600 | W57: N/A | X57: COP | Y57: 21 | Z57: SI | AC57: =IFERROR(IF(Y57="","",IF(ISNUMBER(Y57),IF(COUNTIF(Z57,"SI")>0,"SI","NO"),Y57)),"") -> SI | AD57: =IF(W57="","",IF(W57="N/A","N/A",W57)) -> N/A | AE57: 8950.39 | AF57: =IFERROR(IF(OR(J57="",J57="NO"),"",IF(AND(J57="SI",Q57="SI"),IFERROR(AE57*R57,""),"")),"") -> 4475.195 | AI57: =IFERROR(IF(AF57="","",IF(AF57>=CMEMM1,"CUMPLE","NO CUMPLE")),"") -> CUMPLE | AN57: NO | AP57: SI | CB57: =IFERROR(IF(COUNTIF(AF53:AF62,"")=10,"",IF(COUNTIF(E53:E62,"N/A")>0,IF(AF57>=CMEMM1,AF57,0),"N/A")),"") -> N/A | CD57: =IFERROR(IF(COUNTIF(AF53:AF62,"")=10,"",IF(AF57="","",IF(AF57>=CMEMM1,1,0))),"") -> 1 | CE57: =B53&"-0"&5 -> P06-05 | CF57: =IFERROR(INDEX('DESEMPATE Y DISCAPACIDAD'!$D$3:$D$450,MATCH(CE57,'DESEMPATE Y DISCAPACIDAD'!$C$3:$C$450,0)),"") -> INVELER CONSULTORIA SAS | CG57: =IF(OR(CE57="",CF57=""),"",SUMIF(D53:D62,CF57,CD53:CD62)) -> 1 | CH57: =IF(OR(CE57="",CF57="",CG57=""),"",IF(CG57>0,"CUMPLE","NO CUMPLE")) -> CUMPLE | CI57: =IF(CF57="","",IF(ISTEXT(CF57),1,0)) -> 1 | CL57: =IF(N57="","",IF(N57="SI",1,0)) -> 1 | CM57: =IF(O57="","",IF(O57="SI",1,0)) -> 1 | CN57: =IF(OR(CL57="",CM57=""),"",IF(AND(CL57=0,CM57=0),"N/A",IF(AND(CL57=1,CM57=0),"COND. A",IF(AND(CL57=0,CM57=1),"COND. B",IF(AND(CL57=1,CM57=1),"COND. A Y B",""))))) -> COND. A Y B | CQ57: =IF(OR(AN57="",CB57=""),"",IF(AN57="NO",CB57,0)) -> N/A | CR57: =IF(OR(AN57="",AF57=""),"",IF(AN57="NO",AF57,0)) -> 4475.195
C58: P06-05 | D58: =+IFERROR(INDEX('DESEMPATE Y DISCAPACIDAD'!$D$3:$D$450,MATCH(C58,'DESEMPATE Y DISCAPACIDAD'!$C$3:$C$450,0)),"") -> INVELER CONSULTORIA SAS | E58: =IFERROR(IF(D58="","",IF(VLOOKUP(D58,'DESEMPATE Y DISCAPACIDAD'!D$3:$E$450,2,FALSE)=1,"N/A",IF(VLOOKUP(D58,'DESEMPATE Y DISCAPACIDAD'!D$3:$F$450,3,FALSE)="X","SI","NO"))),"") -> NO | F58: AGENCIA NACIONAL DE INFRAESTRUCTURA - ANI | G58: COLOMBIA | H58: SEA-070-2012 | I58: INTERVENTORIA INTEGRAL DEL CONTRATO DE CONCESION QUE INCLUYE PERO NO SE LIMITA A LA INTERVENTORIA TECNICA, FINANCIERA, CONTABLE, JURIDICA, MEDIOAMBIENTAL, SOCIO-PREDIAL, ADMINISTRATIVA, DE SEGUROS, OPERATIVA Y DE MANTENIMIENTO DEL CONTRATO DE CONCESION No. 0503 DE 1994 Y DEMAS DOCUMENTOS QUE LO MODIFIQUIEN, ADICIONEN O COMPLEMENTEN PRA LA CONCESION VIAL CARTAGENA - BARRANQUILLA - VIA AL MAR CONSORCIO "VIA AL MAR" INTEGRADO POR CONSULTORES DEL DESARROLLO S.A. Y EDGARDO NAVARRO VIVES; ASI COMO REGULAR LOS TERMINOS Y CONDICIONES BAJO LOS CUALES LA AGENCIA PAGARA AL INTERVENTOR DE FORMA MENSUAL LA CONTRAPRESTACION OFRECIDA POR EL INTERVENTOR Y ACEPTADA POR LA AGENCIA DURANTE EL CONCURSO DE MERITOS EN UNA SUMA GLOBAL FIJA | J58: SI | K58: SI | L58: SI | M58: SI | N58: =IFERROR(IF(OR(J58="",K58=""),"",IF(J58="NO","NO",K58)),"") -> SI | O58: =IFERROR(IF(OR(J58="",L58=""),"",IF(J58="NO","NO",L58)),"") -> SI | P58: =IFERROR(IF(OR(J58="",M58=""),"",IF(J58="NO","NO",M58)),"") -> SI | Q58: =IFERROR(IF(S58="","",IF(S58>=DATE(1900,1,1),"SI","NO")),"") -> SI | R58: 0.33 | S58: 41099 | T58: 43288 | U58: =IFERROR(IF(T58="","",YEAR(T58)),"") -> 2018 | V58: =IF(U58=2023,1160000,IFERROR(INDEX(SMMLV!$B$2:$B$101,MATCH(U58,SMMLV!$A$2:$A$101,0)),"")) -> 781242 | W58: N/A | X58: COP | Y58: 133 | Z58: SI | AC58: =IFERROR(IF(Y58="","",IF(ISNUMBER(Y58),IF(COUNTIF(Z58,"SI")>0,"SI","NO"),Y58)),"") -> SI | AD58: =IF(W58="","",IF(W58="N/A","N/A",W58)) -> N/A | AE58: 11921.62 | AF58: =IFERROR(IF(OR(J58="",J58="NO"),"",IF(AND(J58="SI",Q58="SI"),IFERROR(AE58*R58,""),"")),"") -> 3934.1346 | AI58: =IFERROR(IF(AF58="","",IF(AF58>=CMEMM1,"CUMPLE","NO CUMPLE")),"") -> NO CUMPLE | AN58: NO | AP58: SI | CB58: =IFERROR(IF(COUNTIF(AF53:AF62,"")=10,"",IF(COUNTIF(E53:E62,"N/A")>0,IF(AF58>=CMEMM1,AF58,0),"N/A")),"") -> N/A | CD58: =IFERROR(IF(COUNTIF(AF53:AF62,"")=10,"",IF(AF58="","",IF(AF58>=CMEMM1,1,0))),"") -> 0 | CE58: =B53&"-0"&6 -> P06-06 | CF58: =IFERROR(INDEX('DESEMPATE Y DISCAPACIDAD'!$D$3:$D$450,MATCH(CE58,'DESEMPATE Y DISCAPACIDAD'!$C$3:$C$450,0)),"") -> 0 | CG58: =IF(OR(CE58="",CF58=""),"",SUMIF(D53:D62,CF58,CD53:CD62)) -> 0 | CH58: =IF(OR(CE58="",CF58="",CG58=""),"",IF(CG58>0,"CUMPLE","NO CUMPLE")) -> NO CUMPLE | CI58: =IF(CF58="","",IF(ISTEXT(CF58),1,0)) -> 0 | CL58: =IF(N58="","",IF(N58="SI",1,0)) -> 1 | CM58: =IF(O58="","",IF(O58="SI",1,0)) -> 1 | CN58: =IF(OR(CL58="",CM58=""),"",IF(AND(CL58=0,CM58=0),"N/A",IF(AND(CL58=1,CM58=0),"COND. A",IF(AND(CL58=0,CM58=1),"COND. B",IF(AND(CL58=1,CM58=1),"COND. A Y B",""))))) -> COND. A Y B | CQ58: =IF(OR(AN57="",CB58=""),"",IF(AN57="NO",CB58,0)) -> N/A | CR58: =IF(OR(AN57="",AF58=""),"",IF(AN57="NO",AF58,0)) -> 3934.1346
D59: =+IFERROR(INDEX('DESEMPATE Y DISCAPACIDAD'!$D$3:$D$450,MATCH(C59,'DESEMPATE Y DISCAPACIDAD'!$C$3:$C$450,0)),"") | E59: =IFERROR(IF(D59="","",IF(VLOOKUP(D59,'DESEMPATE Y DISCAPACIDAD'!D$3:$E$450,2,FALSE)=1,"N/A",IF(VLOOKUP(D59,'DESEMPATE Y DISCAPACIDAD'!D$3:$F$450,3,FALSE)="X","SI","NO"))),"") | N59: =IFERROR(IF(OR(J59="",K59=""),"",IF(J59="NO","NO",K59)),"") | O59: =IFERROR(IF(OR(J59="",L59=""),"",IF(J59="NO","NO",L59)),"") | P59: =IFERROR(IF(OR(J59="",M59=""),"",IF(J59="NO","NO",M59)),"") | Q59: =IFERROR(IF(S59="","",IF(S59>=DATE(1900,1,1),"SI","NO")),"") | U59: =IFERROR(IF(T59="","",YEAR(T59)),"") | V59: =IF(U59=2023,1160000,IFERROR(INDEX(SMMLV!$B$2:$B$101,MATCH(U59,SMMLV!$A$2:$A$101,0)),"")) | AC59: =IFERROR(IF(Y59="","",IF(ISNUMBER(Y59),IF(COUNTIF(Z59,"SI")>0,"SI","NO"),Y59)),"") | AD59: =IF(W59="","",IF(W59="N/A","N/A",W59)) | AF59: =IFERROR(IF(OR(J59="",J59="NO"),"",IF(AND(J59="SI",Q59="SI"),IFERROR(AE59*R59,""),"")),"") | AI59: =IFERROR(IF(AF59="","",IF(AF59>=CMEMM1,"CUMPLE","NO CUMPLE")),"") | CB59: =IFERROR(IF(COUNTIF(AF53:AF62,"")=10,"",IF(COUNTIF(E53:E62,"N/A")>0,IF(AF59>=CMEMM1,AF59,0),"N/A")),"") -> N/A | CD59: =IFERROR(IF(COUNTIF(AF53:AF62,"")=10,"",IF(AF59="","",IF(AF59>=CMEMM1,1,0))),"") | CE59: =B53&"-0"&7 -> P06-07 | CF59: =IFERROR(INDEX('DESEMPATE Y DISCAPACIDAD'!$D$3:$D$450,MATCH(CE59,'DESEMPATE Y DISCAPACIDAD'!$C$3:$C$450,0)),"") | CG59: =IF(OR(CE59="",CF59=""),"",SUMIF(D53:D62,CF59,CD53:CD62)) | CH59: =IF(OR(CE59="",CF59="",CG59=""),"",IF(CG59>0,"CUMPLE","NO CUMPLE")) | CI59: =IF(CF59="","",IF(ISTEXT(CF59),1,0)) | CL59: =IF(N59="","",IF(N59="SI",1,0)) | CM59: =IF(O59="","",IF(O59="SI",1,0)) | CN59: =IF(OR(CL59="",CM59=""),"",IF(AND(CL59=0,CM59=0),"N/A",IF(AND(CL59=1,CM59=0),"COND. A",IF(AND(CL59=0,CM59=1),"COND. B",IF(AND(CL59=1,CM59=1),"COND. A Y B",""))))) | CQ59: =IF(OR(AN59="",CB59=""),"",IF(AN59="NO",CB59,0)) | CR59: =IF(OR(AN59="",AF59=""),"",IF(AN59="NO",AF59,0))
D60: =+IFERROR(INDEX('DESEMPATE Y DISCAPACIDAD'!$D$3:$D$450,MATCH(C60,'DESEMPATE Y DISCAPACIDAD'!$C$3:$C$450,0)),"") | E60: =IFERROR(IF(D60="","",IF(VLOOKUP(D60,'DESEMPATE Y DISCAPACIDAD'!D$3:$E$450,2,FALSE)=1,"N/A",IF(VLOOKUP(D60,'DESEMPATE Y DISCAPACIDAD'!D$3:$F$450,3,FALSE)="X","SI","NO"))),"") | N60: =IFERROR(IF(OR(J60="",K60=""),"",IF(J60="NO","NO",K60)),"") | O60: =IFERROR(IF(OR(J60="",L60=""),"",IF(J60="NO","NO",L60)),"") | P60: =IFERROR(IF(OR(J60="",M60=""),"",IF(J60="NO","NO",M60)),"") | Q60: =IFERROR(IF(S60="","",IF(S60>=DATE(1900,1,1),"SI","NO")),"") | U60: =IFERROR(IF(T60="","",YEAR(T60)),"") | V60: =IF(U60=2023,1160000,IFERROR(INDEX(SMMLV!$B$2:$B$101,MATCH(U60,SMMLV!$A$2:$A$101,0)),"")) | AC60: =IFERROR(IF(Y60="","",IF(ISNUMBER(Y60),IF(COUNTIF(Z60,"SI")>0,"SI","NO"),Y60)),"") | AD60: =IF(W60="","",IF(W60="N/A","N/A",W60)) | AF60: =IFERROR(IF(OR(J60="",J60="NO"),"",IF(AND(J60="SI",Q60="SI"),IFERROR(AE60*R60,""),"")),"") | AI60: =IFERROR(IF(AF60="","",IF(AF60>=CMEMM1,"CUMPLE","NO CUMPLE")),"") | CB60: =IFERROR(IF(COUNTIF(AF53:AF62,"")=10,"",IF(COUNTIF(E53:E62,"N/A")>0,IF(AF60>=CMEMM1,AF60,0),"N/A")),"") -> N/A | CD60: =IFERROR(IF(COUNTIF(AF53:AF62,"")=10,"",IF(AF60="","",IF(AF60>=CMEMM1,1,0))),"") | CE60: =B53&"-0"&8 -> P06-08 | CF60: =IFERROR(INDEX('DESEMPATE Y DISCAPACIDAD'!$D$3:$D$450,MATCH(CE60,'DESEMPATE Y DISCAPACIDAD'!$C$3:$C$450,0)),"") | CG60: =IF(OR(CE60="",CF60=""),"",SUMIF(D53:D62,CF60,CD53:CD62)) | CH60: =IF(OR(CE60="",CF60="",CG60=""),"",IF(CG60>0,"CUMPLE","NO CUMPLE")) | CI60: =IF(CF60="","",IF(ISTEXT(CF60),1,0)) | CL60: =IF(N60="","",IF(N60="SI",1,0)) | CM60: =IF(O60="","",IF(O60="SI",1,0)) | CN60: =IF(OR(CL60="",CM60=""),"",IF(AND(CL60=0,CM60=0),"N/A",IF(AND(CL60=1,CM60=0),"COND. A",IF(AND(CL60=0,CM60=1),"COND. B",IF(AND(CL60=1,CM60=1),"COND. A Y B",""))))) | CQ60: =IF(OR(AN60="",CB60=""),"",IF(AN60="NO",CB60,0)) | CR60: =IF(OR(AN60="",AF60=""),"",IF(AN60="NO",AF60,0))
D61: =+IFERROR(INDEX('DESEMPATE Y DISCAPACIDAD'!$D$3:$D$450,MATCH(C61,'DESEMPATE Y DISCAPACIDAD'!$C$3:$C$450,0)),"") | E61: =IFERROR(IF(D61="","",IF(VLOOKUP(D61,'DESEMPATE Y DISCAPACIDAD'!D$3:$E$450,2,FALSE)=1,"N/A",IF(VLOOKUP(D61,'DESEMPATE Y DISCAPACIDAD'!D$3:$F$450,3,FALSE)="X","SI","NO"))),"") | N61: =IFERROR(IF(OR(J61="",K61=""),"",IF(J61="NO","NO",K61)),"") | O61: =IFERROR(IF(OR(J61="",L61=""),"",IF(J61="NO","NO",L61)),"") | P61: =IFERROR(IF(OR(J61="",M61=""),"",IF(J61="NO","NO",M61)),"") | Q61: =IFERROR(IF(S61="","",IF(S61>=DATE(1900,1,1),"SI","NO")),"") | U61: =IFERROR(IF(T61="","",YEAR(T61)),"") | V61: =IF(U61=2023,1160000,IFERROR(INDEX(SMMLV!$B$2:$B$101,MATCH(U61,SMMLV!$A$2:$A$101,0)),"")) | AC61: =IFERROR(IF(Y61="","",IF(ISNUMBER(Y61),IF(COUNTIF(Z61,"SI")>0,"SI","NO"),Y61)),"") | AD61: =IF(W61="","",IF(W61="N/A","N/A",W61)) | AF61: =IFERROR(IF(OR(J61="",J61="NO"),"",IF(AND(J61="SI",Q61="SI"),IFERROR(AE61*R61,""),"")),"") | AI61: =IFERROR(IF(AF61="","",IF(AF61>=CMEMM1,"CUMPLE","NO CUMPLE")),"") | CB61: =IFERROR(IF(COUNTIF(AF53:AF62,"")=10,"",IF(COUNTIF(E53:E62,"N/A")>0,IF(AF61>=CMEMM1,AF61,0),"N/A")),"") -> N/A | CD61: =IFERROR(IF(COUNTIF(AF53:AF62,"")=10,"",IF(AF61="","",IF(AF61>=CMEMM1,1,0))),"") | CE61: =B53&"-0"&9 -> P06-09 | CF61: =IFERROR(INDEX('DESEMPATE Y DISCAPACIDAD'!$D$3:$D$450,MATCH(CE61,'DESEMPATE Y DISCAPACIDAD'!$C$3:$C$450,0)),"") | CG61: =IF(OR(CE61="",CF61=""),"",SUMIF(D53:D62,CF61,CD53:CD62)) | CH61: =IF(OR(CE61="",CF61="",CG61=""),"",IF(CG61>0,"CUMPLE","NO CUMPLE")) | CI61: =IF(CF61="","",IF(ISTEXT(CF61),1,0)) | CL61: =IF(N61="","",IF(N61="SI",1,0)) | CM61: =IF(O61="","",IF(O61="SI",1,0)) | CN61: =IF(OR(CL61="",CM61=""),"",IF(AND(CL61=0,CM61=0),"N/A",IF(AND(CL61=1,CM61=0),"COND. A",IF(AND(CL61=0,CM61=1),"COND. B",IF(AND(CL61=1,CM61=1),"COND. A Y B",""))))) | CQ61: =IF(OR(AN61="",CB61=""),"",IF(AN61="NO",CB61,0)) | CR61: =IF(OR(AN61="",AF61=""),"",IF(AN61="NO",AF61,0))
D62: =+IFERROR(INDEX('DESEMPATE Y DISCAPACIDAD'!$D$3:$D$450,MATCH(C62,'DESEMPATE Y DISCAPACIDAD'!$C$3:$C$450,0)),"") | E62: =IFERROR(IF(D62="","",IF(VLOOKUP(D62,'DESEMPATE Y DISCAPACIDAD'!D$3:$E$450,2,FALSE)=1,"N/A",IF(VLOOKUP(D62,'DESEMPATE Y DISCAPACIDAD'!D$3:$F$450,3,FALSE)="X","SI","NO"))),"") | N62: =IFERROR(IF(OR(J62="",K62=""),"",IF(J62="NO","NO",K62)),"") | O62: =IFERROR(IF(OR(J62="",L62=""),"",IF(J62="NO","NO",L62)),"") | P62: =IFERROR(IF(OR(J62="",M62=""),"",IF(J62="NO","NO",M62)),"") | Q62: =IFERROR(IF(S62="","",IF(S62>=DATE(1900,1,1),"SI","NO")),"") | U62: =IFERROR(IF(T62="","",YEAR(T62)),"") | V62: =IF(U62=2023,1160000,IFERROR(INDEX(SMMLV!$B$2:$B$101,MATCH(U62,SMMLV!$A$2:$A$101,0)),"")) | AC62: =IFERROR(IF(Y62="","",IF(ISNUMBER(Y62),IF(COUNTIF(Z62,"SI")>0,"SI","NO"),Y62)),"") | AD62: =IF(W62="","",IF(W62="N/A","N/A",W62)) | AF62: =IFERROR(IF(OR(J62="",J62="NO"),"",IF(AND(J62="SI",Q62="SI"),IFERROR(AE62*R62,""),"")),"") | AI62: =IFERROR(IF(AF62="","",IF(AF62>=CMEMM1,"CUMPLE","NO CUMPLE")),"") | CB62: =IFERROR(IF(COUNTIF(AF53:AF62,"")=10,"",IF(COUNTIF(E53:E62,"N/A")>0,IF(AF62>=CMEMM1,AF62,0),"N/A")),"") -> N/A | CD62: =IFERROR(IF(COUNTIF(AF53:AF62,"")=10,"",IF(AF62="","",IF(AF62>=CMEMM1,1,0))),"") | CE62: =B53&"-"&10 -> P06-10 | CF62: =IFERROR(INDEX('DESEMPATE Y DISCAPACIDAD'!$D$3:$D$450,MATCH(CE62,'DESEMPATE Y DISCAPACIDAD'!$C$3:$C$450,0)),"") | CG62: =IF(OR(CE62="",CF62=""),"",SUMIF(D53:D62,CF62,CD53:CD62)) | CH62: =IF(OR(CE62="",CF62="",CG62=""),"",IF(CG62>0,"CUMPLE","NO CUMPLE")) | CI62: =IF(CF62="","",IF(ISTEXT(CF62),1,0)) | CL62: =IF(N62="","",IF(N62="SI",1,0)) | CM62: =IF(O62="","",IF(O62="SI",1,0)) | CN62: =IF(OR(CL62="",CM62=""),"",IF(AND(CL62=0,CM62=0),"N/A",IF(AND(CL62=1,CM62=0),"COND. A",IF(AND(CL62=0,CM62=1),"COND. B",IF(AND(CL62=1,CM62=1),"COND. A Y B",""))))) | CQ62: =IF(OR(AN62="",CB62=""),"",IF(AN62="NO",CB62,0)) | CR62: =IF(OR(AN62="",AF62=""),"",IF(AN62="NO",AF62,0))
A63: ="A"&B63 -> AP07 | B63: P07 | C63: P07-01 | D63: =+IFERROR(INDEX('DESEMPATE Y DISCAPACIDAD'!$D$3:$D$450,MATCH(C63,'DESEMPATE Y DISCAPACIDAD'!$C$3:$C$450,0)),"") -> VELNEC S.A.S. | E63: =IFERROR(IF(D63="","",IF(VLOOKUP(D63,'DESEMPATE Y DISCAPACIDAD'!D$3:$E$450,2,FALSE)=1,"N/A",IF(VLOOKUP(D63,'DESEMPATE Y DISCAPACIDAD'!D$3:$F$450,3,FALSE)="X","SI","NO"))),"") -> NO | F63: AGENCIA NACIONAL DE INFRAESTRUCTURA - ANI | G63: COLOMBIA | H63: SEA 020 DE 2012 | I63: INTERVENTORÍA CUYO OBJETO SERÁ: “INTERVENTORÍA INTEGRAL DEL CONTRATO DE CONCESIÓN No. 008 DE 2010, CUYO OBJETO ES EL OTORGAMIENTO DE UNA CONCESIÓN, PARA QUE UN CONCESIONARIO REALICE POR SU CUENTA Y RIESGO LAS OBRAS NECESARIAS PARA LA CONSTRUCCIÓN, REHABILITACIÓN, AMPLIACIÓN, MEJORAMIENTO Y CONSERVACIÓN, SEGÚN CORRESPONDA, DEL PROYECTO VIAL TRANSVERSAL DE LAS AMÉRICAS Y LA PREPARACIÓN DE LOS ESTUDIOS Y DISEÑOS DEFINITIVOS, LA GESTIÓN PREDIAL, SOCIAL Y AMBIENTAL, LA OBTENCIÓN Y/O MODIFICACIÓN DE LICENCIAS AMBIENTALES, LA FINANCIACIÓN, LA OPERACIÓN Y EL MANTENIMIENTO DE LAS OBRAS, EN EL CORREDOR VIAL “ TRANSVERSAL DE LAS AMÉRICAS SECTOR 1 DENOMINADO CORREDOR VIAL DEL CARIBE” | J63: SI | K63: SI | L63: SI | M63: SI | N63: =IFERROR(IF(OR(J63="",K63=""),"",IF(J63="NO","NO",K63)),"") -> SI | O63: =IFERROR(IF(OR(J63="",L63=""),"",IF(J63="NO","NO",L63)),"") -> SI | P63: =IFERROR(IF(OR(J63="",M63=""),"",IF(J63="NO","NO",M63)),"") -> SI | Q63: =IFERROR(IF(S63="","",IF(S63>=DATE(1900,1,1),"SI","NO")),"") -> SI | R63: 0.33 | S63: 41015 | T63: 44530 | U63: =IFERROR(IF(T63="","",YEAR(T63)),"") -> 2021 | V63: =IF(U63=2023,1160000,IFERROR(INDEX(SMMLV!$B$2:$B$101,MATCH(U63,SMMLV!$A$2:$A$101,0)),"")) -> 908526 | W63: N/A | X63: COP | Y63: 168 | Z63: SI | AC63: =IFERROR(IF(Y63="","",IF(ISNUMBER(Y63),IF(COUNTIF(Z63,"SI")>0,"SI","NO"),Y63)),"") -> SI | AD63: =IF(W63="","",IF(W63="N/A","N/A",W63)) -> N/A | AE63: 91335.78 | AF63: =IFERROR(IF(OR(J63="",J63="NO"),"",IF(AND(J63="SI",Q63="SI"),IFERROR(AE63*R63,""),"")),"") -> 30140.807 | AG63: =IFERROR(IF(COUNTIF(AF63:AF72,"")=10,"",IF(COUNTIF(E63:E72,"N/A")>0,IF(SUM(CB63:CB72)>=CMEM1,"CUMPLE","NO CUMPLE"),IF(SUM(AF63:AF72)>=CMEM1,"CUMPLE","NO CUMPLE"))),"") -> CUMPLE | AH63: =IF(COUNTIF(AF63:AF72,"")=10,"",IF(SUMIF(C63:C72,C63,AF63:AF72)>=CMLM1,"CUMPLE",IF(SUMIF(C63:C72,C64,AF63:AF72)>=CMLM1,"CUMPLE",IF(SUMIF(C63:C72,C65,AF63:AF72)>=CMLM1,"CUMPLE",IF(SUMIF(C63:C72,C66,AF63:AF72)>=CMLM1,"CUMPLE",IF(SUMIF(C63:C72,C67,AF63:AF72)>=CMLM1,"CUMPLE",IF(SUMIF(C63:C72,C68,AF63:AF72)>=CMLM1,"CUMPLE",IF(SUMIF(C63:C72,C69,AF63:AF72)>=CMLM1,"CUMPLE",IF(SUMIF(C63:C72,C70,AF63:AF72)>=CMLM1,"CUMPLE",IF(SUMIF(C63:C72,C71,AF63:AF72)>=CMLM1,"CUMPLE",IF(SUMIF(C63:C72,C72,AF63:AF72)>=CMLM1,"CUMPLE","NO CUMPLE"))))))))))) -> CUMPLE | AI63: =IFERROR(IF(AF63="","",IF(AF63>=CMEMM1,"CUMPLE","NO CUMPLE")),"") -> CUMPLE | AJ63: =IFERROR(IF(COUNTIF(AF63:AF72,"")=10,"",IF(COUNTIF(E63:E72,"N/A")>0,"N/A",CJ63)),"") -> CUMPLE | AK63: =IFERROR(IF(AND(COUNTIF(N63:N72,"SI")>=1,COUNTIF(O63:O72,"SI")>=1,COUNTIF(P63:P72,"SI")>=1,COUNTIF(J63:J72,"SI")<=10,CO63="CUMPLE"),"CUMPLE","NO CUMPLE"),"") -> CUMPLE | AL63: HÁBIL | AM63: =IFERROR(IF(B63<>"",IF(VLOOKUP(B63,'DESEMPATE Y DISCAPACIDAD'!$A$3:$Q$450,10,FALSE)="","",VLOOKUP(B63,'DESEMPATE Y DISCAPACIDAD'!$A$3:$Q$450,10,FALSE)+6),""),"") -> 8 | AN63: NO | AO63: SI | AP63: SI | AQ63: =IFERROR(IF(COUNTIF(AP63:AP72,"")=10,"",IF(AO63="NO",0,COUNTIF(AP63:AP72,"SI"))),"") -> 3 | AR63: =IFERROR(IF(COUNTIF(AF63:AF72,"")=10,"",IF(AO63="NO",0,IF(COUNTIF(E63:E72,"N/A")>0,SUM(CQ63:CQ72),SUM(CR63:CR72)))),"") -> 44825.617 | AS63: =IFERROR(IF(OR(COUNTIF(AF63:AF72,"")=10,AQ63="",AR63=""),"",IF(AO63="NO",0,AR63/AQ63)),"") -> 14941.872 | AU63: El proponente aporta 3 contratos válidos para acreditar experiencia según lo solicitado en el Anexo de generalidades al Pliego de Condiciones, con lo cual el proponente recibe la calificación en los aspectos técnicos de HÁBIL. | AV63: No aplica solicitud de subsane y/o aclaración | AW63: No aplica solicitud de subsane | AX63: No aplica solicitud de subsane | CB63: =IFERROR(IF(COUNTIF(AF63:AF72,"")=10,"",IF(COUNTIF(E63:E72,"N/A")>0,IF(AF63>=CMEMM1,AF63,0),"N/A")),"") -> N/A | CD63: =IFERROR(IF(COUNTIF(AF63:AF72,"")=10,"",IF(AF63="","",IF(AF63>=CMEMM1,1,0))),"") -> 1 | CE63: =B63&"-0"&1 -> P07-01 | CF63: =IFERROR(INDEX('DESEMPATE Y DISCAPACIDAD'!$D$3:$D$450,MATCH(CE63,'DESEMPATE Y DISCAPACIDAD'!$C$3:$C$450,0)),"") -> VELNEC S.A.S. | CG63: =IF(OR(CE63="",CF63=""),"",SUMIF(D63:D72,CF63,CD63:CD72)) -> 2 | CH63: =IF(OR(CE63="",CF63="",CG63=""),"",IF(CG63>0,"CUMPLE","NO CUMPLE")) -> CUMPLE | CI63: =IF(CF63="","",IF(ISTEXT(CF63),1,0)) -> 1 | CJ63: =IF(OR(CD63="",CE63="",CF63="",CG63="",CH63="",CI63=""),"",IF(COUNTIF(CH63:CH72,"CUMPLE")=COUNTIF(CI63:CI72,1),"CUMPLE","NO CUMPLE")) -> CUMPLE | CL63: =IF(N63="","",IF(N63="SI",1,0)) -> 1 | CM63: =IF(O63="","",IF(O63="SI",1,0)) -> 1 | CN63: =IF(OR(CL63="",CM63=""),"",IF(AND(CL63=0,CM63=0),"N/A",IF(AND(CL63=1,CM63=0),"COND. A",IF(AND(CL63=0,CM63=1),"COND. B",IF(AND(CL63=1,CM63=1),"COND. A Y B",""))))) -> COND. A Y B | CO63: =IF(COUNTIF(CN63:CN72,"N/A")=10,"NO CUMPLE",IF(COUNTIF(CN63:CN72,"COND. A Y B")>1,"CUMPLE",IF(AND(COUNTIF(CN63:CN72,"COND. A")>0,COUNTIF(CN63:CN72,"COND. B")>0),"CUMPLE",IF(AND(COUNTIF(CN63:CN72,"COND. A Y B")>0,COUNTIF(CN63:CN72,"COND. A")>0),"CUMPLE",IF(AND(COUNTIF(CN63:CN72,"COND. A Y B")>0,COUNTIF(CN63:CN72,"COND. B")>0),"CUMPLE","NO CUMPLE"))))) -> CUMPLE | CQ63: =IF(OR(AN63="",CB63=""),"",IF(AN63="NO",CB63,0)) -> N/A | CR63: =IF(OR(AN63="",AF63=""),"",IF(AN63="NO",AF63,0)) -> 30140.807
C64: P07-01 | D64: =+IFERROR(INDEX('DESEMPATE Y DISCAPACIDAD'!$D$3:$D$450,MATCH(C64,'DESEMPATE Y DISCAPACIDAD'!$C$3:$C$450,0)),"") -> VELNEC S.A.S. | E64: =IFERROR(IF(D64="","",IF(VLOOKUP(D64,'DESEMPATE Y DISCAPACIDAD'!D$3:$E$450,2,FALSE)=1,"N/A",IF(VLOOKUP(D64,'DESEMPATE Y DISCAPACIDAD'!D$3:$F$450,3,FALSE)="X","SI","NO"))),"") -> NO | F64: ORGANISMO SUPERVISOR DE LA INVERSIÓN EN INFRAESTRUCTURA DE TRANSPORTE DE USO PÚBLICO - OSITRAN PERÚ | G64: PERÚ | H64: 046-2016-OSITRÁN | I64: SUPERVISIÓN DE LA EJECUCIÓN DE LAS OBRAS DEL TERMINAL PORTUARIO GENERAL SAN MARTÍN - PISCO. | J64: SI | K64: SI | L64: NO | M64: SI | N64: =IFERROR(IF(OR(J64="",K64=""),"",IF(J64="NO","NO",K64)),"") -> SI | O64: =IFERROR(IF(OR(J64="",L64=""),"",IF(J64="NO","NO",L64)),"") -> NO | P64: =IFERROR(IF(OR(J64="",M64=""),"",IF(J64="NO","NO",M64)),"") -> SI | Q64: =IFERROR(IF(S64="","",IF(S64>=DATE(1900,1,1),"SI","NO")),"") -> SI | R64: 0.49 | S64: 43215 | T64: 44571 | U64: =IFERROR(IF(T64="","",YEAR(T64)),"") -> 2022 | V64: =IF(U64=2023,1160000,IFERROR(INDEX(SMMLV!$B$2:$B$101,MATCH(U64,SMMLV!$A$2:$A$101,0)),"")) -> 1000000 | W64: N/A | X64: COP | Y64: 171 | Z64: SI | AC64: =IFERROR(IF(Y64="","",IF(ISNUMBER(Y64),IF(COUNTIF(Z64,"SI")>0,"SI","NO"),Y64)),"") -> SI | AD64: =IF(W64="","",IF(W64="N/A","N/A",W64)) -> N/A | AE64: 18251.44 | AF64: =IFERROR(IF(OR(J64="",J64="NO"),"",IF(AND(J64="SI",Q64="SI"),IFERROR(AE64*R64,""),"")),"") -> 8943.2056 | AI64: =IFERROR(IF(AF64="","",IF(AF64>=CMEMM1,"CUMPLE","NO CUMPLE")),"") -> CUMPLE | AN64: NO | AP64: SI | CB64: =IFERROR(IF(COUNTIF(AF63:AF72,"")=10,"",IF(COUNTIF(E63:E72,"N/A")>0,IF(AF64>=CMEMM1,AF64,0),"N/A")),"") -> N/A | CD64: =IFERROR(IF(COUNTIF(AF63:AF72,"")=10,"",IF(AF64="","",IF(AF64>=CMEMM1,1,0))),"") -> 1 | CE64: =B63&"-0"&2 -> P07-02 | CF64: =IFERROR(INDEX('DESEMPATE Y DISCAPACIDAD'!$D$3:$D$450,MATCH(CE64,'DESEMPATE Y DISCAPACIDAD'!$C$3:$C$450,0)),"") -> GAVINCO INGENIEROS CONSULTORES S.A.S. | CG64: =IF(OR(CE64="",CF64=""),"",SUMIF(D63:D72,CF64,CD63:CD72)) -> 1 | CH64: =IF(OR(CE64="",CF64="",CG64=""),"",IF(CG64>0,"CUMPLE","NO CUMPLE")) -> CUMPLE | CI64: =IF(CF64="","",IF(ISTEXT(CF64),1,0)) -> 1 | CL64: =IF(N64="","",IF(N64="SI",1,0)) -> 1 | CM64: =IF(O64="","",IF(O64="SI",1,0)) -> 0 | CN64: =IF(OR(CL64="",CM64=""),"",IF(AND(CL64=0,CM64=0),"N/A",IF(AND(CL64=1,CM64=0),"COND. A",IF(AND(CL64=0,CM64=1),"COND. B",IF(AND(CL64=1,CM64=1),"COND. A Y B",""))))) -> COND. A | CQ64: =IF(OR(AN64="",CB64=""),"",IF(AN64="NO",CB64,0)) -> N/A | CR64: =IF(OR(AN64="",AF64=""),"",IF(AN64="NO",AF64,0)) -> 8943.2056
C65: P07-02 | D65: =+IFERROR(INDEX('DESEMPATE Y DISCAPACIDAD'!$D$3:$D$450,MATCH(C65,'DESEMPATE Y DISCAPACIDAD'!$C$3:$C$450,0)),"") -> GAVINCO INGENIEROS CONSULTORES S.A.S. | E65: =IFERROR(IF(D65="","",IF(VLOOKUP(D65,'DESEMPATE Y DISCAPACIDAD'!D$3:$E$450,2,FALSE)=1,"N/A",IF(VLOOKUP(D65,'DESEMPATE Y DISCAPACIDAD'!D$3:$F$450,3,FALSE)="X","SI","NO"))),"") -> NO | F65: FONDO DE DESARROLLO DE PROYECTOS DE CUNDINAMARCA - FONDECUN | G65: COLOMBIA | H65: 447 DE 2016 | I65: INTERVENTORIA TECNICA, FINANCIERA, ADMINISTRATIVA Y DE CONTROL PRESUPUESTAL A PROYECTOS DE INFRAESTRUCTURA Y HABITAT EN EL TERRITORIO NACIONAL | J65: SI | K65: SI | L65: NO | M65: SI | N65: =IFERROR(IF(OR(J65="",K65=""),"",IF(J65="NO","NO",K65)),"") -> SI | O65: =IFERROR(IF(OR(J65="",L65=""),"",IF(J65="NO","NO",L65)),"") -> NO | P65: =IFERROR(IF(OR(J65="",M65=""),"",IF(J65="NO","NO",M65)),"") -> SI | Q65: =IFERROR(IF(S65="","",IF(S65>=DATE(1900,1,1),"SI","NO")),"") -> SI | R65: 0.6 | S65: 42699 | T65: 43941 | U65: =IFERROR(IF(T65="","",YEAR(T65)),"") -> 2020 | V65: =IF(U65=2023,1160000,IFERROR(INDEX(SMMLV!$B$2:$B$101,MATCH(U65,SMMLV!$A$2:$A$101,0)),"")) -> 877803 | W65: N/A | X65: COP | Y65: 140 | Z65: SI | AC65: =IFERROR(IF(Y65="","",IF(ISNUMBER(Y65),IF(COUNTIF(Z65,"SI")>0,"SI","NO"),Y65)),"") -> SI | AD65: =IF(W65="","",IF(W65="N/A","N/A",W65)) -> N/A | AE65: 9569.34 | AF65: =IFERROR(IF(OR(J65="",J65="NO"),"",IF(AND(J65="SI",Q65="SI"),IFERROR(AE65*R65,""),"")),"") -> 5741.604 | AI65: =IFERROR(IF(AF65="","",IF(AF65>=CMEMM1,"CUMPLE","NO CUMPLE")),"") -> CUMPLE | AN65: NO | AP65: SI | CB65: =IFERROR(IF(COUNTIF(AF63:AF72,"")=10,"",IF(COUNTIF(E63:E72,"N/A")>0,IF(AF65>=CMEMM1,AF65,0),"N/A")),"") -> N/A | CD65: =IFERROR(IF(COUNTIF(AF63:AF72,"")=10,"",IF(AF65="","",IF(AF65>=CMEMM1,1,0))),"") -> 1 | CE65: =B63&"-0"&3 -> P07-03 | CF65: =IFERROR(INDEX('DESEMPATE Y DISCAPACIDAD'!$D$3:$D$450,MATCH(CE65,'DESEMPATE Y DISCAPACIDAD'!$C$3:$C$450,0)),"") -> 0 | CG65: =IF(OR(CE65="",CF65=""),"",SUMIF(D63:D72,CF65,CD63:CD72)) -> 0 | CH65: =IF(OR(CE65="",CF65="",CG65=""),"",IF(CG65>0,"CUMPLE","NO CUMPLE")) -> NO CUMPLE | CI65: =IF(CF65="","",IF(ISTEXT(CF65),1,0)) -> 0 | CL65: =IF(N65="","",IF(N65="SI",1,0)) -> 1 | CM65: =IF(O65="","",IF(O65="SI",1,0)) -> 0 | CN65: =IF(OR(CL65="",CM65=""),"",IF(AND(CL65=0,CM65=0),"N/A",IF(AND(CL65=1,CM65=0),"COND. A",IF(AND(CL65=0,CM65=1),"COND. B",IF(AND(CL65=1,CM65=1),"COND. A Y B",""))))) -> COND. A | CQ65: =IF(OR(AN65="",CB65=""),"",IF(AN65="NO",CB65,0)) -> N/A | CR65: =IF(OR(AN65="",AF65=""),"",IF(AN65="NO",AF65,0)) -> 5741.604
D66: =+IFERROR(INDEX('DESEMPATE Y DISCAPACIDAD'!$D$3:$D$450,MATCH(C66,'DESEMPATE Y DISCAPACIDAD'!$C$3:$C$450,0)),"") | E66: =IFERROR(IF(D66="","",IF(VLOOKUP(D66,'DESEMPATE Y DISCAPACIDAD'!D$3:$E$450,2,FALSE)=1,"N/A",IF(VLOOKUP(D66,'DESEMPATE Y DISCAPACIDAD'!D$3:$F$450,3,FALSE)="X","SI","NO"))),"") | N66: =IFERROR(IF(OR(J66="",K66=""),"",IF(J66="NO","NO",K66)),"") | O66: =IFERROR(IF(OR(J66="",L66=""),"",IF(J66="NO","NO",L66)),"") | P66: =IFERROR(IF(OR(J66="",M66=""),"",IF(J66="NO","NO",M66)),"") | Q66: =IFERROR(IF(S66="","",IF(S66>=DATE(1900,1,1),"SI","NO")),"") | U66: =IFERROR(IF(T66="","",YEAR(T66)),"") | V66: =IF(U66=2023,1160000,IFERROR(INDEX(SMMLV!$B$2:$B$101,MATCH(U66,SMMLV!$A$2:$A$101,0)),"")) | AC66: =IFERROR(IF(Y66="","",IF(ISNUMBER(Y66),IF(COUNTIF(Z66,"SI")>0,"SI","NO"),Y66)),"") | AD66: =IF(W66="","",IF(W66="N/A","N/A",W66)) | AF66: =IFERROR(IF(OR(J66="",J66="NO"),"",IF(AND(J66="SI",Q66="SI"),IFERROR(AE66*R66,""),"")),"") | AI66: =IFERROR(IF(AF66="","",IF(AF66>=CMEMM1,"CUMPLE","NO CUMPLE")),"") | CB66: =IFERROR(IF(COUNTIF(AF63:AF72,"")=10,"",IF(COUNTIF(E63:E72,"N/A")>0,IF(AF66>=CMEMM1,AF66,0),"N/A")),"") -> N/A | CD66: =IFERROR(IF(COUNTIF(AF63:AF72,"")=10,"",IF(AF66="","",IF(AF66>=CMEMM1,1,0))),"") | CE66: =B63&"-0"&4 -> P07-04 | CF66: =IFERROR(INDEX('DESEMPATE Y DISCAPACIDAD'!$D$3:$D$450,MATCH(CE66,'DESEMPATE Y DISCAPACIDAD'!$C$3:$C$450,0)),"") -> 0 | CG66: =IF(OR(CE66="",CF66=""),"",SUMIF(D63:D72,CF66,CD63:CD72)) -> 0 | CH66: =IF(OR(CE66="",CF66="",CG66=""),"",IF(CG66>0,"CUMPLE","NO CUMPLE")) -> NO CUMPLE | CI66: =IF(CF66="","",IF(ISTEXT(CF66),1,0)) -> 0 | CL66: =IF(N66="","",IF(N66="SI",1,0)) | CM66: =IF(O66="","",IF(O66="SI",1,0)) | CN66: =IF(OR(CL66="",CM66=""),"",IF(AND(CL66=0,CM66=0),"N/A",IF(AND(CL66=1,CM66=0),"COND. A",IF(AND(CL66=0,CM66=1),"COND. B",IF(AND(CL66=1,CM66=1),"COND. A Y B",""))))) | CQ66: =IF(OR(AN66="",CB66=""),"",IF(AN66="NO",CB66,0)) | CR66: =IF(OR(AN66="",AF66=""),"",IF(AN66="NO",AF66,0))
D67: =+IFERROR(INDEX('DESEMPATE Y DISCAPACIDAD'!$D$3:$D$450,MATCH(C67,'DESEMPATE Y DISCAPACIDAD'!$C$3:$C$450,0)),"") | E67: =IFERROR(IF(D67="","",IF(VLOOKUP(D67,'DESEMPATE Y DISCAPACIDAD'!D$3:$E$450,2,FALSE)=1,"N/A",IF(VLOOKUP(D67,'DESEMPATE Y DISCAPACIDAD'!D$3:$F$450,3,FALSE)="X","SI","NO"))),"") | N67: =IFERROR(IF(OR(J67="",K67=""),"",IF(J67="NO","NO",K67)),"") | O67: =IFERROR(IF(OR(J67="",L67=""),"",IF(J67="NO","NO",L67)),"") | P67: =IFERROR(IF(OR(J67="",M67=""),"",IF(J67="NO","NO",M67)),"") | Q67: =IFERROR(IF(S67="","",IF(S67>=DATE(1900,1,1),"SI","NO")),"") | U67: =IFERROR(IF(T67="","",YEAR(T67)),"") | V67: =IF(U67=2023,1160000,IFERROR(INDEX(SMMLV!$B$2:$B$101,MATCH(U67,SMMLV!$A$2:$A$101,0)),"")) | AC67: =IFERROR(IF(Y67="","",IF(ISNUMBER(Y67),IF(COUNTIF(Z67,"SI")>0,"SI","NO"),Y67)),"") | AD67: =IF(W67="","",IF(W67="N/A","N/A",W67)) | AF67: =IFERROR(IF(OR(J67="",J67="NO"),"",IF(AND(J67="SI",Q67="SI"),IFERROR(AE67*R67,""),"")),"") | AI67: =IFERROR(IF(AF67="","",IF(AF67>=CMEMM1,"CUMPLE","NO CUMPLE")),"") | CB67: =IFERROR(IF(COUNTIF(AF63:AF72,"")=10,"",IF(COUNTIF(E63:E72,"N/A")>0,IF(AF67>=CMEMM1,AF67,0),"N/A")),"") -> N/A | CD67: =IFERROR(IF(COUNTIF(AF63:AF72,"")=10,"",IF(AF67="","",IF(AF67>=CMEMM1,1,0))),"") | CE67: =B63&"-0"&5 -> P07-05 | CF67: =IFERROR(INDEX('DESEMPATE Y DISCAPACIDAD'!$D$3:$D$450,MATCH(CE67,'DESEMPATE Y DISCAPACIDAD'!$C$3:$C$450,0)),"") -> 0 | CG67: =IF(OR(CE67="",CF67=""),"",SUMIF(D63:D72,CF67,CD63:CD72)) -> 0 | CH67: =IF(OR(CE67="",CF67="",CG67=""),"",IF(CG67>0,"CUMPLE","NO CUMPLE")) -> NO CUMPLE | CI67: =IF(CF67="","",IF(ISTEXT(CF67),1,0)) -> 0 | CL67: =IF(N67="","",IF(N67="SI",1,0)) | CM67: =IF(O67="","",IF(O67="SI",1,0)) | CN67: =IF(OR(CL67="",CM67=""),"",IF(AND(CL67=0,CM67=0),"N/A",IF(AND(CL67=1,CM67=0),"COND. A",IF(AND(CL67=0,CM67=1),"COND. B",IF(AND(CL67=1,CM67=1),"COND. A Y B",""))))) | CQ67: =IF(OR(AN67="",CB67=""),"",IF(AN67="NO",CB67,0)) | CR67: =IF(OR(AN67="",AF67=""),"",IF(AN67="NO",AF67,0))
D68: =+IFERROR(INDEX('DESEMPATE Y DISCAPACIDAD'!$D$3:$D$450,MATCH(C68,'DESEMPATE Y DISCAPACIDAD'!$C$3:$C$450,0)),"") | E68: =IFERROR(IF(D68="","",IF(VLOOKUP(D68,'DESEMPATE Y DISCAPACIDAD'!D$3:$E$450,2,FALSE)=1,"N/A",IF(VLOOKUP(D68,'DESEMPATE Y DISCAPACIDAD'!D$3:$F$450,3,FALSE)="X","SI","NO"))),"") | N68: =IFERROR(IF(OR(J68="",K68=""),"",IF(J68="NO","NO",K68)),"") | O68: =IFERROR(IF(OR(J68="",L68=""),"",IF(J68="NO","NO",L68)),"") | P68: =IFERROR(IF(OR(J68="",M68=""),"",IF(J68="NO","NO",M68)),"") | Q68: =IFERROR(IF(S68="","",IF(S68>=DATE(1900,1,1),"SI","NO")),"") | U68: =IFERROR(IF(T68="","",YEAR(T68)),"") | V68: =IF(U68=2023,1160000,IFERROR(INDEX(SMMLV!$B$2:$B$101,MATCH(U68,SMMLV!$A$2:$A$101,0)),"")) | AC68: =IFERROR(IF(Y68="","",IF(ISNUMBER(Y68),IF(COUNTIF(Z68,"SI")>0,"SI","NO"),Y68)),"") | AD68: =IF(W68="","",IF(W68="N/A","N/A",W68)) | AF68: =IFERROR(IF(OR(J68="",J68="NO"),"",IF(AND(J68="SI",Q68="SI"),IFERROR(AE68*R68,""),"")),"") | AI68: =IFERROR(IF(AF68="","",IF(AF68>=CMEMM1,"CUMPLE","NO CUMPLE")),"") | CB68: =IFERROR(IF(COUNTIF(AF63:AF72,"")=10,"",IF(COUNTIF(E63:E72,"N/A")>0,IF(AF68>=CMEMM1,AF68,0),"N/A")),"") -> N/A | CD68: =IFERROR(IF(COUNTIF(AF63:AF72,"")=10,"",IF(AF68="","",IF(AF68>=CMEMM1,1,0))),"") | CE68: =B63&"-0"&6 -> P07-06 | CF68: =IFERROR(INDEX('DESEMPATE Y DISCAPACIDAD'!$D$3:$D$450,MATCH(CE68,'DESEMPATE Y DISCAPACIDAD'!$C$3:$C$450,0)),"") -> 0 | CG68: =IF(OR(CE68="",CF68=""),"",SUMIF(D63:D72,CF68,CD63:CD72)) -> 0 | CH68: =IF(OR(CE68="",CF68="",CG68=""),"",IF(CG68>0,"CUMPLE","NO CUMPLE")) -> NO CUMPLE | CI68: =IF(CF68="","",IF(ISTEXT(CF68),1,0)) -> 0 | CL68: =IF(N68="","",IF(N68="SI",1,0)) | CM68: =IF(O68="","",IF(O68="SI",1,0)) | CN68: =IF(OR(CL68="",CM68=""),"",IF(AND(CL68=0,CM68=0),"N/A",IF(AND(CL68=1,CM68=0),"COND. A",IF(AND(CL68=0,CM68=1),"COND. B",IF(AND(CL68=1,CM68=1),"COND. A Y B",""))))) | CQ68: =IF(OR(AN68="",CB68=""),"",IF(AN68="NO",CB68,0)) | CR68: =IF(OR(AN68="",AF68=""),"",IF(AN68="NO",AF68,0))
D69: =+IFERROR(INDEX('DESEMPATE Y DISCAPACIDAD'!$D$3:$D$450,MATCH(C69,'DESEMPATE Y DISCAPACIDAD'!$C$3:$C$450,0)),"") | E69: =IFERROR(IF(D69="","",IF(VLOOKUP(D69,'DESEMPATE Y DISCAPACIDAD'!D$3:$E$450,2,FALSE)=1,"N/A",IF(VLOOKUP(D69,'DESEMPATE Y DISCAPACIDAD'!D$3:$F$450,3,FALSE)="X","SI","NO"))),"") | N69: =IFERROR(IF(OR(J69="",K69=""),"",IF(J69="NO","NO",K69)),"") | O69: =IFERROR(IF(OR(J69="",L69=""),"",IF(J69="NO","NO",L69)),"") | P69: =IFERROR(IF(OR(J69="",M69=""),"",IF(J69="NO","NO",M69)),"") | Q69: =IFERROR(IF(S69="","",IF(S69>=DATE(1900,1,1),"SI","NO")),"") | U69: =IFERROR(IF(T69="","",YEAR(T69)),"") | V69: =IF(U69=2023,1160000,IFERROR(INDEX(SMMLV!$B$2:$B$101,MATCH(U69,SMMLV!$A$2:$A$101,0)),"")) | AC69: =IFERROR(IF(Y69="","",IF(ISNUMBER(Y69),IF(COUNTIF(Z69,"SI")>0,"SI","NO"),Y69)),"") | AD69: =IF(W69="","",IF(W69="N/A","N/A",W69)) | AF69: =IFERROR(IF(OR(J69="",J69="NO"),"",IF(AND(J69="SI",Q69="SI"),IFERROR(AE69*R69,""),"")),"") | AI69: =IFERROR(IF(AF69="","",IF(AF69>=CMEMM1,"CUMPLE","NO CUMPLE")),"") | CB69: =IFERROR(IF(COUNTIF(AF63:AF72,"")=10,"",IF(COUNTIF(E63:E72,"N/A")>0,IF(AF69>=CMEMM1,AF69,0),"N/A")),"") -> N/A | CD69: =IFERROR(IF(COUNTIF(AF63:AF72,"")=10,"",IF(AF69="","",IF(AF69>=CMEMM1,1,0))),"") | CE69: =B63&"-0"&7 -> P07-07 | CF69: =IFERROR(INDEX('DESEMPATE Y DISCAPACIDAD'!$D$3:$D$450,MATCH(CE69,'DESEMPATE Y DISCAPACIDAD'!$C$3:$C$450,0)),"") | CG69: =IF(OR(CE69="",CF69=""),"",SUMIF(D63:D72,CF69,CD63:CD72)) | CH69: =IF(OR(CE69="",CF69="",CG69=""),"",IF(CG69>0,"CUMPLE","NO CUMPLE")) | CI69: =IF(CF69="","",IF(ISTEXT(CF69),1,0)) | CL69: =IF(N69="","",IF(N69="SI",1,0)) | CM69: =IF(O69="","",IF(O69="SI",1,0)) | CN69: =IF(OR(CL69="",CM69=""),"",IF(AND(CL69=0,CM69=0),"N/A",IF(AND(CL69=1,CM69=0),"COND. A",IF(AND(CL69=0,CM69=1),"COND. B",IF(AND(CL69=1,CM69=1),"COND. A Y B",""))))) | CQ69: =IF(OR(AN69="",CB69=""),"",IF(AN69="NO",CB69,0)) | CR69: =IF(OR(AN69="",AF69=""),"",IF(AN69="NO",AF69,0))
D70: =+IFERROR(INDEX('DESEMPATE Y DISCAPACIDAD'!$D$3:$D$450,MATCH(C70,'DESEMPATE Y DISCAPACIDAD'!$C$3:$C$450,0)),"") | E70: =IFERROR(IF(D70="","",IF(VLOOKUP(D70,'DESEMPATE Y DISCAPACIDAD'!D$3:$E$450,2,FALSE)=1,"N/A",IF(VLOOKUP(D70,'DESEMPATE Y DISCAPACIDAD'!D$3:$F$450,3,FALSE)="X","SI","NO"))),"") | N70: =IFERROR(IF(OR(J70="",K70=""),"",IF(J70="NO","NO",K70)),"") | O70: =IFERROR(IF(OR(J70="",L70=""),"",IF(J70="NO","NO",L70)),"") | P70: =IFERROR(IF(OR(J70="",M70=""),"",IF(J70="NO","NO",M70)),"") | Q70: =IFERROR(IF(S70="","",IF(S70>=DATE(1900,1,1),"SI","NO")),"") | U70: =IFERROR(IF(T70="","",YEAR(T70)),"") | V70: =IF(U70=2023,1160000,IFERROR(INDEX(SMMLV!$B$2:$B$101,MATCH(U70,SMMLV!$A$2:$A$101,0)),"")) | AC70: =IFERROR(IF(Y70="","",IF(ISNUMBER(Y70),IF(COUNTIF(Z70,"SI")>0,"SI","NO"),Y70)),"") | AD70: =IF(W70="","",IF(W70="N/A","N/A",W70)) | AF70: =IFERROR(IF(OR(J70="",J70="NO"),"",IF(AND(J70="SI",Q70="SI"),IFERROR(AE70*R70,""),"")),"") | AI70: =IFERROR(IF(AF70="","",IF(AF70>=CMEMM1,"CUMPLE","NO CUMPLE")),"") | CB70: =IFERROR(IF(COUNTIF(AF63:AF72,"")=10,"",IF(COUNTIF(E63:E72,"N/A")>0,IF(AF70>=CMEMM1,AF70,0),"N/A")),"") -> N/A | CD70: =IFERROR(IF(COUNTIF(AF63:AF72,"")=10,"",IF(AF70="","",IF(AF70>=CMEMM1,1,0))),"") | CE70: =B63&"-0"&8 -> P07-08 | CF70: =IFERROR(INDEX('DESEMPATE Y DISCAPACIDAD'!$D$3:$D$450,MATCH(CE70,'DESEMPATE Y DISCAPACIDAD'!$C$3:$C$450,0)),"") | CG70: =IF(OR(CE70="",CF70=""),"",SUMIF(D63:D72,CF70,CD63:CD72)) | CH70: =IF(OR(CE70="",CF70="",CG70=""),"",IF(CG70>0,"CUMPLE","NO CUMPLE")) | CI70: =IF(CF70="","",IF(ISTEXT(CF70),1,0)) | CL70: =IF(N70="","",IF(N70="SI",1,0)) | CM70: =IF(O70="","",IF(O70="SI",1,0)) | CN70: =IF(OR(CL70="",CM70=""),"",IF(AND(CL70=0,CM70=0),"N/A",IF(AND(CL70=1,CM70=0),"COND. A",IF(AND(CL70=0,CM70=1),"COND. B",IF(AND(CL70=1,CM70=1),"COND. A Y B",""))))) | CQ70: =IF(OR(AN70="",CB70=""),"",IF(AN70="NO",CB70,0)) | CR70: =IF(OR(AN70="",AF70=""),"",IF(AN70="NO",AF70,0))
D71: =+IFERROR(INDEX('DESEMPATE Y DISCAPACIDAD'!$D$3:$D$450,MATCH(C71,'DESEMPATE Y DISCAPACIDAD'!$C$3:$C$450,0)),"") | E71: =IFERROR(IF(D71="","",IF(VLOOKUP(D71,'DESEMPATE Y DISCAPACIDAD'!D$3:$E$450,2,FALSE)=1,"N/A",IF(VLOOKUP(D71,'DESEMPATE Y DISCAPACIDAD'!D$3:$F$450,3,FALSE)="X","SI","NO"))),"") | N71: =IFERROR(IF(OR(J71="",K71=""),"",IF(J71="NO","NO",K71)),"") | O71: =IFERROR(IF(OR(J71="",L71=""),"",IF(J71="NO","NO",L71)),"") | P71: =IFERROR(IF(OR(J71="",M71=""),"",IF(J71="NO","NO",M71)),"") | Q71: =IFERROR(IF(S71="","",IF(S71>=DATE(1900,1,1),"SI","NO")),"") | U71: =IFERROR(IF(T71="","",YEAR(T71)),"") | V71: =IF(U71=2023,1160000,IFERROR(INDEX(SMMLV!$B$2:$B$101,MATCH(U71,SMMLV!$A$2:$A$101,0)),"")) | AC71: =IFERROR(IF(Y71="","",IF(ISNUMBER(Y71),IF(COUNTIF(Z71,"SI")>0,"SI","NO"),Y71)),"") | AD71: =IF(W71="","",IF(W71="N/A","N/A",W71)) | AF71: =IFERROR(IF(OR(J71="",J71="NO"),"",IF(AND(J71="SI",Q71="SI"),IFERROR(AE71*R71,""),"")),"") | AI71: =IFERROR(IF(AF71="","",IF(AF71>=CMEMM1,"CUMPLE","NO CUMPLE")),"") | CB71: =IFERROR(IF(COUNTIF(AF63:AF72,"")=10,"",IF(COUNTIF(E63:E72,"N/A")>0,IF(AF71>=CMEMM1,AF71,0),"N/A")),"") -> N/A | CD71: =IFERROR(IF(COUNTIF(AF63:AF72,"")=10,"",IF(AF71="","",IF(AF71>=CMEMM1,1,0))),"") | CE71: =B63&"-0"&9 -> P07-09 | CF71: =IFERROR(INDEX('DESEMPATE Y DISCAPACIDAD'!$D$3:$D$450,MATCH(CE71,'DESEMPATE Y DISCAPACIDAD'!$C$3:$C$450,0)),"") | CG71: =IF(OR(CE71="",CF71=""),"",SUMIF(D63:D72,CF71,CD63:CD72)) | CH71: =IF(OR(CE71="",CF71="",CG71=""),"",IF(CG71>0,"CUMPLE","NO CUMPLE")) | CI71: =IF(CF71="","",IF(ISTEXT(CF71),1,0)) | CL71: =IF(N71="","",IF(N71="SI",1,0)) | CM71: =IF(O71="","",IF(O71="SI",1,0)) | CN71: =IF(OR(CL71="",CM71=""),"",IF(AND(CL71=0,CM71=0),"N/A",IF(AND(CL71=1,CM71=0),"COND. A",IF(AND(CL71=0,CM71=1),"COND. B",IF(AND(CL71=1,CM71=1),"COND. A Y B",""))))) | CQ71: =IF(OR(AN71="",CB71=""),"",IF(AN71="NO",CB71,0)) | CR71: =IF(OR(AN71="",AF71=""),"",IF(AN71="NO",AF71,0))
D72: =+IFERROR(INDEX('DESEMPATE Y DISCAPACIDAD'!$D$3:$D$450,MATCH(C72,'DESEMPATE Y DISCAPACIDAD'!$C$3:$C$450,0)),"") | E72: =IFERROR(IF(D72="","",IF(VLOOKUP(D72,'DESEMPATE Y DISCAPACIDAD'!D$3:$E$450,2,FALSE)=1,"N/A",IF(VLOOKUP(D72,'DESEMPATE Y DISCAPACIDAD'!D$3:$F$450,3,FALSE)="X","SI","NO"))),"") | N72: =IFERROR(IF(OR(J72="",K72=""),"",IF(J72="NO","NO",K72)),"") | O72: =IFERROR(IF(OR(J72="",L72=""),"",IF(J72="NO","NO",L72)),"") | P72: =IFERROR(IF(OR(J72="",M72=""),"",IF(J72="NO","NO",M72)),"") | Q72: =IFERROR(IF(S72="","",IF(S72>=DATE(1900,1,1),"SI","NO")),"") | U72: =IFERROR(IF(T72="","",YEAR(T72)),"") | V72: =IF(U72=2023,1160000,IFERROR(INDEX(SMMLV!$B$2:$B$101,MATCH(U72,SMMLV!$A$2:$A$101,0)),"")) | AC72: =IFERROR(IF(Y72="","",IF(ISNUMBER(Y72),IF(COUNTIF(Z72,"SI")>0,"SI","NO"),Y72)),"") | AD72: =IF(W72="","",IF(W72="N/A","N/A",W72)) | AF72: =IFERROR(IF(OR(J72="",J72="NO"),"",IF(AND(J72="SI",Q72="SI"),IFERROR(AE72*R72,""),"")),"") | AI72: =IFERROR(IF(AF72="","",IF(AF72>=CMEMM1,"CUMPLE","NO CUMPLE")),"") | CB72: =IFERROR(IF(COUNTIF(AF63:AF72,"")=10,"",IF(COUNTIF(E63:E72,"N/A")>0,IF(AF72>=CMEMM1,AF72,0),"N/A")),"") -> N/A | CD72: =IFERROR(IF(COUNTIF(AF63:AF72,"")=10,"",IF(AF72="","",IF(AF72>=CMEMM1,1,0))),"") | CE72: =B63&"-"&10 -> P07-10 | CF72: =IFERROR(INDEX('DESEMPATE Y DISCAPACIDAD'!$D$3:$D$450,MATCH(CE72,'DESEMPATE Y DISCAPACIDAD'!$C$3:$C$450,0)),"") | CG72: =IF(OR(CE72="",CF72=""),"",SUMIF(D63:D72,CF72,CD63:CD72)) | CH72: =IF(OR(CE72="",CF72="",CG72=""),"",IF(CG72>0,"CUMPLE","NO CUMPLE")) | CI72: =IF(CF72="","",IF(ISTEXT(CF72),1,0)) | CL72: =IF(N72="","",IF(N72="SI",1,0)) | CM72: =IF(O72="","",IF(O72="SI",1,0)) | CN72: =IF(OR(CL72="",CM72=""),"",IF(AND(CL72=0,CM72=0),"N/A",IF(AND(CL72=1,CM72=0),"COND. A",IF(AND(CL72=0,CM72=1),"COND. B",IF(AND(CL72=1,CM72=1),"COND. A Y B",""))))) | CQ72: =IF(OR(AN72="",CB72=""),"",IF(AN72="NO",CB72,0)) | CR72: =IF(OR(AN72="",AF72=""),"",IF(AN72="NO",AF72,0))
A73: ="A"&B73 -> AP08 | B73: P08 | C73: P08-01 | D73: =+IFERROR(INDEX('DESEMPATE Y DISCAPACIDAD'!$D$3:$D$450,MATCH(C73,'DESEMPATE Y DISCAPACIDAD'!$C$3:$C$450,0)),"") -> AYESA INGENIERIA Y ARQUITECTURA SAU SUCURSAL COLOMBIA | E73: =IFERROR(IF(D73="","",IF(VLOOKUP(D73,'DESEMPATE Y DISCAPACIDAD'!D$3:$E$450,2,FALSE)=1,"N/A",IF(VLOOKUP(D73,'DESEMPATE Y DISCAPACIDAD'!D$3:$F$450,3,FALSE)="X","SI","NO"))),"") -> NO | F73: METRO DE PANAMÁ S.A. | G73: PANAMÁ | H73: SMP-31-2010 | I73: SERVICIOS DE GERENCIA DE PROYECTO (PROJECT MANAGEMENT) Y ASISTENCIA TÉCNICA A LA EXPLOTACIÓN DE LA LÍNEA 1 DEL METRO DE PANAMÁ | J73: SI | K73: SI | L73: NO | M73: SI | N73: =IFERROR(IF(OR(J73="",K73=""),"",IF(J73="NO","NO",K73)),"") -> SI | O73: =IFERROR(IF(OR(J73="",L73=""),"",IF(J73="NO","NO",L73)),"") -> NO | P73: =IFERROR(IF(OR(J73="",M73=""),"",IF(J73="NO","NO",M73)),"") -> SI | Q73: =IFERROR(IF(S73="","",IF(S73>=DATE(1900,1,1),"SI","NO")),"") -> SI | R73: 0.48 | S73: 40527 | T73: 42870 | U73: =IFERROR(IF(T73="","",YEAR(T73)),"") -> 2017 | V73: =IF(U73=2023,1160000,IFERROR(INDEX(SMMLV!$B$2:$B$101,MATCH(U73,SMMLV!$A$2:$A$101,0)),"")) -> 737717 | W73: N/A | X73: USD | Y73: 135 | Z73: SI | AC73: =IFERROR(IF(Y73="","",IF(ISNUMBER(Y73),IF(COUNTIF(Z73,"SI")>0,"SI","NO"),Y73)),"") -> SI | AD73: =IF(W73="","",IF(W73="N/A","N/A",W73)) -> N/A | AE73: 193432.69 | AF73: =IFERROR(IF(OR(J73="",J73="NO"),"",IF(AND(J73="SI",Q73="SI"),IFERROR(AE73*R73,""),"")),"") -> 92847.691 | AG73: =IFERROR(IF(COUNTIF(AF73:AF82,"")=10,"",IF(COUNTIF(E73:E82,"N/A")>0,IF(SUM(CB73:CB82)>=CMEM1,"CUMPLE","NO CUMPLE"),IF(SUM(AF73:AF82)>=CMEM1,"CUMPLE","NO CUMPLE"))),"") -> CUMPLE | AH73: =IF(COUNTIF(AF73:AF82,"")=10,"",IF(SUMIF(C73:C82,C73,AF73:AF82)>=CMLM1,"CUMPLE",IF(SUMIF(C73:C82,C74,AF73:AF82)>=CMLM1,"CUMPLE",IF(SUMIF(C73:C82,C75,AF73:AF82)>=CMLM1,"CUMPLE",IF(SUMIF(C73:C82,C76,AF73:AF82)>=CMLM1,"CUMPLE",IF(SUMIF(C73:C82,C77,AF73:AF82)>=CMLM1,"CUMPLE",IF(SUMIF(C73:C82,C78,AF73:AF82)>=CMLM1,"CUMPLE",IF(SUMIF(C73:C82,C79,AF73:AF82)>=CMLM1,"CUMPLE",IF(SUMIF(C73:C82,C80,AF73:AF82)>=CMLM1,"CUMPLE",IF(SUMIF(C73:C82,C81,AF73:AF82)>=CMLM1,"CUMPLE",IF(SUMIF(C73:C82,C82,AF73:AF82)>=CMLM1,"CUMPLE","NO CUMPLE"))))))))))) -> CUMPLE | AI73: =IFERROR(IF(AF73="","",IF(AF73>=CMEMM1,"CUMPLE","NO CUMPLE")),"") -> CUMPLE | AJ73: =IFERROR(IF(COUNTIF(AF73:AF82,"")=10,"",IF(COUNTIF(E73:E82,"N/A")>0,"N/A",CJ73)),"") -> CUMPLE | AK73: =IFERROR(IF(AND(COUNTIF(N73:N82,"SI")>=1,COUNTIF(O73:O82,"SI")>=1,COUNTIF(P73:P82,"SI")>=1,COUNTIF(J73:J82,"SI")<=10,CO73="CUMPLE"),"CUMPLE","NO CUMPLE"),"") -> CUMPLE | AL73: HÁBIL | AM73: =IFERROR(IF(B73<>"",IF(VLOOKUP(B73,'DESEMPATE Y DISCAPACIDAD'!$A$3:$Q$450,10,FALSE)="","",VLOOKUP(B73,'DESEMPATE Y DISCAPACIDAD'!$A$3:$Q$450,10,FALSE)+6),""),"") -> 7 | AN73: NO | AO73: SI | AP73: SI | AQ73: =IFERROR(IF(COUNTIF(AP73:AP82,"")=10,"",IF(AO73="NO",0,COUNTIF(AP73:AP82,"SI"))),"") -> 5 | AR73: =IFERROR(IF(COUNTIF(AF73:AF82,"")=10,"",IF(AO73="NO",0,IF(COUNTIF(E73:E82,"N/A")>0,SUM(CQ73:CQ82),SUM(CR73:CR82)))),"") -> 115924.27 | AS73: =IFERROR(IF(OR(COUNTIF(AF73:AF82,"")=10,AQ73="",AR73=""),"",IF(AO73="NO",0,AR73/AQ73)),"") -> 23184.854 | AU73: El proponente CONSORCIO INTERVENTOR DE OCCIDENTE aporta (5) contratos válidos para acreditar experiencia según lo solicitado en el Anexo de generalidades al Pliego de Condiciones. No obstante, en la validación de la experiencia mínima requerida por contrato de conformidad con el numeral 3.4.1 - EXIGENCIA MÍNIMA DE LA EXPERIENCIA DEL PROPONENTE, en la Nota General 4 que indica: Para proponentes individuales, el monto de cada contrato acreditable debe ser igual o superior al 10% del presupuesto oficial expresado en SMMLV del año de cierre del proceso de selección. Lo anterior teniendo en cuenta que con ello se garantiza pluralidad de los interesados en el proceso. Lo que quiere decir que debe ser igual o superior a 3.968,07. Así las cosas, se evidenció que el contrato de Orden No. 4 y No. 5, NO CUMPLEN con esta condición. Sin embargo, el proponente recibe la calificación en los aspectos técnicos de HÁBIL, toda vez que los otros (3) contratos aportados cumplen con las condiciones exigidas. | AV73: No aplica solicitud de subsane | AW73: No aplica solicitud de subsane | AX73: El proponente solicita incluir como validos los contratos de orden 4 y 5 en el promedio de los SMMLV. No aplica o no procede la observación, ya que los contratos fueron incluidos en el cálculo del promedio en SMMLV de los contratos validos aportados.(en total 5) | CB73: =IFERROR(IF(COUNTIF(AF73:AF82,"")=10,"",IF(COUNTIF(E73:E82,"N/A")>0,IF(AF73>=CMEMM1,AF73,0),"N/A")),"") -> N/A | CD73: =IFERROR(IF(COUNTIF(AF73:AF82,"")=10,"",IF(AF73="","",IF(AF73>=CMEMM1,1,0))),"") -> 1 | CE73: =B73&"-0"&1 -> P08-01 | CF73: =IFERROR(INDEX('DESEMPATE Y DISCAPACIDAD'!$D$3:$D$450,MATCH(CE73,'DESEMPATE Y DISCAPACIDAD'!$C$3:$C$450,0)),"") -> AYESA INGENIERIA Y ARQUITECTURA SAU SUCURSAL COLOMBIA | CG73: =IF(OR(CE73="",CF73=""),"",SUMIF(D73:D82,CF73,CD73:CD82)) -> 1 | CH73: =IF(OR(CE73="",CF73="",CG73=""),"",IF(CG73>0,"CUMPLE","NO CUMPLE")) -> CUMPLE | CI73: =IF(CF73="","",IF(ISTEXT(CF73),1,0)) -> 1 | CJ73: =IF(OR(CD73="",CE73="",CF73="",CG73="",CH73="",CI73=""),"",IF(COUNTIF(CH73:CH82,"CUMPLE")=COUNTIF(CI73:CI82,1),"CUMPLE","NO CUMPLE")) -> CUMPLE | CL73: =IF(N73="","",IF(N73="SI",1,0)) -> 1 | CM73: =IF(O73="","",IF(O73="SI",1,0)) -> 0 | CN73: =IF(OR(CL73="",CM73=""),"",IF(AND(CL73=0,CM73=0),"N/A",IF(AND(CL73=1,CM73=0),"COND. A",IF(AND(CL73=0,CM73=1),"COND. B",IF(AND(CL73=1,CM73=1),"COND. A Y B",""))))) -> COND. A | CO73: =IF(COUNTIF(CN73:CN82,"N/A")=10,"NO CUMPLE",IF(COUNTIF(CN73:CN82,"COND. A Y B")>1,"CUMPLE",IF(AND(COUNTIF(CN73:CN82,"COND. A")>0,COUNTIF(CN73:CN82,"COND. B")>0),"CUMPLE",IF(AND(COUNTIF(CN73:CN82,"COND. A Y B")>0,COUNTIF(CN73:CN82,"COND. A")>0),"CUMPLE",IF(AND(COUNTIF(CN73:CN82,"COND. A Y B")>0,COUNTIF(CN73:CN82,"COND. B")>0),"CUMPLE","NO CUMPLE"))))) -> CUMPLE | CQ73: =IF(OR(AN73="",CB73=""),"",IF(AN73="NO",CB73,0)) -> N/A | CR73: =IF(OR(AN73="",AF73=""),"",IF(AN73="NO",AF73,0)) -> 92847.691
